Workbook
Name 경력구분: 작성요령!$F$443:$F$445
Name 기업규모: 작성요령!$F$446:$F$448
Name 동반투자자유형: 작성요령!$C$437:$C$442
Name 법인유형: 작성요령!$F$428:$F$430
Name 여부: 작성요령!$F$391:$F$392
Name 운용사유형: 작성요령!$C$423:$C$431
Name 운용인력직무구분: 작성요령!$F$393:$F$394
Name 일반인력_경력: '3.4.2.일반운용인력 경력'!$E$11:$O$500
Name 일반인력_투자현황: '3.2.3.일반운용인력 투자현황'!$E$11:$AJ$500
Name 재직회사법인유형: 작성요령!$F$434:$F$437
Name 제안사_투자현황: '2.4.제안사 투자현황'!$D$11:$AA$1000
Name 제안사_펀드현황: '2.3.제안사 펀드현황'!$D$11:$BN$200
Name 제안서작성기준일: '1.1.제안펀드'!$F$11
Name 주식및주식연계채권: 작성요령!$F$395:$F$399
Name 참여인력_개요: '3.1.참여인력 개요'!$D$11:$AC$200
Name 참여인력구분: 작성요령!$F$388:$F$390
Name 참여인력투자법인유형: 작성요령!$F$431:$F$433
Name 출자예상내역: '1.2.출자예상내역'!$D$11:$R$50
Name 출자자유형: 작성요령!$C$404:$C$418
Name 출자자확정구분: 작성요령!$C$419:$C$422
Name 투자계정구분: 작성요령!$F$426:$F$427
Name 투자유형: 작성요령!$F$395:$F$404
Name 펀드_거래: '4.1.펀드 거래'!$A$2:$D$2000
Name 펀드_인력변경이력: '4.2.펀드 인력변경이력'!$A$2:$E$165
Name 펀드거래유형: 작성요령!$F$421:$F$425
Name 펀드법적유형: 작성요령!$C$388:$C$401
Name 펀드상태: 작성요령!$C$432:$C$436
Name 펀드유형: 작성요령!$C$402:$C$403
Name 펀드투자유형: 작성요령!$F$405:$F$407
Name 핵심인력_경력: '3.4.1.핵심운용인력 경력'!$E$11:$O$500
Name 핵심인력_재기지원_투자현황: '3.2.2.핵심운용인력 구조조정 투자현황'!$E$11:$AK$500
Name 핵심인력_투자현황: '3.2.1.핵심운용인력 투자현황'!$E$11:$AJ$500
Name 회사상태: 작성요령!$F$438:$F$441
Name 회사상태2: 작성요령!#REF!
Name 회수구분: 작성요령!$F$408:$F$410
Name 회수유형: 작성요령!$F$411:$F$420

Sheet 작성요령
A1: Ⅰ. 작성요령
A3: [공통사항]
A4: 1. 별첨(1.1~4.2) 자료 작성전 하기 사항을 반드시 숙지하여 작성 (별첨번호는 Sheet명에서 확인 가능)
A5: 2. 일자는 yyyy-mm-dd, 사업자등록번호는 000-00-00000, 법인등록번호는 000000-0000000 형식으로 입력
A6: 3. Drop down 목록이 있는 셀은 목록에서 선택
A7: 4. 'Alt+Enter'나 연이은 공백은 입력하지 말 것
A8: 5. 연록색으로 음영처리된 셀은 자동 반영되거나 고정된 값이므로 별도의 입력은 하지 말 것
A9: - 당사의 사전 허락 없이 수식을 편집한 경우는 허위사실 기재로 간주될 수 있음
A10: - 셀 서식을 수정하지 말것
A11: 6. 펀드명, 회사명 등은 정식명칭을 기입하기 바람
A12: 7. 11행부터 자료를 입력하고 1행~10행은 절대 삭제 및 수정 금지("4.1. 펀드거래", "4.2. 펀드 인력변경이력" 제외), Sheet 삭제 및 명칭변경 금지
A13: 8. 단위 : 백만원("4.1. 펀드거래"는 단위를 "원"으로 함), 천USD, %, 건
... A63: Ⅱ. 용어의 정의 등
A65: 제안서작성기준일 | C65: 44316
A66: 설립일 | C66: 제안사 법인등기부등본 상의 설립일
A67: 펀드운용업무시작일 | C67: 제안사가 펀드법적유형중 하나에 해당하는 자격을 가지고 있는 경우 해당 자격 취득일
C68: 자격이 필요 없는 경우는 조직개편일 등
C69: ※ M&A 또는 회사분할 등이 있었던 경우 변경전의 펀드운용업무시작일을 기재
A70: 운용펀드최초결성일 | C70: 펀드 투자규약(정관, 신탁계약서 등) 상에 제안사가 운용사로 기재된 펀드로서
C71: 결성일이 가장 빠른 펀드의 펀드결성일
C72: ※ M&A이전 운용 펀드와 회사분할 후 운용한 펀드는 고려하되
C73: 회사분할 이전에 청산한 펀드는 고려하지 말 것
A74: 펀드결성(예정)일 | C74: 관련 법령에 따라 감독기관에 등록한 날 또는 그 예정일.
C75: 등록이 필요없는 경우 결성총회일, 창립총회일 또는 계약체결일
A76: 펀드 | C76: ⅰ) 부동산 및 문화컨텐츠 이외 자산의 주식 또는 주식연계채권, 기업구조조정 목적(NPL 포함)에 주로 투자(프로젝트 투자 제외)하는
C77: - 「여신전문금융업법」제41조 제3항에 따른 신기술사업투자조합
C78: - 「중소기업창업 지원법」제2조 제5호에 따른 중소기업창업투자조합
C79: - 「벤처기업육성에 관한 특별조치법」제4조의3에 따른 한국벤처투자조합
C80: - 「소재·부품전문기업 등의 육성에 관한 특별조치법」제6조에 따른 소재·부품전문투자조합
C81: - 「산업발전법」(법률 제9584호 산업발전법 전부개정법률로 개정되기 전의 것을 말함) 제15조에 따라 등록된 기업구조조정조합 및 「산업발전법」제20조에 따른 기업구조개선 사모투자전문회사
C82: - 「간접투자자산운용업법」제141조에 따른 기업구조조정증권투자회사
C83: - 「기업구조조정투자회사법」제2조에 따른 기업구조조정투자회사
C84: - 「자본시장과 금융투자업에 관한 법률」제9조 제19항에 따른 사모집합투자기구 등 사모펀드(또는 이와 유사한 외국집합투자기구)
C85: - 유동화전문유한회사
A86: 펀드운용 | C86: 투자대상 발굴, 투자검토, 투자실행, 사후관리, 회수 등
A87: 약정총액 | C87: 펀드 투자규약(정관, 신탁계약서 등)에 따라 각 출자자가 출자이행을 확약한 총액
C88: 헤지펀드 등 펀드 투자규약(정관, 신탁계약서 등) 상에 약정총액이 정해지지 않은 경우에는 제안사가 펀드운용 목적 달성을 위해 판단하고 있는 펀드설정원본
A89: 납입총액 | C89: 약정총액(또는 펀드설정원본) 한도 내에서 출자자가 펀드에 실제 납입한 금액
A90: 투자기간종료(예정)일 | C90: 펀드 투자규약(정관, 신탁계약서 등) 상에 기재된 투자기간 종료(예정)일.
C91: 프로젝트 펀드 등 펀드 투자규약(정관, 신탁계약서 등) 상에 투자기간이 정해지지 않은 경우에는 제안사가 펀드운용 목적 달성을 위해 판단하고 있는 투자기간의 종료(예정)일
A92: 펀드해산(예정)일 | C92: 출자자총회에서 의결된 해산일. 또는 투자규약(정관, 신탁계약서 등) 상의 해산 예정일
A93: 펀드 유형 | B93: 블라인드펀드 | C93: 투자대상이 확정되지 않은 펀드
B94: 프로젝트펀드 | C94: 투자대상이 확정되어 있는 펀드
A95: 펀드 상태 | B95: 결성예정 | C95: 제3자로부터 Contest 방식에 의해 펀드운용사로 선정되어 출자자를 모집하고 있는 경우 (예시 : 한국성장금융, 한국벤처투자, 국민연금, 한국산업은행, 군인공제회, 사학연금, 우정사업본부 등 출자회사(기관)의 공모방식 사업 등에 선정되었을 경우)
B96: 운용예정 | C96: 출자자 구성을 완료하고 투자규약(정관, 신탁계약서 등)은 체결되었으나 출자금 납입이 없는 경우
B97: 운용중 | C97: 펀드결성일의 기준에 따라 펀드를 결성한 경우로서 납입출자금이 있는 경우
B98: 청산중 | C98: 해산 후 청산절차를 진행중인 경우
B99: 청산료 | C99: 청산 절차를 완료한 경우
A100: 법인 유형 | B100: 국내설립법인 | C100: 본점 소재지가 국내인 법인 및 국내에 법인 등기한 외국법인의 국내 지사
B101: 해외현지법인 | C101: 국내설립법인의 사업과 관련하여 동 국내설립법인이 출자한 외국법인
C102: ※ 펀드 및 고유계정 또는 운용인력이 국내설립법인과 공동 투자하여 해외출자법인이 된 경우 포함
B103: 프로젝트투자시 특수목적법인 | C103: 프로젝트 투자시의 피투자기업(SPC, 사업시행법인 등)으로써, 프로젝트 사업 수행을 주목적으로 설립되거나, 운영되는 법인
B104: 외국법인 | C104: 본점 소재지가 국외인 법인으로서 해외현지법인을 제외한 법인
B105: 기타 | C105: 법인이 아닌 경우(프로젝트 투자 등 포함)
A106: 펀드 순자산 | C106: 운용중 또는 청산중 펀드에 대해 다음 식으로 계산된 금액
C107: 「(미회수투자자산 가치총액) + (예금 등 투자자산 이외 자산총액) - (미지급 등 부채총액)」
A108: 펀드추가투자 예상금액 | C108: ⅰ) 제안서작성기준일이 펀드의 투자기간종료(예정)일 이전인 경우로서
C109: ⅱ) 펀드 투자규약(정관, 신탁계약서 등)상의 투자의무비율준수 또는 펀드운용목적 달성을 위해
C110: ⅲ) 해당 펀드를 통해 추가로 투자할 계획인 금액
A111: 참여 인력 | B111: 핵심운용인력 | C111: ⅰ) 제안서작성기준일 현재 제안사에 재직중이면서
C112: ⅱ) 금번 제안펀드를 책임지고 운용할 인력으로서
C113: ⅲ) 제안펀드의 투자규약(정관, 신탁계약서 등)에 기재될 예정인 인력
C114: iv) 각 리그별 적용 요건은 다음과 같음
C115: iv-1) 일반리그(PEF, PDF) : 핵심운용인력 총 3인 이상 참여
C116: - 자격요건 : 투자경력 3년 이상 경력자 2인 이상이 핵심운용인력으로 참여하고, 투자경력 5년 이상 경력자 1인이상이 참여할 것
C117: 전체 핵심운용인력의 투자경력 평균이 4년 이상일 것
C118: iv-2) 루키리그 : 핵심운용인력 총 2인 이상 참여
C119: - 자격요건 : 투자경력 5년 이상 경력자 2인 이상이 핵심운용인력으로 참여할 것
C120: ※ 단, 기준일 이후 접수일까지 채용이 확정된 인력은 반영 가능
C121: ※ 당사가 공고 등을 통해 핵심운용인력 전체에 대해 겸임금지 조항 적용을 요구할 경우 그에 따름
B122: 일반운용인력 | C122: ⅰ) 제안서작성기준일 현재 제안사에 재직중이면서
C123: ⅱ) 핵심운용인력과 관리인력이 아닌자로서
C124: ⅲ) 당사앞 제안하는 펀드에서 투자대상기업 발굴, 투자검토, 투자실행, 사후관리, 회수 등 펀드운용 실무를 담당할 인력
B125: 관리인력 | C125: ⅰ) 제안서작성기준일 현재 제안사에 재직중이면서
C126: ⅱ) 제안펀드의 운용에는 참여하지 않으나 제안펀드를 관리(회계관리, 리스크관리 등)하는 인력
C127: ※ 참여인력별 경력요건 및 인력수는 당사가 공고등을 통해 별도로 지정한 경우 그에 따름
A128: 펀드 거래 유형 | B128: 납입 | C128: 출자자가 납입한 출자금
B129: 현금분배 | C129: 펀드 운용중 또는 청산시 출자자에게 현금으로 분배한 경우 그 금액 (원천징수 후 금액을 분배한 경우 원천징수 후 금액)
B130: 현물분배 | C130: 펀드 청산시 출자자에게 현물로 분배한 경우 그 가치
B131: 성과보수 | C131: 펀드 운용중 또는 청산시 운용사에게 지급한 성과보수
B132: 가상분배 | C132: 운용중 또는 청산중인 펀드의 수익률 산출을 위한 가상의 거래로 펀드 순자산을 출자자 앞 분배하는 것으로 가정한 금액이며, 가상분배일자는 제안서작성기준일을 입력
A133: 투자 기업 규모 | B133: 판단시점 | C133: 투자한 시점 기준으로 판단
B134: 중소기업 | C134: 중소기업기본법 제2조 제1항의 중소기업
B135: 중견기업 | C135: 중견기업 성장촉진 및 경쟁력 강화에 관한 특별법 제2조 제1호의 중견기업
B136: 대기업 | C136: 독점규제 및 공정거래에 관한 법률 제14조 제1항에 따른 공시대상기업집단 또는 상호출자제한기업집단에 속한 기업
A138: [작성 대상]
A139: 펀드 (별첨 2.3) | C139: ⅰ) 펀드 투자규약(정관, 신탁계약서 등) 상에 제안사가 운용사로 기재된 펀드로서
C140: ⅱ) ① 2006년 1월 1일 이후 청산완료 된 모든 펀드
C141: ② 제안서 작성기준일 현재 결성예정, 운용예정, 운용중, 청산중인 모든 펀드
C142: ※ M&A가 있었던 경우 M&A 이전에 청산한 펀드는 포함
C143: ※ 회사분할이 있었던 경우 분할 이전에 청산한 펀드는 제외
A144: 펀드계정투자 (별첨 2.4 ) | C144: ⅰ) 부동산 및 문화콘텐츠 이외의 자산이면서 주식 또는 주식연계채권, 기업구조조정 목적(NPL 포함)의 투자로서,
C145: ⅱ) 펀드계정 투자
C146: iii) 단, 기업구조조정 목적이 아닌 주식 또는 주식연계채권은 단기 수익 획득 목적 투자와 주관사 업무 및
C147: 인수업무로 인한 투자는 제외
C148: ※ 성공, 실패 사례 모두 포함
C149: iv) 별첨2.3에 기재된 펀드의 투자건 모두 기재
A150: 고유계정 투자 (별첨 2.4) | C150: ⅰ) 부동산 및 문화콘텐츠 이외의 자산이면서 주식 또는 주식연계채권, 기업구조조정 목적(NPL 포함)의 투자로서,
C151: ⅱ) 고유계정 투자
C152: iii) 단, 기업구조조정 목적이 아닌 주식 또는 주식연계채권은 단기 수익 획득 목적 투자와 주관사 업무 및
...

Sheet 1.1.제안펀드
A1: RFPID | B1: PropFundID | C1: PropGPID1 | D1: PropGPID2 | E1: PropGPID3 | F1: PropGPReportYMD | G1: FundName | H1: QualificationSelect | I1: InvestAreaSelect | J1: FundPlanContractAmt | K1: MLPReqContractAmt | L1: PropFundUsefulYears | M1: PropFundInvestYears | N1: PayInMethodSelect | O1: TargetIRR | P1: HurdleRate | Q1: PlanContingentFeeDesc | R1: PlanManagingFeeDesc | S1: PropGPName1 | T1: PropGPNo1 | U1: PropGPPlanContractAmt1 | V1: PropGPLossCoverRate1 | W1: PropGPCoreFundMgrHC1 | X1: PropGPOrdiFundMgrHC1 | Y1: PropGPName2 | Z1: PropGPNo2 | AA1: PropGPPlanContractAmt2 | AB1: PropGPLossCoverRate2 | AC1: PropGPCoreFundMgrHC2 | AD1: PropGPOrdiFundMgrHC2 | AE1: PropGPName3 | AF1: PropGPNo3 | AG1: PropGPPlanContractAmt3 | AH1: PropGPLossCoverRate3 | AI1: PropGPCoreFundMgrHC3 | AJ1: PropGPOrdiFundMgrHC3 | AK1: PropFundMgrName | AL1: PropFundMgrCompany | AM1: PropFundMgrTelNo
F3: 제안서 작성 기준일 | G3: 제안펀드 | P3: 보수 | S3: 제안사1 | Y3: 제안사2 | AE3: 제안사3 | AK3: 제안펀드 담당자
A4: 모집단위ID | B4: 제안펀드ID | C4: 제안사1_ID | D4: 제안사2_ID | E4: 제안사3_ID | G4: 펀드명 | H4: 투자기구 | I4: 신청분야 | J4: 펀드규모 | K4: 출자요청액 | L4: 존속기간 | M4: 투자기간 | N4: 납입방식 | O4: 목표 수익률 (IRR) | P4: 기준 수익률 | Q4: 성과보수제안 | R4: 관리보수제안 | S4: 회사명 | T4: 법인등록번호 | U4: 출자약정예상액 | V4: 후순위출자비율 | W4: 참여 핵심 운용 인력수 | X4: 참여 일반 운용 인력수 | Y4: 회사명 | Z4: 법인등록번호 | AA4: 출자약정예상액 | AB4: 후순위출자비율 | AC4: 참여 핵심 운용 인력수 | AD4: 참여 일반 운용 인력수 | AE4: 회사명 | AF4: 법인등록번호 | AG4: 출자약정예상액 | AH4: 후순위출자비율 | AI4: 참여 핵심 운용 인력수 | AJ4: 참여 일반 운용 인력수 | AK4: 성명 | AL4: 소속 | AM4: 연락처
F11: 44316 | G11: 000 펀드 | H11: 기업재무안정사모투자전문회사 | I11: 기업구조혁신펀드 | J11: 25000 | K11: 12500 | L11: 10 | M11: 5 | N11: 수시납 | O11: oo% | P11: 0 | S11: 가인베스트먼트 | T11: 000000-0000000 | U11: 10000 | V11: 0 | W11: 3 | X11: 2 | Y11: 나인베스트먼트 | Z11: 000000-0000000 | AB11: 0 | AC11: 3 | AD11: 2 | AK11: 홍길동 | AL11: 가인베스트먼트 | AM11: 070-2222-2222

Sheet 1.2.출자예상내역
A1: RFPID | B1: PropFundID | C1: LineNum | D1: FundMemberType | E1: FundMemberName | F1: CommitStatus | G1: FundingAmt | H1: 1stRate | I1: 1stAmt | J1: 2ndRate | K1: 2ndAmt | L1: 3rdRate | M1: 3rdAmt | P1: LossCoverRate | Q1: LossCoverAmt | R1: Remark | S1: Remark2
A4: 모집단위ID | B4: 제안펀드ID | C4: 순번 | D4: 출자자유형 | E4: 출자자명 | F4: 출자확정구분 | G4: 출자약정예상액 | H4: 출자예상액 형태 | P4: 우선손실충당비율 (약정총액 대비) | Q4: 우선손실충당예상액 | R4: 비고 | S4: 비고
H5: 선순위 | J5: 중순위 | L5: 후순위
H6: 비율 | I6: 금액 | J6: 비율 | K6: 금액 | L6: 비율 | M6: 금액
D11: 기업구조혁신펀드 | E11: 기업구조혁신펀드(III) | F11: 미정
D12: 제안사 | E12: OOOO인베스트먼트㈜ | F12: 운용사
D13: 기타 | E13: 00대학교 산학협력단 | F13: LOC
D14: 제안사계열사 | E14: 00개발㈜ | F14: LOI
D15: 일반기업 | E15: 00증권㈜ | F15: LOI
D16: 일반기업 | E16: ㈜00홀딩스 | F16: LOI
D17: 일반기업 | E17: ㈜00기업 | F17: LOI
Q21: =IF(OR(ISBLANK(P21),0),"",$G$51*P21)
Q22: =IF(OR(ISBLANK(P22),0),"",$G$51*P22)
Q23: =IF(OR(ISBLANK(P23),0),"",$G$51*P23)
Q24: =IF(OR(ISBLANK(P24),0),"",$G$51*P24)
Q25: =IF(OR(ISBLANK(P25),0),"",$G$51*P25)
Q26: =IF(OR(ISBLANK(P26),0),"",$G$51*P26)
Q27: =IF(OR(ISBLANK(P27),0),"",$G$51*P27)
Q28: =IF(OR(ISBLANK(P28),0),"",$G$51*P28)
Q29: =IF(OR(ISBLANK(P29),0),"",$G$51*P29)
Q30: =IF(OR(ISBLANK(P30),0),"",$G$51*P30)
Q31: =IF(OR(ISBLANK(P31),0),"",$G$51*P31)
Q32: =IF(OR(ISBLANK(P32),0),"",$G$51*P32)
... Q50: =IF(OR(ISBLANK(P50),0),"",$G$51*P50)
D51: 계 | G51: =SUM(G11:G50) -> 0 | H51: =SUM(H11:H50) -> 0 | I51: =SUM(I11:I50) -> 0 | J51: =SUM(J11:J50) -> 0 | K51: =SUM(K11:K50) -> 0 | L51: =SUM(L11:L50) -> 0 | M51: =SUM(M11:M50) -> 0 | N51: =SUM(N11:N50) -> 0 | ... Q51: =SUM(Q11:Q50) -> 0 | R51: =IF(G51='1.1.제안펀드'!J11,"","차이 확인필요") -> 차이 확인필요 | S51: =IF(H51+J51+L51+N51=100%,"","출자형태100% 확인필요") -> 출자형태100% 확인필요
Q52: =IF(OR(ISBLANK(P52),0),"",G52*P52)
Q53: =IF(OR(ISBLANK(P53),0),"",G53*P53)
Q54: =IF(OR(ISBLANK(P54),0),"",G54*P54)
Q55: =IF(OR(ISBLANK(P55),0),"",G55*P55)
Q56: =IF(OR(ISBLANK(P56),0),"",G56*P56)
Q57: =IF(OR(ISBLANK(P57),0),"",G57*P57)
Q58: =IF(OR(ISBLANK(P58),0),"",G58*P58)
Q59: =IF(OR(ISBLANK(P59),0),"",G59*P59)
Q60: =IF(OR(ISBLANK(P60),0),"",G60*P60)
Q61: =IF(OR(ISBLANK(P61),0),"",G61*P61)
Q62: =IF(OR(ISBLANK(P62),0),"",G62*P62)
Q63: =IF(OR(ISBLANK(P63),0),"",G63*P63)
... Q955: =IF(OR(ISBLANK(P955),0),"",G955*P955)

Sheet 2.1.제안사 개요
A1: RFPID | B1: GPID | C1: GPNAME | D1: CompanyNo | E1: CompanySSN | F1: CEO | G1: GPType | H1: FoundationYMD | I1: FundMngBegYMD | J1: FundBegRegisterYMD | K1: ZipCode | L1: Addr | M1: Addr2 | N1: HeadCount | O1: FundFundMgrHC | P1: ComFundMgrHC | Q1: ContactPersonName | R1: ContactPersonBuName | S1: ContactPersonJobTitle | T1: ContactPersonTelNo | U1: ContactPersonFaxNo | V1: ContactPersonMBTLTelNo | W1: ContactPersonEmail
C3: 기본정보 | H3: 업력 | K3: 주소 | N3: 인원 | Q3: 담당자
A4: 모집단위ID | B4: 운용사ID | C4: 제안사명 | D4: 법인등록번호 | E4: 사업자등록번호 | F4: 대표자명 | G4: 제안사유형 | H4: 설립일 | I4: 펀드운용업무 시작일 | J4: 운용펀드 최초결성일 | K4: 우편번호 | L4: 주소 | M4: 주소상세 | N4: 전체 인원수 | O4: 펀드운용 담당 인력수 | P4: 고유계정투자담당인력수 | Q4: 성명 | R4: 부서 | S4: 직위 | T4: 전화 | U4: 팩스 | V4: 휴대전화번호 | W4: Email
C11: 가인베스트먼트 | D11: 000000-0000000 | E11: 000-00-00000 | F11: 홍길동 | G11: 독립 PEF 운용사 | H11: 36892 | I11: 40178 | J11: 40207 | K11: 000-000 | L11: 서울 영등포구 여의도동 | M11: 34-3 대우증권빌딩 16층 산은자산운용 | N11: 50 | O11: 25 | P11: 20 | Q11: 홍길동 | R11: 관리부 | S11: 부장 | T11: 000-0000-0000 | U11: 000-0000-0000 | V11: 000-0000-0000 | W11: 000@0000.oo.oo
C14: 청산완료 펀드 (전체펀드건) | L14: 운용(결성)예정/운용중/청산중 펀드 (전체펀드건) | U14: 고유계정 투자 (전체투자건) | AC14: 펀드계정 투자 (전체투자건)
C15: 펀드수 | D15: 약정총액 | E15: 납입총액 | F15: 투자총액 | G15: 회수총액 | H15: 출자자앞 분배총액 | I15: 성과보수 지급총액 | J15: 납입총액 가중평균 펀드 수익률 (IRR) | K15: 펀드 수익율 (Multiple) | L15: 펀드수 | M15: 약정총액 | N15: 납입총액 | O15: 투자총액 | P15: 회수총액 | Q15: 출자자앞분배총액 | R15: 성과보수 지급총액 | S15: 펀드 순자산 | T15: 추가투자 예상금액 | U15: 투자건수 | V15: 투자건수 (회수료) | W15: 투자총액 | X15: 회수총액 | Y15: 미회수 투자자산투자원금 총액 | Z15: 미회수 투자자산 가치총액 | AA15: 투자금액 가중평균 수익율 | AB15: 투자금액 가중평균수익율 (회수료) | AC15: 투자건수 | AD15: 투자건수 (회수료) | AE15: 투자총액 | AF15: 회수총액 | AG15: 미회수 투자자산투자원금 총액 | AH15: 미회수 투자자산가치총액 | AI15: 투자금액 가중수익율 | AJ15: 투자금액 가중평균 수익율 (회수료)
C16: =SUMPRODUCT( (OFFSET(제안사_펀드현황,0,2,ROWS(제안사_펀드현황),1)="청산료")*1 ) -> 2 | D16: =SUMPRODUCT( (OFFSET(제안사_펀드현황,0,2,ROWS(제안사_펀드현황),1)="청산료")*1, OFFSET(제안사_펀드현황,0,8,ROWS(제안사_펀드현황),1) ) -> 13000 | E16: =SUMPRODUCT( (OFFSET(제안사_펀드현황,0,2,ROWS(제안사_펀드현황),1)="청산료")*1, OFFSET(제안사_펀드현황,0,9,ROWS(제안사_펀드현황),1) ) -> 13000 | F16: =SUMPRODUCT( (OFFSET(제안사_펀드현황,0,2,ROWS(제안사_펀드현황),1)="청산료")*1, OFFSET(제안사_펀드현황,0,20,ROWS(제안사_펀드현황),1) ) -> 14999.991 | G16: =SUMPRODUCT( (OFFSET(제안사_펀드현황,0,2,ROWS(제안사_펀드현황),1)="청산료")*1, OFFSET(제안사_펀드현황,0,21,ROWS(제안사_펀드현황),1) ) -> 6450 | H16: =SUMPRODUCT( (OFFSET(제안사_펀드현황,0,2,ROWS(제안사_펀드현황),1)="청산료")*1, OFFSET(제안사_펀드현황,0,24,ROWS(제안사_펀드현황),1) ) -> 20290 | I16: =SUMPRODUCT( (OFFSET(제안사_펀드현황,0,2,ROWS(제안사_펀드현황),1)="청산료")*1, OFFSET(제안사_펀드현황,0,25,ROWS(제안사_펀드현황),1) ) -> 0 | J16: =SUMPRODUCT( (OFFSET(제안사_펀드현황,0,2,ROWS(제안사_펀드현황),1)="청산료")*1, OFFSET(제안사_펀드현황,0,9,ROWS(제안사_펀드현황),1), OFFSET(제안사_펀드현황,0,17,ROWS(제안사_펀드현황),1) )/E16 -> 0.12401534 | K16: =(H16+I16)/E16 -> 1.5607692 | L16: =SUMPRODUCT( (OFFSET(제안사_펀드현황,0,2,ROWS(제안사_펀드현황),1)<>"청산료")*1, (OFFSET(제안사_펀드현황,0,2,ROWS(제안사_펀드현황),1)<>"")*1 ) -> 1 | M16: =SUMPRODUCT( (OFFSET(제안사_펀드현황,0,2,ROWS(제안사_펀드현황),1)<>"청산료")*1, (OFFSET(제안사_펀드현황,0,2,ROWS(제안사_펀드현황),1)<>"")*1, OFFSET(제안사_펀드현황,0,8,ROWS(제안사_펀드현황),1) ) -> 10000 | N16: =SUMPRODUCT( (OFFSET(제안사_펀드현황,0,2,ROWS(제안사_펀드현황),1)<>"청산료")*1, (OFFSET(제안사_펀드현황,0,2,ROWS(제안사_펀드현황),1)<>"")*1, OFFSET(제안사_펀드현황,0,9,ROWS(제안사_펀드현황),1) ) -> 10000 | O16: =SUMPRODUCT( (OFFSET(제안사_펀드현황,0,2,ROWS(제안사_펀드현황),1)<>"청산료")*1, (OFFSET(제안사_펀드현황,0,2,ROWS(제안사_펀드현황),1)<>"")*1, OFFSET(제안사_펀드현황,0,20,ROWS(제안사_펀드현황),1) ) -> 4000 | P16: =SUMPRODUCT( (OFFSET(제안사_펀드현황,0,2,ROWS(제안사_펀드현황),1)<>"청산료")*1, (OFFSET(제안사_펀드현황,0,2,ROWS(제안사_펀드현황),1)<>"")*1, OFFSET(제안사_펀드현황,0,21,ROWS(제안사_펀드현황),1) ) -> 0 | Q16: =SUMPRODUCT( (OFFSET(제안사_펀드현황,0,2,ROWS(제안사_펀드현황),1)<>"청산료")*1, (OFFSET(제안사_펀드현황,0,2,ROWS(제안사_펀드현황),1)<>"")*1, OFFSET(제안사_펀드현황,0,24,ROWS(제안사_펀드현황),1) ) -> 15600 | R16: =SUMPRODUCT( (OFFSET(제안사_펀드현황,0,2,ROWS(제안사_펀드현황),1)<>"청산료")*1, (OFFSET(제안사_펀드현황,0,2,ROWS(제안사_펀드현황),1)<>"")*1, OFFSET(제안사_펀드현황,0,25,ROWS(제안사_펀드현황),1) ) -> 0 | S16: =SUMPRODUCT( (OFFSET(제안사_펀드현황,0,2,ROWS(제안사_펀드현황),1)<>"청산료")*1, (OFFSET(제안사_펀드현황,0,2,ROWS(제안사_펀드현황),1)<>"")*1, OFFSET(제안사_펀드현황,0,30,ROWS(제안사_펀드현황),1) ) -> 2020 | T16: =SUMPRODUCT( (OFFSET(제안사_펀드현황,0,2,ROWS(제안사_펀드현황),1)<>"청산료")*1, (OFFSET(제안사_펀드현황,0,2,ROWS(제안사_펀드현황),1)<>"")*1, OFFSET(제안사_펀드현황,0,31,ROWS(제안사_펀드현황),1) ) -> 0 | U16: =SUMPRODUCT( (OFFSET(제안사_투자현황,0,0,ROWS(제안사_투자현황),1)="고유계정")*1 ) -> 2 | V16: =SUMPRODUCT( (OFFSET(제안사_투자현황,0,0,ROWS(제안사_투자현황),1)="고유계정")*1, (OFFSET(제안사_투자현황,0,9,ROWS(제안사_투자현황),1)="회수료")*1 ) -> 1 | W16: =SUMPRODUCT( (OFFSET(제안사_투자현황,0,0,ROWS(제안사_투자현황),1)="고유계정")*1, OFFSET(제안사_투자현황,0,8,ROWS(제안사_투자현황),1) ) -> 2000 | X16: =SUMPRODUCT( (OFFSET(제안사_투자현황,0,0,ROWS(제안사_투자현황),1)="고유계정")*1, OFFSET(제안사_투자현황,0,13,ROWS(제안사_투자현황),1) ) -> 1000 | Y16: =SUMPRODUCT( (OFFSET(제안사_투자현황,0,0,ROWS(제안사_투자현황),1)="고유계정")*1, OFFSET(제안사_투자현황,0,18,ROWS(제안사_투자현황),1) ) -> 1000 | Z16: =SUMPRODUCT( (OFFSET(제안사_투자현황,0,0,ROWS(제안사_투자현황),1)="고유계정")*1, OFFSET(제안사_투자현황,0,19,ROWS(제안사_투자현황),1) ) -> 1000 | AA16: =IF(W16=0,"N/A", SUMPRODUCT( (OFFSET(제안사_투자현황,0,0,ROWS(제안사_투자현황),1)="고유계정")*1, OFFSET(제안사_투자현황,0,8,ROWS(제안사_투자현황),1), OFFSET(제안사_투자현황,0,10,ROWS(제안사_투자현황),1) ) / W16) -> 0.0175 | AB16: =IF( SUMPRODUCT( (OFFSET(제안사_투자현황,0,0,ROWS(제안사_투자현황),1)="고유계정")*1, OFFSET(제안사_투자현황,0,8,ROWS(제안사_투자현황),1), (OFFSET(제안사_투자현황,0,9,ROWS(제안사_투자현황),1)="회수료")*1) = 0, "N/A", SUMPRODUCT( (OFFSET(제안사_투자현황,0,0,ROWS(제안사_투자현황),1)="고유계정")*1, OFFSET(제안사_투자현황,0,8,ROWS(제안사_투자현황),1), (OFFSET(제안사_투자현황,0,9,ROWS(제안사_투자현황),1)="회수료")*1, OFFSET(제안사_투자현황,0,10,ROWS(제안사_투자현황),1) ) / SUMPRODUCT( (OFFSET(제안사_투자현황,0,0,ROWS(제안사_투자현황),1)="고유계정")*1, OFFSET(제안사_투자현황,0,8,ROWS(제안사_투자현황),1), (OFFSET(제안사_투자현황,0,9,ROWS(제안사_투자현황),1)="회수료")*1) ) -> 0.035 | AC16: =SUMPRODUCT( (OFFSET(제안사_투자현황,0,0,ROWS(제안사_투자현황),1)="펀드계정")*1 ) -> 8 | AD16: =SUMPRODUCT( (OFFSET(제안사_투자현황,0,0,ROWS(제안사_투자현황),1)="펀드계정")*1, (OFFSET(제안사_투자현황,0,9,ROWS(제안사_투자현황),1)="회수료")*1 ) -> 2 | AE16: =SUMPRODUCT( (OFFSET(제안사_투자현황,0,0,ROWS(제안사_투자현황),1)="펀드계정")*1, OFFSET(제안사_투자현황,0,8,ROWS(제안사_투자현황),1) ) -> 18999.991 | AF16: =SUMPRODUCT( (OFFSET(제안사_투자현황,0,0,ROWS(제안사_투자현황),1)="펀드계정")*1, OFFSET(제안사_투자현황,0,13,ROWS(제안사_투자현황),1) ) -> 6450 | AG16: =SUMPRODUCT( (OFFSET(제안사_투자현황,0,0,ROWS(제안사_투자현황),1)="펀드계정")*1, OFFSET(제안사_투자현황,0,18,ROWS(제안사_투자현황),1) ) -> 13899.992 | AH16: =SUMPRODUCT( (OFFSET(제안사_투자현황,0,0,ROWS(제안사_투자현황),1)="펀드계정")*1, OFFSET(제안사_투자현황,0,19,ROWS(제안사_투자현황),1) ) -> 13364.518 | AI16: =IF(AE16=0,"N/A", SUMPRODUCT( (OFFSET(제안사_투자현황,0,0,ROWS(제안사_투자현황),1)="펀드계정")*1, OFFSET(제안사_투자현황,0,8,ROWS(제안사_투자현황),1), OFFSET(제안사_투자현황,0,10,ROWS(제안사_투자현황),1) ) / AE16) -> 0.0063157893 | AJ16: =IF( SUMPRODUCT( (OFFSET(제안사_투자현황,0,0,ROWS(제안사_투자현황),1)="펀드계정")*1, OFFSET(제안사_투자현황,0,8,ROWS(제안사_투자현황),1), (OFFSET(제안사_투자현황,0,9,ROWS(제안사_투자현황),1)="회수료")*1) = 0, "N/A", SUMPRODUCT( (OFFSET(제안사_투자현황,0,0,ROWS(제안사_투자현황),1)="펀드계정")*1, OFFSET(제안사_투자현황,0,8,ROWS(제안사_투자현황),1), (OFFSET(제안사_투자현황,0,9,ROWS(제안사_투자현황),1)="회수료")*1, OFFSET(제안사_투자현황,0,10,ROWS(제안사_투자현황),1) ) / SUMPRODUCT( (OFFSET(제안사_투자현황,0,0,ROWS(제안사_투자현황),1)="펀드계정")*1, OFFSET(제안사_투자현황,0,8,ROWS(제안사_투자현황),1), (OFFSET(제안사_투자현황,0,9,ROWS(제안사_투자현황),1)="회수료")*1) ) -> 0.029999992
C19: 최초결성운용펀드명칭 | E19: 최초결성운용펀드개요 | K19: 최초결성운용펀드규모 | M19: 최초결성운용펀드 존속기간
C20: 최초결성 운용펀드명 | D20: 펀드 사업자 등록번호 | E20: 펀드 상태 | F20: 펀드법적유형 | G20: 펀드유형 (투자대상확정여부) | H20: 펀드결성목적 또는 주요투자대상 | I20: 투자기업의 주된 법인유형 | J20: 펀드의 주된 투자유형 | K20: 약정 총액 | L20: 납입 총액 | M20: 결성(예정)일 | N20: 투자기간 종료(예정)일 | O20: 해산(예정)일 | P20: 기간(연)
C21: 펀드1호 | D21: 000-00-00000 | E21: 청산료 | F21: 중소기업창업투자조합 | G21: 블라인드펀드 | H21: 일반 중소기업 | I21: 국내설립법인 또는 해외현지법인 | J21: 주식 또는 주식연계채권 | K21: 2000 | L21: 2000 | M21: =J11 -> 40207 | N21: 40572 | O21: 40937 | P21: =IF(ISBLANK(M21),"",DATEDIF(M21,O21,"d")/365) -> 2
C24: 주요주주 현황
C25: 주주명 | D25: 지분율(%) | E25: 최대주주와의 관계 | H25: 비고
C36: 합계 | D36: 1

Sheet 2.2.제안사 재무현황
A1: RFPID | B1: GPID | C1: FYearEndYMD | D1: Assets | E1: CurrentAssets | F1: Liabilities | G1: CurrentLiabilities | H1: Equity | I1: CapitalStock | J1: Sales | K1: COS | L1: NetIncome | M1: CurrentRatio | N1: DebtRatio | O1: CapitalDeficitRatio | P1: OperatingProfitRatio | Q1: ReturnOnEquity
A4: 모집단위ID | B4: 운용사ID | C4: (가)결산일자 | D4: 총자산 | E4: 유동자산 | F4: 총부채 | G4: 유동부채 | H4: 자기자본(자본총계) | I4: 자본금+자본잉여금 | J4: 영업수익 | K4: 영업비용 | L4: 당기순이익 | M4: 유동비율 | N4: 부채비율 | O4: 자본충실률 | P4: 영업수지율 | Q4: 자기자본순이익률
C11: 44196 | D11: 10000 | E11: 9000 | F11: 3000 | G11: 1000 | H11: 7000 | I11: 4000 | J11: 2000 | K11: 1500 | L11: 200 | M11: =E11/G11 -> 9 | N11: =F11/H11 -> 0.42857143 | O11: =H11/I11 -> 1.75 | P11: =J11/K11 -> 1.3333333 | Q11: =L11/H11 -> 0.028571429
C12: 43830 | D12: 8000 | E12: 7000 | F12: 3000 | G12: 1000 | H12: 1000 | I12: 500 | J12: 600 | K12: 500 | L12: -100 | M12: =E12/G12 -> 7 | N12: =F12/H12 -> 3 | O12: =H12/I12 -> 2 | P12: =J12/K12 -> 1.2 | Q12: =L12/H12 -> -0.1
C13: 43465 | D13: 8000 | E13: 7000 | F13: 3000 | G13: 4000 | H13: 1000 | I13: 500 | J13: 3000 | K13: 2500 | L13: 500 | M13: =E13/G13 -> 1.75 | N13: =F13/H13 -> 3 | O13: =H13/I13 -> 2 | P13: =J13/K13 -> 1.2 | Q13: =L13/H13 -> 0.5

Sheet 2.3.제안사 펀드현황
A1: RFPID | B1: GPID | C1: Seq | D1: FundName | E1: FundCompanySSN | F1: FundStatusDesc | G1: FundTypeDesc | H1: IsInvtComFixedDesc | K1: MainInvestTargetDesc | L1: FundContractAmt | M1: FundPayInAmt | N1: RegisterYMD | O1: InvestEndYMD | P1: PropFundSettleYMD | Q1: PropFundUsefulYears | R1: HurdleRate | S1: RFPContingentFeeDesc | T1: RFPManagingFeeDesc | U1: FundIRR | V1: FundMultiple | W1: InvtComCount | X1: InvestAmt | Y1: CollectAmt | Z1: InvestBalBV | AA1: InvestBalEvalAmt | AB1: PayOutAmt | AC1: ContingentFeeAmt | AD1: PropManagingFeeAmt | AE1: OtherExpenseAmt | AF1: OtherAssetAmt | AG1: OtherDebtAmt | AH1: FundNetAmt | AI1: AddInvestPlanAmt | AJ1: CoreFundMgrName1 | AK1: CoreFundMgrBegYMD1 | AL1: CoreFundMgrEndYMD1 | AM1: IsCoreFundMgrWorking1 | AN1: CoreFundMgrName2 | AO1: CoreFundMgrBegYMD2 | AP1: CoreFundMgrEndYMD2 | AQ1: IsCoreFundMgrWorking2 | AR1: CoreFundMgrName3 | AS1: CoreFundMgrBegYMD3 | AT1: CoreFundMgrEndYMD3 | AU1: IsCoreFundMgrWorking3 | AV1: CoreFundMgrChangeNo | AX1: GPCount | AY1: GPName | AZ1: GPContractAmt | BA1: PropGPLossCoverAmt | BB1: JointGPName1 | BC1: JointGPPayInAmt1 | BD1: JointGPLossCoverAmt1 | BE1: JointGPName2 | BF1: JointGPPayInAmt2 | BG1: JointGPLossCoverAmt2 | BH1: LPName1 | BI1: LPPayInAmt1 | BJ1: LPName2 | BK1: LPPayInAmt2 | BL1: LPName3 | BM1: LPPayInAmt3 | BN1: OtherLPPayInAmt
D3: 펀드명칭 | F3: 펀드개요 | L3: 펀드규모 | N3: 펀드 존속기간 | R3: 보수 | U3: 펀드수익율 | W3: 투자 및 회수 | Z3: 미회수투자자산 | AB3: 분배 및 비용 | AF3: 예금 등 투자자산 이외 자산총액 | AG3: 미지급등 부채총액 | AH3: 펀드 순자산 | AI3: 추가투자 예상금액 | AJ3: 핵심운용인력1 | AN3: 핵심운용인력2 | AR3: 핵심운용인력3 | AV3: 핵심운용인력유지율 | AY3: 제안사출자 | BB3: 공동운용사1출자 | BE3: 공동운용사2출자 | BH3: 투자자1 출자 | BJ3: 투자자2 출자 | BL3: 투자자3 출자 | BN3: 기타투자자 출자 약정액
A4: 모집단위ID | B4: 운용사ID | C4: 일련번호 | D4: 펀드명 | E4: 펀드 사업자 등록번호 | F4: 펀드 상태 | G4: 펀드법적유형 | H4: 펀드유형(투자대상확정여부) | I4: 펀드결성목적 또는 주요투자대상 | J4: 투자기업의 주된 법인유형 | K4: 펀드의 주된 투자유형 | L4: 약정 총액 | M4: 납입 총액 | N4: 결성(예정)일 | O4: 투자기간 종료(예정)일 | P4: 해산(예정)일 | Q4: 기간(연) | R4: 기준 수익률 | S4: 성과보수 | T4: 관리보수 | U4: IRR | V4: Multiple | W4: 투자건수 | X4: 투자 총액 | Y4: 회수 총액 | Z4: 투자 원금 총액 | AA4: 가치 총액 | AB4: 출자자앞 분배총액 | AC4: 성과보수지급총액 | AD4: 관리보수 지급총액 | AE4: 기타비용 지급총액 | AJ4: 성명 | AK4: 시작일 | AL4: 종료일 | AM4: 재직여부 | AN4: 성명 | AO4: 시작일 | AP4: 종료일 | AQ4: 재직여부 | AR4: 성명 | AS4: 시작일 | AT4: 종료일 | AU4: 재직여부 | AV4: 펀드설립시 핵심운용인력수 | AW4: 핵심운용인력유출횟수 | AX4: 유지율 | AY4: 제안사명 | AZ4: 약정액 | BA4: 우선손실 충당액 | BB4: 운용사명 | BC4: 약정액 | BD4: 우선손실 충당액 | BE4: 운용사명 | BF4: 약정액 | BG4: 우선손실 충당액 | BH4: 출자자명 | BI4: 약정액 | BJ4: 출자자명 | BK4: 약정액 | BL4: 출자자명 | BM4: 약정액
D11: 펀드1호 | E11: 000-00-00000 | F11: 청산료 | G11: 중소기업창업투자조합 | H11: 블라인드펀드 | I11: 일반 중소기업 | J11: 국내설립법인 또는 해외현지법인 | K11: 주식 또는 주식연계채권 | L11: 3000 | M11: 3000 | N11: 38342 | O11: 39448 | P11: 40556 | Q11: =IF(ISBLANK(N11),"",DATEDIF(N11,P11,"d")/365) -> 6.0657534 | R11: 0.1 | S11: 초과수익의 20% | T11: 초기3년 약정액의 3.0%, 잔여기간 투자잔액의 3.0% | U11: =IF(ISBLANK($D11), "", IF( ISERROR( XIRR( OFFSET(펀드_거래,MATCH($D11,OFFSET(펀드_거래,0,0,ROWS(펀드_거래),1),0)-1,2,COUNTIF(펀드_거래,$D11),1), OFFSET(펀드_거래,MATCH($D11,OFFSET(펀드_거래,0,0,ROWS(펀드_거래),1),0)-1,3,COUNTIF(펀드_거래,$D11),1) ) ), "N/A", XIRR( OFFSET(펀드_거래,MATCH($D11,OFFSET(펀드_거래,0,0,ROWS(펀드_거래),1),0)-1,2,COUNTIF(펀드_거래,$D11),1), OFFSET(펀드_거래,MATCH($D11,OFFSET(펀드_거래,0,0,ROWS(펀드_거래),1),0)-1,3,COUNTIF(펀드_거래,$D11),1), IF(SUM(OFFSET(펀드_거래,MATCH($D11,OFFSET(펀드_거래,0,0,ROWS(펀드_거래),1),0)-1,2,COUNTIF(펀드_거래,$D11),1))>0, 1%, -1%) ) ) ) -> 0.32589252 | V11: =IF( ISBLANK($D11), "", IF(ISNUMBER(M11), (AA11+AB11+AC11+AF11-AG11)/M11, "N/A") ) -> 6.566664 | W11: =IF( ISBLANK($D11), "", SUMPRODUCT( (OFFSET(제안사_투자현황,0,1,ROWS(제안사_투자현황),1)=$D11)*1, ISTEXT(OFFSET(제안사_투자현황,0,3,ROWS(제안사_투자현황),1))*1 ) ) -> 3 | X11: =IF( ISBLANK($D11), "0", SUMPRODUCT( (OFFSET(제안사_투자현황,0,1,ROWS(제안사_투자현황),1)=$D11)*1, OFFSET(제안사_투자현황,0,8,ROWS(제안사_투자현황),1)) ) -> 5999.9919 | Y11: =IF( ISBLANK($D11), "", SUMPRODUCT( (OFFSET(제안사_투자현황,0,1,ROWS(제안사_투자현황),1)=$D11)*1, OFFSET(제안사_투자현황,0,13,ROWS(제안사_투자현황),1)) ) -> 4000 | Z11: =IF( ISBLANK($D11), "", SUMPRODUCT( (OFFSET(제안사_투자현황,0,1,ROWS(제안사_투자현황),1)=$D11)*1, OFFSET(제안사_투자현황,0,18,ROWS(제안사_투자현황),1)) ) -> 2999.9919 | AA11: =IF( ISBLANK($D11), "", SUMPRODUCT( (OFFSET(제안사_투자현황,0,1,ROWS(제안사_투자현황),1)=$D11)*1, OFFSET(제안사_투자현황,0,19,ROWS(제안사_투자현황),1)) ) -> 2999.9919 | AB11: =IF( ISBLANK($D11), "", SUMPRODUCT( (OFFSET(펀드_거래,0,0,ROWS(펀드_거래),1)=$D11)*1, (OFFSET(펀드_거래,0,1,ROWS(펀드_거래),1)="현금분배")*1, OFFSET(펀드_거래,0,2,ROWS(펀드_거래),1)/1000000 ) + SUMPRODUCT( (OFFSET(펀드_거래,0,0,ROWS(펀드_거래),1)=$D11)*1, (OFFSET(펀드_거래,0,1,ROWS(펀드_거래),1)="현물분배")*1, OFFSET(펀드_거래,0,2,ROWS(펀드_거래),1)/1000000 ) ) -> 16700 | AC11: =IF( ISBLANK($D11), "", SUMPRODUCT( (OFFSET(펀드_거래,0,0,ROWS(펀드_거래),1)=$D11)*1, (OFFSET(펀드_거래,0,1,ROWS(펀드_거래),1)="성과보수")*1, OFFSET(펀드_거래,0,2,ROWS(펀드_거래),1)/1000000) ) -> 0 | AH11: =IF( ISERROR(AA11+AF11-AG11), "", AA11+AF11-AG11 ) -> 2999.9919 | AV11: =SUMIF('4.2.펀드 인력변경이력'!A1:A19,'2.3.제안사 펀드현황'!D11,'4.2.펀드 인력변경이력'!F1:F19) -> 3 | AW11: =SUMIF('4.2.펀드 인력변경이력'!A:A,'2.3.제안사 펀드현황'!D11,'4.2.펀드 인력변경이력'!G:G) -> 1 | AX11: =IF(D11="","",IF(AW11=0,3,IF(AV11/AW11>3,3,AV11/AW11))) -> 3
D12: 펀드2호 | E12: 000-00-00001 | F12: 청산료 | G12: 기업구조조정조합 | H12: 블라인드펀드 | I12: 중소기업의 해외진출 지원 | J12: 외국법인 | K12: 주식 또는 주식연계채권 | L12: 10000 | M12: 10000 | N12: 38073 | O12: 39115 | P12: 40631 | Q12: =IF(ISBLANK(N12),"",DATEDIF(N12,P12,"d")/365) -> 7.0082192 | R12: 0.1 | S12: 초과수익의 20% | T12: 투자잔액의 3.0% | U12: =IF(ISBLANK($D12), "", IF( ISERROR( XIRR( OFFSET(펀드_거래,MATCH($D12,OFFSET(펀드_거래,0,0,ROWS(펀드_거래),1),0)-1,2,COUNTIF(펀드_거래,$D12),1), OFFSET(펀드_거래,MATCH($D12,OFFSET(펀드_거래,0,0,ROWS(펀드_거래),1),0)-1,3,COUNTIF(펀드_거래,$D12),1) ) ), "N/A", XIRR( OFFSET(펀드_거래,MATCH($D12,OFFSET(펀드_거래,0,0,ROWS(펀드_거래),1),0)-1,2,COUNTIF(펀드_거래,$D12),1), OFFSET(펀드_거래,MATCH($D12,OFFSET(펀드_거래,0,0,ROWS(펀드_거래),1),0)-1,3,COUNTIF(펀드_거래,$D12),1), IF(SUM(OFFSET(펀드_거래,MATCH($D12,OFFSET(펀드_거래,0,0,ROWS(펀드_거래),1),0)-1,2,COUNTIF(펀드_거래,$D12),1))>0, 1%, -1%) ) ) ) -> 0.063452191 | V12: =IF( ISBLANK($D12), "", IF(ISNUMBER(M12), (AA12+AB12+AC12+AF12-AG12)/M12, "N/A") ) -> 1.1934526 | W12: =IF( ISBLANK($D12), "", SUMPRODUCT( (OFFSET(제안사_투자현황,0,1,ROWS(제안사_투자현황),1)=$D12)*1, ISTEXT(OFFSET(제안사_투자현황,0,3,ROWS(제안사_투자현황),1))*1 ) ) -> 3 | X12: =IF( ISBLANK($D12), "0", SUMPRODUCT( (OFFSET(제안사_투자현황,0,1,ROWS(제안사_투자현황),1)=$D12)*1, OFFSET(제안사_투자현황,0,8,ROWS(제안사_투자현황),1)) ) -> 8999.999 | Y12: =IF( ISBLANK($D12), "", SUMPRODUCT( (OFFSET(제안사_투자현황,0,1,ROWS(제안사_투자현황),1)=$D12)*1, OFFSET(제안사_투자현황,0,13,ROWS(제안사_투자현황),1)) ) -> 2450 | Z12: =IF( ISBLANK($D12), "", SUMPRODUCT( (OFFSET(제안사_투자현황,0,1,ROWS(제안사_투자현황),1)=$D12)*1, OFFSET(제안사_투자현황,0,18,ROWS(제안사_투자현황),1)) ) -> 6900 | AA12: =IF( ISBLANK($D12), "", SUMPRODUCT( (OFFSET(제안사_투자현황,0,1,ROWS(제안사_투자현황),1)=$D12)*1, OFFSET(제안사_투자현황,0,19,ROWS(제안사_투자현황),1)) ) -> 8344.5257 | AB12: =IF( ISBLANK($D12), "", SUMPRODUCT( (OFFSET(펀드_거래,0,0,ROWS(펀드_거래),1)=$D12)*1, (OFFSET(펀드_거래,0,1,ROWS(펀드_거래),1)="현금분배")*1, OFFSET(펀드_거래,0,2,ROWS(펀드_거래),1)/1000000 ) + SUMPRODUCT( (OFFSET(펀드_거래,0,0,ROWS(펀드_거래),1)=$D12)*1, (OFFSET(펀드_거래,0,1,ROWS(펀드_거래),1)="현물분배")*1, OFFSET(펀드_거래,0,2,ROWS(펀드_거래),1)/1000000 ) ) -> 3590 | AC12: =IF( ISBLANK($D12), "", SUMPRODUCT( (OFFSET(펀드_거래,0,0,ROWS(펀드_거래),1)=$D12)*1, (OFFSET(펀드_거래,0,1,ROWS(펀드_거래),1)="성과보수")*1, OFFSET(펀드_거래,0,2,ROWS(펀드_거래),1)/1000000) ) -> 0 | AH12: =IF( ISERROR(AA12+AF12-AG12), "", AA12+AF12-AG12 ) -> 8344.5257 | AV12: =SUMIF('4.2.펀드 인력변경이력'!A1:A19,'2.3.제안사 펀드현황'!D12,'4.2.펀드 인력변경이력'!F1:F19) -> 3 | AW12: =SUMIF('4.2.펀드 인력변경이력'!A:A,'2.3.제안사 펀드현황'!D12,'4.2.펀드 인력변경이력'!G:G) -> 1 | AX12: =IF(D12="","",IF(AW12=0,3,IF(AV12/AW12>3,3,AV12/AW12))) -> 3
D13: 펀드3호 | E13: 000-00-00002 | F13: 운용중 | G13: 중소기업창업투자조합 | H13: 블라인드펀드 | I13: 아시아 지역 투자 | J13: 기타 | K13: 기타 | L13: 10000 | M13: 10000 | N13: 40633 | O13: 41729 | P13: 42893 | Q13: =IF(ISBLANK(N13),"",DATEDIF(N13,P13,"d")/365) -> 6.1917808 | R13: 0.1 | S13: 초과수익의 20% | T13: 투자잔액의 2.5% | U13: =IF(ISBLANK($D13), "", IF( ISERROR( XIRR( OFFSET(펀드_거래,MATCH($D13,OFFSET(펀드_거래,0,0,ROWS(펀드_거래),1),0)-1,2,COUNTIF(펀드_거래,$D13),1), OFFSET(펀드_거래,MATCH($D13,OFFSET(펀드_거래,0,0,ROWS(펀드_거래),1),0)-1,3,COUNTIF(펀드_거래,$D13),1) ) ), "N/A", XIRR( OFFSET(펀드_거래,MATCH($D13,OFFSET(펀드_거래,0,0,ROWS(펀드_거래),1),0)-1,2,COUNTIF(펀드_거래,$D13),1), OFFSET(펀드_거래,MATCH($D13,OFFSET(펀드_거래,0,0,ROWS(펀드_거래),1),0)-1,3,COUNTIF(펀드_거래,$D13),1), IF(SUM(OFFSET(펀드_거래,MATCH($D13,OFFSET(펀드_거래,0,0,ROWS(펀드_거래),1),0)-1,2,COUNTIF(펀드_거래,$D13),1))>0, 1%, -1%) ) ) ) -> 0.21419345 | V13: =IF( ISBLANK($D13), "", IF(ISNUMBER(M13), (AA13+AB13+AC13+AF13-AG13)/M13, "N/A") ) -> 1.762 | W13: =IF( ISBLANK($D13), "", SUMPRODUCT( (OFFSET(제안사_투자현황,0,1,ROWS(제안사_투자현황),1)=$D13)*1, ISTEXT(OFFSET(제안사_투자현황,0,3,ROWS(제안사_투자현황),1))*1 ) ) -> 2 | X13: =IF( ISBLANK($D13), "0", SUMPRODUCT( (OFFSET(제안사_투자현황,0,1,ROWS(제안사_투자현황),1)=$D13)*1, OFFSET(제안사_투자현황,0,8,ROWS(제안사_투자현황),1)) ) -> 4000 | Y13: =IF( ISBLANK($D13), "", SUMPRODUCT( (OFFSET(제안사_투자현황,0,1,ROWS(제안사_투자현황),1)=$D13)*1, OFFSET(제안사_투자현황,0,13,ROWS(제안사_투자현황),1)) ) -> 0 | Z13: =IF( ISBLANK($D13), "", SUMPRODUCT( (OFFSET(제안사_투자현황,0,1,ROWS(제안사_투자현황),1)=$D13)*1, OFFSET(제안사_투자현황,0,18,ROWS(제안사_투자현황),1)) ) -> 4000 | AA13: =IF( ISBLANK($D13), "", SUMPRODUCT( (OFFSET(제안사_투자현황,0,1,ROWS(제안사_투자현황),1)=$D13)*1, OFFSET(제안사_투자현황,0,19,ROWS(제안사_투자현황),1)) ) -> 2020 | AB13: =IF( ISBLANK($D13), "", SUMPRODUCT( (OFFSET(펀드_거래,0,0,ROWS(펀드_거래),1)=$D13)*1, (OFFSET(펀드_거래,0,1,ROWS(펀드_거래),1)="현금분배")*1, OFFSET(펀드_거래,0,2,ROWS(펀드_거래),1)/1000000 ) + SUMPRODUCT( (OFFSET(펀드_거래,0,0,ROWS(펀드_거래),1)=$D13)*1, (OFFSET(펀드_거래,0,1,ROWS(펀드_거래),1)="현물분배")*1, OFFSET(펀드_거래,0,2,ROWS(펀드_거래),1)/1000000 ) ) -> 15600 | AC13: =IF( ISBLANK($D13), "", SUMPRODUCT( (OFFSET(펀드_거래,0,0,ROWS(펀드_거래),1)=$D13)*1, (OFFSET(펀드_거래,0,1,ROWS(펀드_거래),1)="성과보수")*1, OFFSET(펀드_거래,0,2,ROWS(펀드_거래),1)/1000000) ) -> 0 | AH13: =IF( ISERROR(AA13+AF13-AG13), "", AA13+AF13-AG13 ) -> 2020 | AV13: =SUMIF('4.2.펀드 인력변경이력'!A1:A19,'2.3.제안사 펀드현황'!D13,'4.2.펀드 인력변경이력'!F1:F19) -> 3 | AW13: =SUMIF('4.2.펀드 인력변경이력'!A:A,'2.3.제안사 펀드현황'!D13,'4.2.펀드 인력변경이력'!G:G) -> 1 | AX13: =IF(D13="","",IF(AW13=0,3,IF(AV13/AW13>3,3,AV13/AW13))) -> 3
Q14: =IF(ISBLANK(N14),"",DATEDIF(N14,P14,"d")/365) | U14: =IF(ISBLANK($D14), "", IF( ISERROR( XIRR( OFFSET(펀드_거래,MATCH($D14,OFFSET(펀드_거래,0,0,ROWS(펀드_거래),1),0)-1,2,COUNTIF(펀드_거래,$D14),1), OFFSET(펀드_거래,MATCH($D14,OFFSET(펀드_거래,0,0,ROWS(펀드_거래),1),0)-1,3,COUNTIF(펀드_거래,$D14),1) ) ), "N/A", XIRR( OFFSET(펀드_거래,MATCH($D14,OFFSET(펀드_거래,0,0,ROWS(펀드_거래),1),0)-1,2,COUNTIF(펀드_거래,$D14),1), OFFSET(펀드_거래,MATCH($D14,OFFSET(펀드_거래,0,0,ROWS(펀드_거래),1),0)-1,3,COUNTIF(펀드_거래,$D14),1), IF(SUM(OFFSET(펀드_거래,MATCH($D14,OFFSET(펀드_거래,0,0,ROWS(펀드_거래),1),0)-1,2,COUNTIF(펀드_거래,$D14),1))>0, 1%, -1%) ) ) ) | V14: =IF( ISBLANK($D14), "", IF(ISNUMBER(M14), (AA14+AB14+AC14+AF14-AG14)/M14, "N/A") ) | W14: =IF( ISBLANK($D14), "", SUMPRODUCT( (OFFSET(제안사_투자현황,0,1,ROWS(제안사_투자현황),1)=$D14)*1, ISTEXT(OFFSET(제안사_투자현황,0,3,ROWS(제안사_투자현황),1))*1 ) ) | X14: =IF( ISBLANK($D14), "0", SUMPRODUCT( (OFFSET(제안사_투자현황,0,1,ROWS(제안사_투자현황),1)=$D14)*1, OFFSET(제안사_투자현황,0,8,ROWS(제안사_투자현황),1)) ) -> 0 | Y14: =IF( ISBLANK($D14), "", SUMPRODUCT( (OFFSET(제안사_투자현황,0,1,ROWS(제안사_투자현황),1)=$D14)*1, OFFSET(제안사_투자현황,0,13,ROWS(제안사_투자현황),1)) ) | Z14: =IF( ISBLANK($D14), "", SUMPRODUCT( (OFFSET(제안사_투자현황,0,1,ROWS(제안사_투자현황),1)=$D14)*1, OFFSET(제안사_투자현황,0,18,ROWS(제안사_투자현황),1)) ) | AA14: =IF( ISBLANK($D14), "", SUMPRODUCT( (OFFSET(제안사_투자현황,0,1,ROWS(제안사_투자현황),1)=$D14)*1, OFFSET(제안사_투자현황,0,19,ROWS(제안사_투자현황),1)) ) | AB14: =IF( ISBLANK($D14), "", SUMPRODUCT( (OFFSET(펀드_거래,0,0,ROWS(펀드_거래),1)=$D14)*1, (OFFSET(펀드_거래,0,1,ROWS(펀드_거래),1)="현금분배")*1, OFFSET(펀드_거래,0,2,ROWS(펀드_거래),1)/1000000 ) + SUMPRODUCT( (OFFSET(펀드_거래,0,0,ROWS(펀드_거래),1)=$D14)*1, (OFFSET(펀드_거래,0,1,ROWS(펀드_거래),1)="현물분배")*1, OFFSET(펀드_거래,0,2,ROWS(펀드_거래),1)/1000000 ) ) | AC14: =IF( ISBLANK($D14), "", SUMPRODUCT( (OFFSET(펀드_거래,0,0,ROWS(펀드_거래),1)=$D14)*1, (OFFSET(펀드_거래,0,1,ROWS(펀드_거래),1)="성과보수")*1, OFFSET(펀드_거래,0,2,ROWS(펀드_거래),1)/1000000) ) | AH14: =IF( ISERROR(AA14+AF14-AG14), "", AA14+AF14-AG14 )
Q15: =IF(ISBLANK(N15),"",DATEDIF(N15,P15,"d")/365) | U15: =IF(ISBLANK($D15), "", IF( ISERROR( XIRR( OFFSET(펀드_거래,MATCH($D15,OFFSET(펀드_거래,0,0,ROWS(펀드_거래),1),0)-1,2,COUNTIF(펀드_거래,$D15),1), OFFSET(펀드_거래,MATCH($D15,OFFSET(펀드_거래,0,0,ROWS(펀드_거래),1),0)-1,3,COUNTIF(펀드_거래,$D15),1) ) ), "N/A", XIRR( OFFSET(펀드_거래,MATCH($D15,OFFSET(펀드_거래,0,0,ROWS(펀드_거래),1),0)-1,2,COUNTIF(펀드_거래,$D15),1), OFFSET(펀드_거래,MATCH($D15,OFFSET(펀드_거래,0,0,ROWS(펀드_거래),1),0)-1,3,COUNTIF(펀드_거래,$D15),1), IF(SUM(OFFSET(펀드_거래,MATCH($D15,OFFSET(펀드_거래,0,0,ROWS(펀드_거래),1),0)-1,2,COUNTIF(펀드_거래,$D15),1))>0, 1%, -1%) ) ) ) | V15: =IF( ISBLANK($D15), "", IF(ISNUMBER(M15), (AA15+AB15+AC15+AF15-AG15)/M15, "N/A") ) | W15: =IF( ISBLANK($D15), "", SUMPRODUCT( (OFFSET(제안사_투자현황,0,1,ROWS(제안사_투자현황),1)=$D15)*1, ISTEXT(OFFSET(제안사_투자현황,0,3,ROWS(제안사_투자현황),1))*1 ) ) | X15: =IF( ISBLANK($D15), "0", SUMPRODUCT( (OFFSET(제안사_투자현황,0,1,ROWS(제안사_투자현황),1)=$D15)*1, OFFSET(제안사_투자현황,0,8,ROWS(제안사_투자현황),1)) ) -> 0 | Y15: =IF( ISBLANK($D15), "", SUMPRODUCT( (OFFSET(제안사_투자현황,0,1,ROWS(제안사_투자현황),1)=$D15)*1, OFFSET(제안사_투자현황,0,13,ROWS(제안사_투자현황),1)) ) | Z15: =IF( ISBLANK($D15), "", SUMPRODUCT( (OFFSET(제안사_투자현황,0,1,ROWS(제안사_투자현황),1)=$D15)*1, OFFSET(제안사_투자현황,0,18,ROWS(제안사_투자현황),1)) ) | AA15: =IF( ISBLANK($D15), "", SUMPRODUCT( (OFFSET(제안사_투자현황,0,1,ROWS(제안사_투자현황),1)=$D15)*1, OFFSET(제안사_투자현황,0,19,ROWS(제안사_투자현황),1)) ) | AB15: =IF( ISBLANK($D15), "", SUMPRODUCT( (OFFSET(펀드_거래,0,0,ROWS(펀드_거래),1)=$D15)*1, (OFFSET(펀드_거래,0,1,ROWS(펀드_거래),1)="현금분배")*1, OFFSET(펀드_거래,0,2,ROWS(펀드_거래),1)/1000000 ) + SUMPRODUCT( (OFFSET(펀드_거래,0,0,ROWS(펀드_거래),1)=$D15)*1, (OFFSET(펀드_거래,0,1,ROWS(펀드_거래),1)="현물분배")*1, OFFSET(펀드_거래,0,2,ROWS(펀드_거래),1)/1000000 ) ) | AC15: =IF( ISBLANK($D15), "", SUMPRODUCT( (OFFSET(펀드_거래,0,0,ROWS(펀드_거래),1)=$D15)*1, (OFFSET(펀드_거래,0,1,ROWS(펀드_거래),1)="성과보수")*1, OFFSET(펀드_거래,0,2,ROWS(펀드_거래),1)/1000000) ) | AH15: =IF( ISERROR(AA15+AF15-AG15), "", AA15+AF15-AG15 )
Q16: =IF(ISBLANK(N16),"",DATEDIF(N16,P16,"d")/365) | U16: =IF(ISBLANK($D16), "", IF( ISERROR( XIRR( OFFSET(펀드_거래,MATCH($D16,OFFSET(펀드_거래,0,0,ROWS(펀드_거래),1),0)-1,2,COUNTIF(펀드_거래,$D16),1), OFFSET(펀드_거래,MATCH($D16,OFFSET(펀드_거래,0,0,ROWS(펀드_거래),1),0)-1,3,COUNTIF(펀드_거래,$D16),1) ) ), "N/A", XIRR( OFFSET(펀드_거래,MATCH($D16,OFFSET(펀드_거래,0,0,ROWS(펀드_거래),1),0)-1,2,COUNTIF(펀드_거래,$D16),1), OFFSET(펀드_거래,MATCH($D16,OFFSET(펀드_거래,0,0,ROWS(펀드_거래),1),0)-1,3,COUNTIF(펀드_거래,$D16),1), IF(SUM(OFFSET(펀드_거래,MATCH($D16,OFFSET(펀드_거래,0,0,ROWS(펀드_거래),1),0)-1,2,COUNTIF(펀드_거래,$D16),1))>0, 1%, -1%) ) ) ) | V16: =IF( ISBLANK($D16), "", IF(ISNUMBER(M16), (AA16+AB16+AC16+AF16-AG16)/M16, "N/A") ) | W16: =IF( ISBLANK($D16), "", SUMPRODUCT( (OFFSET(제안사_투자현황,0,1,ROWS(제안사_투자현황),1)=$D16)*1, ISTEXT(OFFSET(제안사_투자현황,0,3,ROWS(제안사_투자현황),1))*1 ) ) | X16: =IF( ISBLANK($D16), "0", SUMPRODUCT( (OFFSET(제안사_투자현황,0,1,ROWS(제안사_투자현황),1)=$D16)*1, OFFSET(제안사_투자현황,0,8,ROWS(제안사_투자현황),1)) ) -> 0 | Y16: =IF( ISBLANK($D16), "", SUMPRODUCT( (OFFSET(제안사_투자현황,0,1,ROWS(제안사_투자현황),1)=$D16)*1, OFFSET(제안사_투자현황,0,13,ROWS(제안사_투자현황),1)) ) | Z16: =IF( ISBLANK($D16), "", SUMPRODUCT( (OFFSET(제안사_투자현황,0,1,ROWS(제안사_투자현황),1)=$D16)*1, OFFSET(제안사_투자현황,0,18,ROWS(제안사_투자현황),1)) ) | AA16: =IF( ISBLANK($D16), "", SUMPRODUCT( (OFFSET(제안사_투자현황,0,1,ROWS(제안사_투자현황),1)=$D16)*1, OFFSET(제안사_투자현황,0,19,ROWS(제안사_투자현황),1)) ) | AB16: =IF( ISBLANK($D16), "", SUMPRODUCT( (OFFSET(펀드_거래,0,0,ROWS(펀드_거래),1)=$D16)*1, (OFFSET(펀드_거래,0,1,ROWS(펀드_거래),1)="현금분배")*1, OFFSET(펀드_거래,0,2,ROWS(펀드_거래),1)/1000000 ) + SUMPRODUCT( (OFFSET(펀드_거래,0,0,ROWS(펀드_거래),1)=$D16)*1, (OFFSET(펀드_거래,0,1,ROWS(펀드_거래),1)="현물분배")*1, OFFSET(펀드_거래,0,2,ROWS(펀드_거래),1)/1000000 ) ) | AC16: =IF( ISBLANK($D16), "", SUMPRODUCT( (OFFSET(펀드_거래,0,0,ROWS(펀드_거래),1)=$D16)*1, (OFFSET(펀드_거래,0,1,ROWS(펀드_거래),1)="성과보수")*1, OFFSET(펀드_거래,0,2,ROWS(펀드_거래),1)/1000000) ) | AH16: =IF( ISERROR(AA16+AF16-AG16), "", AA16+AF16-AG16 )
Q17: =IF(ISBLANK(N17),"",DATEDIF(N17,P17,"d")/365) | U17: =IF(ISBLANK($D17), "", IF( ISERROR( XIRR( OFFSET(펀드_거래,MATCH($D17,OFFSET(펀드_거래,0,0,ROWS(펀드_거래),1),0)-1,2,COUNTIF(펀드_거래,$D17),1), OFFSET(펀드_거래,MATCH($D17,OFFSET(펀드_거래,0,0,ROWS(펀드_거래),1),0)-1,3,COUNTIF(펀드_거래,$D17),1) ) ), "N/A", XIRR( OFFSET(펀드_거래,MATCH($D17,OFFSET(펀드_거래,0,0,ROWS(펀드_거래),1),0)-1,2,COUNTIF(펀드_거래,$D17),1), OFFSET(펀드_거래,MATCH($D17,OFFSET(펀드_거래,0,0,ROWS(펀드_거래),1),0)-1,3,COUNTIF(펀드_거래,$D17),1), IF(SUM(OFFSET(펀드_거래,MATCH($D17,OFFSET(펀드_거래,0,0,ROWS(펀드_거래),1),0)-1,2,COUNTIF(펀드_거래,$D17),1))>0, 1%, -1%) ) ) ) | V17: =IF( ISBLANK($D17), "", IF(ISNUMBER(M17), (AA17+AB17+AC17+AF17-AG17)/M17, "N/A") ) | W17: =IF( ISBLANK($D17), "", SUMPRODUCT( (OFFSET(제안사_투자현황,0,1,ROWS(제안사_투자현황),1)=$D17)*1, ISTEXT(OFFSET(제안사_투자현황,0,3,ROWS(제안사_투자현황),1))*1 ) ) | X17: =IF( ISBLANK($D17), "0", SUMPRODUCT( (OFFSET(제안사_투자현황,0,1,ROWS(제안사_투자현황),1)=$D17)*1, OFFSET(제안사_투자현황,0,8,ROWS(제안사_투자현황),1)) ) -> 0 | Y17: =IF( ISBLANK($D17), "", SUMPRODUCT( (OFFSET(제안사_투자현황,0,1,ROWS(제안사_투자현황),1)=$D17)*1, OFFSET(제안사_투자현황,0,13,ROWS(제안사_투자현황),1)) ) | Z17: =IF( ISBLANK($D17), "", SUMPRODUCT( (OFFSET(제안사_투자현황,0,1,ROWS(제안사_투자현황),1)=$D17)*1, OFFSET(제안사_투자현황,0,18,ROWS(제안사_투자현황),1)) ) | AA17: =IF( ISBLANK($D17), "", SUMPRODUCT( (OFFSET(제안사_투자현황,0,1,ROWS(제안사_투자현황),1)=$D17)*1, OFFSET(제안사_투자현황,0,19,ROWS(제안사_투자현황),1)) ) | AB17: =IF( ISBLANK($D17), "", SUMPRODUCT( (OFFSET(펀드_거래,0,0,ROWS(펀드_거래),1)=$D17)*1, (OFFSET(펀드_거래,0,1,ROWS(펀드_거래),1)="현금분배")*1, OFFSET(펀드_거래,0,2,ROWS(펀드_거래),1)/1000000 ) + SUMPRODUCT( (OFFSET(펀드_거래,0,0,ROWS(펀드_거래),1)=$D17)*1, (OFFSET(펀드_거래,0,1,ROWS(펀드_거래),1)="현물분배")*1, OFFSET(펀드_거래,0,2,ROWS(펀드_거래),1)/1000000 ) ) | AC17: =IF( ISBLANK($D17), "", SUMPRODUCT( (OFFSET(펀드_거래,0,0,ROWS(펀드_거래),1)=$D17)*1, (OFFSET(펀드_거래,0,1,ROWS(펀드_거래),1)="성과보수")*1, OFFSET(펀드_거래,0,2,ROWS(펀드_거래),1)/1000000) ) | AH17: =IF( ISERROR(AA17+AF17-AG17), "", AA17+AF17-AG17 )
Q18: =IF(ISBLANK(N18),"",DATEDIF(N18,P18,"d")/365) | U18: =IF(ISBLANK($D18), "", IF( ISERROR( XIRR( OFFSET(펀드_거래,MATCH($D18,OFFSET(펀드_거래,0,0,ROWS(펀드_거래),1),0)-1,2,COUNTIF(펀드_거래,$D18),1), OFFSET(펀드_거래,MATCH($D18,OFFSET(펀드_거래,0,0,ROWS(펀드_거래),1),0)-1,3,COUNTIF(펀드_거래,$D18),1) ) ), "N/A", XIRR( OFFSET(펀드_거래,MATCH($D18,OFFSET(펀드_거래,0,0,ROWS(펀드_거래),1),0)-1,2,COUNTIF(펀드_거래,$D18),1), OFFSET(펀드_거래,MATCH($D18,OFFSET(펀드_거래,0,0,ROWS(펀드_거래),1),0)-1,3,COUNTIF(펀드_거래,$D18),1), IF(SUM(OFFSET(펀드_거래,MATCH($D18,OFFSET(펀드_거래,0,0,ROWS(펀드_거래),1),0)-1,2,COUNTIF(펀드_거래,$D18),1))>0, 1%, -1%) ) ) ) | V18: =IF( ISBLANK($D18), "", IF(ISNUMBER(M18), (AA18+AB18+AC18+AF18-AG18)/M18, "N/A") ) | W18: =IF( ISBLANK($D18), "", SUMPRODUCT( (OFFSET(제안사_투자현황,0,1,ROWS(제안사_투자현황),1)=$D18)*1, ISTEXT(OFFSET(제안사_투자현황,0,3,ROWS(제안사_투자현황),1))*1 ) ) | X18: =IF( ISBLANK($D18), "0", SUMPRODUCT( (OFFSET(제안사_투자현황,0,1,ROWS(제안사_투자현황),1)=$D18)*1, OFFSET(제안사_투자현황,0,8,ROWS(제안사_투자현황),1)) ) -> 0 | Y18: =IF( ISBLANK($D18), "", SUMPRODUCT( (OFFSET(제안사_투자현황,0,1,ROWS(제안사_투자현황),1)=$D18)*1, OFFSET(제안사_투자현황,0,13,ROWS(제안사_투자현황),1)) ) | Z18: =IF( ISBLANK($D18), "", SUMPRODUCT( (OFFSET(제안사_투자현황,0,1,ROWS(제안사_투자현황),1)=$D18)*1, OFFSET(제안사_투자현황,0,18,ROWS(제안사_투자현황),1)) ) | AA18: =IF( ISBLANK($D18), "", SUMPRODUCT( (OFFSET(제안사_투자현황,0,1,ROWS(제안사_투자현황),1)=$D18)*1, OFFSET(제안사_투자현황,0,19,ROWS(제안사_투자현황),1)) ) | AB18: =IF( ISBLANK($D18), "", SUMPRODUCT( (OFFSET(펀드_거래,0,0,ROWS(펀드_거래),1)=$D18)*1, (OFFSET(펀드_거래,0,1,ROWS(펀드_거래),1)="현금분배")*1, OFFSET(펀드_거래,0,2,ROWS(펀드_거래),1)/1000000 ) + SUMPRODUCT( (OFFSET(펀드_거래,0,0,ROWS(펀드_거래),1)=$D18)*1, (OFFSET(펀드_거래,0,1,ROWS(펀드_거래),1)="현물분배")*1, OFFSET(펀드_거래,0,2,ROWS(펀드_거래),1)/1000000 ) ) | AC18: =IF( ISBLANK($D18), "", SUMPRODUCT( (OFFSET(펀드_거래,0,0,ROWS(펀드_거래),1)=$D18)*1, (OFFSET(펀드_거래,0,1,ROWS(펀드_거래),1)="성과보수")*1, OFFSET(펀드_거래,0,2,ROWS(펀드_거래),1)/1000000) ) | AH18: =IF( ISERROR(AA18+AF18-AG18), "", AA18+AF18-AG18 )
Q19: =IF(ISBLANK(N19),"",DATEDIF(N19,P19,"d")/365) | U19: =IF(ISBLANK($D19), "", IF( ISERROR( XIRR( OFFSET(펀드_거래,MATCH($D19,OFFSET(펀드_거래,0,0,ROWS(펀드_거래),1),0)-1,2,COUNTIF(펀드_거래,$D19),1), OFFSET(펀드_거래,MATCH($D19,OFFSET(펀드_거래,0,0,ROWS(펀드_거래),1),0)-1,3,COUNTIF(펀드_거래,$D19),1) ) ), "N/A", XIRR( OFFSET(펀드_거래,MATCH($D19,OFFSET(펀드_거래,0,0,ROWS(펀드_거래),1),0)-1,2,COUNTIF(펀드_거래,$D19),1), OFFSET(펀드_거래,MATCH($D19,OFFSET(펀드_거래,0,0,ROWS(펀드_거래),1),0)-1,3,COUNTIF(펀드_거래,$D19),1), IF(SUM(OFFSET(펀드_거래,MATCH($D19,OFFSET(펀드_거래,0,0,ROWS(펀드_거래),1),0)-1,2,COUNTIF(펀드_거래,$D19),1))>0, 1%, -1%) ) ) ) | V19: =IF( ISBLANK($D19), "", IF(ISNUMBER(M19), (AA19+AB19+AC19+AF19-AG19)/M19, "N/A") ) | W19: =IF( ISBLANK($D19), "", SUMPRODUCT( (OFFSET(제안사_투자현황,0,1,ROWS(제안사_투자현황),1)=$D19)*1, ISTEXT(OFFSET(제안사_투자현황,0,3,ROWS(제안사_투자현황),1))*1 ) ) | X19: =IF( ISBLANK($D19), "0", SUMPRODUCT( (OFFSET(제안사_투자현황,0,1,ROWS(제안사_투자현황),1)=$D19)*1, OFFSET(제안사_투자현황,0,8,ROWS(제안사_투자현황),1)) ) -> 0 | Y19: =IF( ISBLANK($D19), "", SUMPRODUCT( (OFFSET(제안사_투자현황,0,1,ROWS(제안사_투자현황),1)=$D19)*1, OFFSET(제안사_투자현황,0,13,ROWS(제안사_투자현황),1)) ) | Z19: =IF( ISBLANK($D19), "", SUMPRODUCT( (OFFSET(제안사_투자현황,0,1,ROWS(제안사_투자현황),1)=$D19)*1, OFFSET(제안사_투자현황,0,18,ROWS(제안사_투자현황),1)) ) | AA19: =IF( ISBLANK($D19), "", SUMPRODUCT( (OFFSET(제안사_투자현황,0,1,ROWS(제안사_투자현황),1)=$D19)*1, OFFSET(제안사_투자현황,0,19,ROWS(제안사_투자현황),1)) ) | AB19: =IF( ISBLANK($D19), "", SUMPRODUCT( (OFFSET(펀드_거래,0,0,ROWS(펀드_거래),1)=$D19)*1, (OFFSET(펀드_거래,0,1,ROWS(펀드_거래),1)="현금분배")*1, OFFSET(펀드_거래,0,2,ROWS(펀드_거래),1)/1000000 ) + SUMPRODUCT( (OFFSET(펀드_거래,0,0,ROWS(펀드_거래),1)=$D19)*1, (OFFSET(펀드_거래,0,1,ROWS(펀드_거래),1)="현물분배")*1, OFFSET(펀드_거래,0,2,ROWS(펀드_거래),1)/1000000 ) ) | AC19: =IF( ISBLANK($D19), "", SUMPRODUCT( (OFFSET(펀드_거래,0,0,ROWS(펀드_거래),1)=$D19)*1, (OFFSET(펀드_거래,0,1,ROWS(펀드_거래),1)="성과보수")*1, OFFSET(펀드_거래,0,2,ROWS(펀드_거래),1)/1000000) ) | AH19: =IF( ISERROR(AA19+AF19-AG19), "", AA19+AF19-AG19 )
Q20: =IF(ISBLANK(N20),"",DATEDIF(N20,P20,"d")/365) | U20: =IF(ISBLANK($D20), "", IF( ISERROR( XIRR( OFFSET(펀드_거래,MATCH($D20,OFFSET(펀드_거래,0,0,ROWS(펀드_거래),1),0)-1,2,COUNTIF(펀드_거래,$D20),1), OFFSET(펀드_거래,MATCH($D20,OFFSET(펀드_거래,0,0,ROWS(펀드_거래),1),0)-1,3,COUNTIF(펀드_거래,$D20),1) ) ), "N/A", XIRR( OFFSET(펀드_거래,MATCH($D20,OFFSET(펀드_거래,0,0,ROWS(펀드_거래),1),0)-1,2,COUNTIF(펀드_거래,$D20),1), OFFSET(펀드_거래,MATCH($D20,OFFSET(펀드_거래,0,0,ROWS(펀드_거래),1),0)-1,3,COUNTIF(펀드_거래,$D20),1), IF(SUM(OFFSET(펀드_거래,MATCH($D20,OFFSET(펀드_거래,0,0,ROWS(펀드_거래),1),0)-1,2,COUNTIF(펀드_거래,$D20),1))>0, 1%, -1%) ) ) ) | V20: =IF( ISBLANK($D20), "", IF(ISNUMBER(M20), (AA20+AB20+AC20+AF20-AG20)/M20, "N/A") ) | W20: =IF( ISBLANK($D20), "", SUMPRODUCT( (OFFSET(제안사_투자현황,0,1,ROWS(제안사_투자현황),1)=$D20)*1, ISTEXT(OFFSET(제안사_투자현황,0,3,ROWS(제안사_투자현황),1))*1 ) ) | X20: =IF( ISBLANK($D20), "0", SUMPRODUCT( (OFFSET(제안사_투자현황,0,1,ROWS(제안사_투자현황),1)=$D20)*1, OFFSET(제안사_투자현황,0,8,ROWS(제안사_투자현황),1)) ) -> 0 | Y20: =IF( ISBLANK($D20), "", SUMPRODUCT( (OFFSET(제안사_투자현황,0,1,ROWS(제안사_투자현황),1)=$D20)*1, OFFSET(제안사_투자현황,0,13,ROWS(제안사_투자현황),1)) ) | Z20: =IF( ISBLANK($D20), "", SUMPRODUCT( (OFFSET(제안사_투자현황,0,1,ROWS(제안사_투자현황),1)=$D20)*1, OFFSET(제안사_투자현황,0,18,ROWS(제안사_투자현황),1)) ) | AA20: =IF( ISBLANK($D20), "", SUMPRODUCT( (OFFSET(제안사_투자현황,0,1,ROWS(제안사_투자현황),1)=$D20)*1, OFFSET(제안사_투자현황,0,19,ROWS(제안사_투자현황),1)) ) | AB20: =IF( ISBLANK($D20), "", SUMPRODUCT( (OFFSET(펀드_거래,0,0,ROWS(펀드_거래),1)=$D20)*1, (OFFSET(펀드_거래,0,1,ROWS(펀드_거래),1)="현금분배")*1, OFFSET(펀드_거래,0,2,ROWS(펀드_거래),1)/1000000 ) + SUMPRODUCT( (OFFSET(펀드_거래,0,0,ROWS(펀드_거래),1)=$D20)*1, (OFFSET(펀드_거래,0,1,ROWS(펀드_거래),1)="현물분배")*1, OFFSET(펀드_거래,0,2,ROWS(펀드_거래),1)/1000000 ) ) | AC20: =IF( ISBLANK($D20), "", SUMPRODUCT( (OFFSET(펀드_거래,0,0,ROWS(펀드_거래),1)=$D20)*1, (OFFSET(펀드_거래,0,1,ROWS(펀드_거래),1)="성과보수")*1, OFFSET(펀드_거래,0,2,ROWS(펀드_거래),1)/1000000) ) | AH20: =IF( ISERROR(AA20+AF20-AG20), "", AA20+AF20-AG20 )
Q21: =IF(ISBLANK(N21),"",DATEDIF(N21,P21,"d")/365) | U21: =IF(ISBLANK($D21), "", IF( ISERROR( XIRR( OFFSET(펀드_거래,MATCH($D21,OFFSET(펀드_거래,0,0,ROWS(펀드_거래),1),0)-1,2,COUNTIF(펀드_거래,$D21),1), OFFSET(펀드_거래,MATCH($D21,OFFSET(펀드_거래,0,0,ROWS(펀드_거래),1),0)-1,3,COUNTIF(펀드_거래,$D21),1) ) ), "N/A", XIRR( OFFSET(펀드_거래,MATCH($D21,OFFSET(펀드_거래,0,0,ROWS(펀드_거래),1),0)-1,2,COUNTIF(펀드_거래,$D21),1), OFFSET(펀드_거래,MATCH($D21,OFFSET(펀드_거래,0,0,ROWS(펀드_거래),1),0)-1,3,COUNTIF(펀드_거래,$D21),1), IF(SUM(OFFSET(펀드_거래,MATCH($D21,OFFSET(펀드_거래,0,0,ROWS(펀드_거래),1),0)-1,2,COUNTIF(펀드_거래,$D21),1))>0, 1%, -1%) ) ) ) | V21: =IF( ISBLANK($D21), "", IF(ISNUMBER(M21), (AA21+AB21+AC21+AF21-AG21)/M21, "N/A") ) | W21: =IF( ISBLANK($D21), "", SUMPRODUCT( (OFFSET(제안사_투자현황,0,1,ROWS(제안사_투자현황),1)=$D21)*1, ISTEXT(OFFSET(제안사_투자현황,0,3,ROWS(제안사_투자현황),1))*1 ) ) | X21: =IF( ISBLANK($D21), "0", SUMPRODUCT( (OFFSET(제안사_투자현황,0,1,ROWS(제안사_투자현황),1)=$D21)*1, OFFSET(제안사_투자현황,0,8,ROWS(제안사_투자현황),1)) ) -> 0 | Y21: =IF( ISBLANK($D21), "", SUMPRODUCT( (OFFSET(제안사_투자현황,0,1,ROWS(제안사_투자현황),1)=$D21)*1, OFFSET(제안사_투자현황,0,13,ROWS(제안사_투자현황),1)) ) | Z21: =IF( ISBLANK($D21), "", SUMPRODUCT( (OFFSET(제안사_투자현황,0,1,ROWS(제안사_투자현황),1)=$D21)*1, OFFSET(제안사_투자현황,0,18,ROWS(제안사_투자현황),1)) ) | AA21: =IF( ISBLANK($D21), "", SUMPRODUCT( (OFFSET(제안사_투자현황,0,1,ROWS(제안사_투자현황),1)=$D21)*1, OFFSET(제안사_투자현황,0,19,ROWS(제안사_투자현황),1)) ) | AB21: =IF( ISBLANK($D21), "", SUMPRODUCT( (OFFSET(펀드_거래,0,0,ROWS(펀드_거래),1)=$D21)*1, (OFFSET(펀드_거래,0,1,ROWS(펀드_거래),1)="현금분배")*1, OFFSET(펀드_거래,0,2,ROWS(펀드_거래),1)/1000000 ) + SUMPRODUCT( (OFFSET(펀드_거래,0,0,ROWS(펀드_거래),1)=$D21)*1, (OFFSET(펀드_거래,0,1,ROWS(펀드_거래),1)="현물분배")*1, OFFSET(펀드_거래,0,2,ROWS(펀드_거래),1)/1000000 ) ) | AC21: =IF( ISBLANK($D21), "", SUMPRODUCT( (OFFSET(펀드_거래,0,0,ROWS(펀드_거래),1)=$D21)*1, (OFFSET(펀드_거래,0,1,ROWS(펀드_거래),1)="성과보수")*1, OFFSET(펀드_거래,0,2,ROWS(펀드_거래),1)/1000000) ) | AH21: =IF( ISERROR(AA21+AF21-AG21), "", AA21+AF21-AG21 )
Q22: =IF(ISBLANK(N22),"",DATEDIF(N22,P22,"d")/365) | U22: =IF(ISBLANK($D22), "", IF( ISERROR( XIRR( OFFSET(펀드_거래,MATCH($D22,OFFSET(펀드_거래,0,0,ROWS(펀드_거래),1),0)-1,2,COUNTIF(펀드_거래,$D22),1), OFFSET(펀드_거래,MATCH($D22,OFFSET(펀드_거래,0,0,ROWS(펀드_거래),1),0)-1,3,COUNTIF(펀드_거래,$D22),1) ) ), "N/A", XIRR( OFFSET(펀드_거래,MATCH($D22,OFFSET(펀드_거래,0,0,ROWS(펀드_거래),1),0)-1,2,COUNTIF(펀드_거래,$D22),1), OFFSET(펀드_거래,MATCH($D22,OFFSET(펀드_거래,0,0,ROWS(펀드_거래),1),0)-1,3,COUNTIF(펀드_거래,$D22),1), IF(SUM(OFFSET(펀드_거래,MATCH($D22,OFFSET(펀드_거래,0,0,ROWS(펀드_거래),1),0)-1,2,COUNTIF(펀드_거래,$D22),1))>0, 1%, -1%) ) ) ) | V22: =IF( ISBLANK($D22), "", IF(ISNUMBER(M22), (AA22+AB22+AC22+AF22-AG22)/M22, "N/A") ) | W22: =IF( ISBLANK($D22), "", SUMPRODUCT( (OFFSET(제안사_투자현황,0,1,ROWS(제안사_투자현황),1)=$D22)*1, ISTEXT(OFFSET(제안사_투자현황,0,3,ROWS(제안사_투자현황),1))*1 ) ) | X22: =IF( ISBLANK($D22), "0", SUMPRODUCT( (OFFSET(제안사_투자현황,0,1,ROWS(제안사_투자현황),1)=$D22)*1, OFFSET(제안사_투자현황,0,8,ROWS(제안사_투자현황),1)) ) -> 0 | Y22: =IF( ISBLANK($D22), "", SUMPRODUCT( (OFFSET(제안사_투자현황,0,1,ROWS(제안사_투자현황),1)=$D22)*1, OFFSET(제안사_투자현황,0,13,ROWS(제안사_투자현황),1)) ) | Z22: =IF( ISBLANK($D22), "", SUMPRODUCT( (OFFSET(제안사_투자현황,0,1,ROWS(제안사_투자현황),1)=$D22)*1, OFFSET(제안사_투자현황,0,18,ROWS(제안사_투자현황),1)) ) | AA22: =IF( ISBLANK($D22), "", SUMPRODUCT( (OFFSET(제안사_투자현황,0,1,ROWS(제안사_투자현황),1)=$D22)*1, OFFSET(제안사_투자현황,0,19,ROWS(제안사_투자현황),1)) ) | AB22: =IF( ISBLANK($D22), "", SUMPRODUCT( (OFFSET(펀드_거래,0,0,ROWS(펀드_거래),1)=$D22)*1, (OFFSET(펀드_거래,0,1,ROWS(펀드_거래),1)="현금분배")*1, OFFSET(펀드_거래,0,2,ROWS(펀드_거래),1)/1000000 ) + SUMPRODUCT( (OFFSET(펀드_거래,0,0,ROWS(펀드_거래),1)=$D22)*1, (OFFSET(펀드_거래,0,1,ROWS(펀드_거래),1)="현물분배")*1, OFFSET(펀드_거래,0,2,ROWS(펀드_거래),1)/1000000 ) ) | AC22: =IF( ISBLANK($D22), "", SUMPRODUCT( (OFFSET(펀드_거래,0,0,ROWS(펀드_거래),1)=$D22)*1, (OFFSET(펀드_거래,0,1,ROWS(펀드_거래),1)="성과보수")*1, OFFSET(펀드_거래,0,2,ROWS(펀드_거래),1)/1000000) ) | AH22: =IF( ISERROR(AA22+AF22-AG22), "", AA22+AF22-AG22 )
Q23: =IF(ISBLANK(N23),"",DATEDIF(N23,P23,"d")/365) | U23: =IF(ISBLANK($D23), "", IF( ISERROR( XIRR( OFFSET(펀드_거래,MATCH($D23,OFFSET(펀드_거래,0,0,ROWS(펀드_거래),1),0)-1,2,COUNTIF(펀드_거래,$D23),1), OFFSET(펀드_거래,MATCH($D23,OFFSET(펀드_거래,0,0,ROWS(펀드_거래),1),0)-1,3,COUNTIF(펀드_거래,$D23),1) ) ), "N/A", XIRR( OFFSET(펀드_거래,MATCH($D23,OFFSET(펀드_거래,0,0,ROWS(펀드_거래),1),0)-1,2,COUNTIF(펀드_거래,$D23),1), OFFSET(펀드_거래,MATCH($D23,OFFSET(펀드_거래,0,0,ROWS(펀드_거래),1),0)-1,3,COUNTIF(펀드_거래,$D23),1), IF(SUM(OFFSET(펀드_거래,MATCH($D23,OFFSET(펀드_거래,0,0,ROWS(펀드_거래),1),0)-1,2,COUNTIF(펀드_거래,$D23),1))>0, 1%, -1%) ) ) ) | V23: =IF( ISBLANK($D23), "", IF(ISNUMBER(M23), (AA23+AB23+AC23+AF23-AG23)/M23, "N/A") ) | W23: =IF( ISBLANK($D23), "", SUMPRODUCT( (OFFSET(제안사_투자현황,0,1,ROWS(제안사_투자현황),1)=$D23)*1, ISTEXT(OFFSET(제안사_투자현황,0,3,ROWS(제안사_투자현황),1))*1 ) ) | X23: =IF( ISBLANK($D23), "0", SUMPRODUCT( (OFFSET(제안사_투자현황,0,1,ROWS(제안사_투자현황),1)=$D23)*1, OFFSET(제안사_투자현황,0,8,ROWS(제안사_투자현황),1)) ) -> 0 | Y23: =IF( ISBLANK($D23), "", SUMPRODUCT( (OFFSET(제안사_투자현황,0,1,ROWS(제안사_투자현황),1)=$D23)*1, OFFSET(제안사_투자현황,0,13,ROWS(제안사_투자현황),1)) ) | Z23: =IF( ISBLANK($D23), "", SUMPRODUCT( (OFFSET(제안사_투자현황,0,1,ROWS(제안사_투자현황),1)=$D23)*1, OFFSET(제안사_투자현황,0,18,ROWS(제안사_투자현황),1)) ) | AA23: =IF( ISBLANK($D23), "", SUMPRODUCT( (OFFSET(제안사_투자현황,0,1,ROWS(제안사_투자현황),1)=$D23)*1, OFFSET(제안사_투자현황,0,19,ROWS(제안사_투자현황),1)) ) | AB23: =IF( ISBLANK($D23), "", SUMPRODUCT( (OFFSET(펀드_거래,0,0,ROWS(펀드_거래),1)=$D23)*1, (OFFSET(펀드_거래,0,1,ROWS(펀드_거래),1)="현금분배")*1, OFFSET(펀드_거래,0,2,ROWS(펀드_거래),1)/1000000 ) + SUMPRODUCT( (OFFSET(펀드_거래,0,0,ROWS(펀드_거래),1)=$D23)*1, (OFFSET(펀드_거래,0,1,ROWS(펀드_거래),1)="현물분배")*1, OFFSET(펀드_거래,0,2,ROWS(펀드_거래),1)/1000000 ) ) | AC23: =IF( ISBLANK($D23), "", SUMPRODUCT( (OFFSET(펀드_거래,0,0,ROWS(펀드_거래),1)=$D23)*1, (OFFSET(펀드_거래,0,1,ROWS(펀드_거래),1)="성과보수")*1, OFFSET(펀드_거래,0,2,ROWS(펀드_거래),1)/1000000) ) | AH23: =IF( ISERROR(AA23+AF23-AG23), "", AA23+AF23-AG23 )
Q24: =IF(ISBLANK(N24),"",DATEDIF(N24,P24,"d")/365) | U24: =IF(ISBLANK($D24), "", IF( ISERROR( XIRR( OFFSET(펀드_거래,MATCH($D24,OFFSET(펀드_거래,0,0,ROWS(펀드_거래),1),0)-1,2,COUNTIF(펀드_거래,$D24),1), OFFSET(펀드_거래,MATCH($D24,OFFSET(펀드_거래,0,0,ROWS(펀드_거래),1),0)-1,3,COUNTIF(펀드_거래,$D24),1) ) ), "N/A", XIRR( OFFSET(펀드_거래,MATCH($D24,OFFSET(펀드_거래,0,0,ROWS(펀드_거래),1),0)-1,2,COUNTIF(펀드_거래,$D24),1), OFFSET(펀드_거래,MATCH($D24,OFFSET(펀드_거래,0,0,ROWS(펀드_거래),1),0)-1,3,COUNTIF(펀드_거래,$D24),1), IF(SUM(OFFSET(펀드_거래,MATCH($D24,OFFSET(펀드_거래,0,0,ROWS(펀드_거래),1),0)-1,2,COUNTIF(펀드_거래,$D24),1))>0, 1%, -1%) ) ) ) | V24: =IF( ISBLANK($D24), "", IF(ISNUMBER(M24), (AA24+AB24+AC24+AF24-AG24)/M24, "N/A") ) | W24: =IF( ISBLANK($D24), "", SUMPRODUCT( (OFFSET(제안사_투자현황,0,1,ROWS(제안사_투자현황),1)=$D24)*1, ISTEXT(OFFSET(제안사_투자현황,0,3,ROWS(제안사_투자현황),1))*1 ) ) | X24: =IF( ISBLANK($D24), "0", SUMPRODUCT( (OFFSET(제안사_투자현황,0,1,ROWS(제안사_투자현황),1)=$D24)*1, OFFSET(제안사_투자현황,0,8,ROWS(제안사_투자현황),1)) ) -> 0 | Y24: =IF( ISBLANK($D24), "", SUMPRODUCT( (OFFSET(제안사_투자현황,0,1,ROWS(제안사_투자현황),1)=$D24)*1, OFFSET(제안사_투자현황,0,13,ROWS(제안사_투자현황),1)) ) | Z24: =IF( ISBLANK($D24), "", SUMPRODUCT( (OFFSET(제안사_투자현황,0,1,ROWS(제안사_투자현황),1)=$D24)*1, OFFSET(제안사_투자현황,0,18,ROWS(제안사_투자현황),1)) ) | AA24: =IF( ISBLANK($D24), "", SUMPRODUCT( (OFFSET(제안사_투자현황,0,1,ROWS(제안사_투자현황),1)=$D24)*1, OFFSET(제안사_투자현황,0,19,ROWS(제안사_투자현황),1)) ) | AB24: =IF( ISBLANK($D24), "", SUMPRODUCT( (OFFSET(펀드_거래,0,0,ROWS(펀드_거래),1)=$D24)*1, (OFFSET(펀드_거래,0,1,ROWS(펀드_거래),1)="현금분배")*1, OFFSET(펀드_거래,0,2,ROWS(펀드_거래),1)/1000000 ) + SUMPRODUCT( (OFFSET(펀드_거래,0,0,ROWS(펀드_거래),1)=$D24)*1, (OFFSET(펀드_거래,0,1,ROWS(펀드_거래),1)="현물분배")*1, OFFSET(펀드_거래,0,2,ROWS(펀드_거래),1)/1000000 ) ) | AC24: =IF( ISBLANK($D24), "", SUMPRODUCT( (OFFSET(펀드_거래,0,0,ROWS(펀드_거래),1)=$D24)*1, (OFFSET(펀드_거래,0,1,ROWS(펀드_거래),1)="성과보수")*1, OFFSET(펀드_거래,0,2,ROWS(펀드_거래),1)/1000000) ) | AH24: =IF( ISERROR(AA24+AF24-AG24), "", AA24+AF24-AG24 )
Q25: =IF(ISBLANK(N25),"",DATEDIF(N25,P25,"d")/365) | U25: =IF(ISBLANK($D25), "", IF( ISERROR( XIRR( OFFSET(펀드_거래,MATCH($D25,OFFSET(펀드_거래,0,0,ROWS(펀드_거래),1),0)-1,2,COUNTIF(펀드_거래,$D25),1), OFFSET(펀드_거래,MATCH($D25,OFFSET(펀드_거래,0,0,ROWS(펀드_거래),1),0)-1,3,COUNTIF(펀드_거래,$D25),1) ) ), "N/A", XIRR( OFFSET(펀드_거래,MATCH($D25,OFFSET(펀드_거래,0,0,ROWS(펀드_거래),1),0)-1,2,COUNTIF(펀드_거래,$D25),1), OFFSET(펀드_거래,MATCH($D25,OFFSET(펀드_거래,0,0,ROWS(펀드_거래),1),0)-1,3,COUNTIF(펀드_거래,$D25),1), IF(SUM(OFFSET(펀드_거래,MATCH($D25,OFFSET(펀드_거래,0,0,ROWS(펀드_거래),1),0)-1,2,COUNTIF(펀드_거래,$D25),1))>0, 1%, -1%) ) ) ) | V25: =IF( ISBLANK($D25), "", IF(ISNUMBER(M25), (AA25+AB25+AC25+AF25-AG25)/M25, "N/A") ) | W25: =IF( ISBLANK($D25), "", SUMPRODUCT( (OFFSET(제안사_투자현황,0,1,ROWS(제안사_투자현황),1)=$D25)*1, ISTEXT(OFFSET(제안사_투자현황,0,3,ROWS(제안사_투자현황),1))*1 ) ) | X25: =IF( ISBLANK($D25), "0", SUMPRODUCT( (OFFSET(제안사_투자현황,0,1,ROWS(제안사_투자현황),1)=$D25)*1, OFFSET(제안사_투자현황,0,8,ROWS(제안사_투자현황),1)) ) -> 0 | Y25: =IF( ISBLANK($D25), "", SUMPRODUCT( (OFFSET(제안사_투자현황,0,1,ROWS(제안사_투자현황),1)=$D25)*1, OFFSET(제안사_투자현황,0,13,ROWS(제안사_투자현황),1)) ) | Z25: =IF( ISBLANK($D25), "", SUMPRODUCT( (OFFSET(제안사_투자현황,0,1,ROWS(제안사_투자현황),1)=$D25)*1, OFFSET(제안사_투자현황,0,18,ROWS(제안사_투자현황),1)) ) | AA25: =IF( ISBLANK($D25), "", SUMPRODUCT( (OFFSET(제안사_투자현황,0,1,ROWS(제안사_투자현황),1)=$D25)*1, OFFSET(제안사_투자현황,0,19,ROWS(제안사_투자현황),1)) ) | AB25: =IF( ISBLANK($D25), "", SUMPRODUCT( (OFFSET(펀드_거래,0,0,ROWS(펀드_거래),1)=$D25)*1, (OFFSET(펀드_거래,0,1,ROWS(펀드_거래),1)="현금분배")*1, OFFSET(펀드_거래,0,2,ROWS(펀드_거래),1)/1000000 ) + SUMPRODUCT( (OFFSET(펀드_거래,0,0,ROWS(펀드_거래),1)=$D25)*1, (OFFSET(펀드_거래,0,1,ROWS(펀드_거래),1)="현물분배")*1, OFFSET(펀드_거래,0,2,ROWS(펀드_거래),1)/1000000 ) ) | AC25: =IF( ISBLANK($D25), "", SUMPRODUCT( (OFFSET(펀드_거래,0,0,ROWS(펀드_거래),1)=$D25)*1, (OFFSET(펀드_거래,0,1,ROWS(펀드_거래),1)="성과보수")*1, OFFSET(펀드_거래,0,2,ROWS(펀드_거래),1)/1000000) ) | AH25: =IF( ISERROR(AA25+AF25-AG25), "", AA25+AF25-AG25 )
... Q200: =IF(ISBLANK(N200),"",DATEDIF(N200,P200,"d")/365) | U200: =IF(ISBLANK($D200), "", IF( ISERROR( XIRR( OFFSET(펀드_거래,MATCH($D200,OFFSET(펀드_거래,0,0,ROWS(펀드_거래),1),0)-1,2,COUNTIF(펀드_거래,$D200),1), OFFSET(펀드_거래,MATCH($D200,OFFSET(펀드_거래,0,0,ROWS(펀드_거래),1),0)-1,3,COUNTIF(펀드_거래,$D200),1) ) ), "N/A", XIRR( OFFSET(펀드_거래,MATCH($D200,OFFSET(펀드_거래,0,0,ROWS(펀드_거래),1),0)-1,2,COUNTIF(펀드_거래,$D200),1), OFFSET(펀드_거래,MATCH($D200,OFFSET(펀드_거래,0,0,ROWS(펀드_거래),1),0)-1,3,COUNTIF(펀드_거래,$D200),1), IF(SUM(OFFSET(펀드_거래,MATCH($D200,OFFSET(펀드_거래,0,0,ROWS(펀드_거래),1),0)-1,2,COUNTIF(펀드_거래,$D200),1))>0, 1%, -1%) ) ) ) | V200: =IF( ISBLANK($D200), "", IF(ISNUMBER(M200), (AA200+AB200+AC200+AF200-AG200)/M200, "N/A") ) | W200: =IF( ISBLANK($D200), "", SUMPRODUCT( (OFFSET(제안사_투자현황,0,1,ROWS(제안사_투자현황),1)=$D200)*1, ISTEXT(OFFSET(제안사_투자현황,0,3,ROWS(제안사_투자현황),1))*1 ) ) | X200: =IF( ISBLANK($D200), "0", SUMPRODUCT( (OFFSET(제안사_투자현황,0,1,ROWS(제안사_투자현황),1)=$D200)*1, OFFSET(제안사_투자현황,0,8,ROWS(제안사_투자현황),1)) ) -> 0 | Y200: =IF( ISBLANK($D200), "", SUMPRODUCT( (OFFSET(제안사_투자현황,0,1,ROWS(제안사_투자현황),1)=$D200)*1, OFFSET(제안사_투자현황,0,13,ROWS(제안사_투자현황),1)) ) | Z200: =IF( ISBLANK($D200), "", SUMPRODUCT( (OFFSET(제안사_투자현황,0,1,ROWS(제안사_투자현황),1)=$D200)*1, OFFSET(제안사_투자현황,0,18,ROWS(제안사_투자현황),1)) ) | AA200: =IF( ISBLANK($D200), "", SUMPRODUCT( (OFFSET(제안사_투자현황,0,1,ROWS(제안사_투자현황),1)=$D200)*1, OFFSET(제안사_투자현황,0,19,ROWS(제안사_투자현황),1)) ) | AB200: =IF( ISBLANK($D200), "", SUMPRODUCT( (OFFSET(펀드_거래,0,0,ROWS(펀드_거래),1)=$D200)*1, (OFFSET(펀드_거래,0,1,ROWS(펀드_거래),1)="현금분배")*1, OFFSET(펀드_거래,0,2,ROWS(펀드_거래),1)/1000000 ) + SUMPRODUCT( (OFFSET(펀드_거래,0,0,ROWS(펀드_거래),1)=$D200)*1, (OFFSET(펀드_거래,0,1,ROWS(펀드_거래),1)="현물분배")*1, OFFSET(펀드_거래,0,2,ROWS(펀드_거래),1)/1000000 ) ) | AC200: =IF( ISBLANK($D200), "", SUMPRODUCT( (OFFSET(펀드_거래,0,0,ROWS(펀드_거래),1)=$D200)*1, (OFFSET(펀드_거래,0,1,ROWS(펀드_거래),1)="성과보수")*1, OFFSET(펀드_거래,0,2,ROWS(펀드_거래),1)/1000000) ) | AH200: =IF( ISERROR(AA200+AF200-AG200), "", AA200+AF200-AG200 )

Sheet 2.4.제안사 투자현황
A1: RFPID | B1: GPID | C1: Seq | D1: FinancialResource | E1: FundName | F1: FundCompanySSN | G1: InvtComName | I1: MainIndustryDesc | J1: InvestYMD | K1: TujaTypeDesc | L1: InvestAmt | M1: IsCollectedDesc | N1: PropFundInvtComIRR | O1: JointInvestor | P1: CollectYMD | Q1: CollectAmt | R1: CollectBV | S1: CollectMethodDesc | U1: IsMarketableDesc | V1: AmtBal | W1: AmtBalValue | X1: AmtBalValueDesc | Y1: ContactPersonName | AA1: OtherRemark
D3: 투자 | P3: 회수투자자산 | U3: 미회수투자자산 | Z3: 손상차손인식여부 | AA3: 기타사항 | AB3: 피투자기업설립일 | AC3: 구조조정 투자여부 | AD3: 투자시점 회사상태 | AE3: 회수방법 (상세기술) | AF3: 충족요건 | AG3: 구조조정 확인 | AH3: 피투자기업 설립일 | AI3: 설립 ~ 투자 | AJ3: 주요 제품 및 서비스 | AK3: 투자시점 기업규모 | AL3: 투자원금 검증
A4: 모집단위ID | B4: 운용사ID | C4: 일련번호 | D4: 투자계정 구분 | E4: 펀드명 | F4: 펀드사업자 등록번호 | G4: 피투자기업명 | H4: 피투자기업 법인유형 | I4: 피투자기업 주요산업분야 | J4: 투자일 | K4: 투자유형 | L4: 투자금액 | M4: 회수구분 | N4: 투자 수익율 | O4: 동반투자자 | P4: 최종회수일 | Q4: 회수총액 | R4: 투자원금 | S4: 회수방법 | T4: 투자기간 | U4: 시장성유무 | V4: 투자원금 | W4: 가치 | X4: 가치산출근거 | Y4: 현재 담당자 성명
D11: 펀드계정 | E11: 펀드1호 | F11: =IF(ISBLANK($E11),"",VLOOKUP($E11,제안사_펀드현황,2,FALSE)) -> 000-00-00000 | G11: ABD㈜ | H11: 국내설립법인 또는 해외현지법인 | I11: 기타 | J11: 38412 | K11: 보통주 | L11: 3000 | M11: 회수료 | N11: 0.02 | P11: 40161 | Q11: 4000 | R11: 3000 | S11: 코스닥 | T11: =IF(ISBLANK(P11),"",DATEDIF(J11,P11,"d")/365) -> 4.7917808 | Z11: 전액 손상차손 | AB11: 36330 | AC11: YES | AD11: 사전적 구조조정 | AF11: 투자 당시 자본시장법 시행령 제271조의27 3항 중 부채비율 요건 만족 | AG11: =IF(AND(AC11="YES",AD11="일반"),"ERROR",(IF(AND(AC11="NO",AD11="기업회생(舊, 법정관리)"),"ERROR",(IF(AND(AC11="NO",AD11="워크아웃"),"ERROR",(IF(AND(AC11="NO",AD11="채권은행 자율협약"),"ERROR",(IF(AND(AC11="NO",AD11="사전적 구조조정"),"ERROR",""))))))))) | AH11: 36330 | AI11: =(J11-AH11)/365 -> 5.7041096 | AL11: =ROUND(L11,)=ROUND(R11,)+ROUND(V11,) -> TRUE
D12: 펀드계정 | E12: 펀드1호 | F12: =IF(ISBLANK($E12),"",VLOOKUP($E12,제안사_펀드현황,2,FALSE)) -> 000-00-00000 | G12: ABC Inc. | H12: 국내설립법인 또는 해외현지법인 | I12: 전자/반도체 | J12: 38860 | K12: CB | L12: 2000 | M12: 부분회수 | P12: 40228 | Q12: 0 | R12: 0 | S12: 거래소 | T12: =IF(ISBLANK(P12),"",DATEDIF(J12,P12,"d")/365) -> 3.7479452 | U12: YES | V12: 2000 | W12: 2000 | X12: 12.06.13 거래소 종가 | Y12: 이00 | Z12: 해당사항 없음 | AB12: 37987 | AC12: YES | AD12: 사전적 구조조정 | AG12: =IF(AND(AC12="YES",AD12="일반"),"ERROR",(IF(AND(AC12="NO",AD12="기업회생(舊, 법정관리)"),"ERROR",(IF(AND(AC12="NO",AD12="워크아웃"),"ERROR",(IF(AND(AC12="NO",AD12="채권은행 자율협약"),"ERROR",(IF(AND(AC12="NO",AD12="사전적 구조조정"),"ERROR",""))))))))) | AH12: 37987 | AI12: =(J12-AH12)/365 -> 2.3917808 | AL12: =ROUND(L12,)=ROUND(R12,)+ROUND(V12,) -> TRUE
D13: 펀드계정 | E13: 펀드1호 | F13: =IF(ISBLANK($E13),"",VLOOKUP($E13,제안사_펀드현황,2,FALSE)) -> 000-00-00000 | G13: CDE Inc. | H13: 외국법인 | I13: 바이오 | J13: 38869 | K13: 우선주 | L13: 999.99188 | M13: 미회수 | T13: =IF(ISBLANK(P13),"",DATEDIF(J13,P13,"d")/365) | U13: NO | V13: 999.99188 | W13: 999.99188 | X13: 11.12.31장부가액 | Y13: 김00 | Z13: 해당사항 없음 | AB13: 37987 | AC13: YES | AD13: 기업회생(舊, 법정관리) | AF13: 대전지방법원 2003 회합 54321 | AG13: =IF(AND(AC13="YES",AD13="일반"),"ERROR",(IF(AND(AC13="NO",AD13="기업회생(舊, 법정관리)"),"ERROR",(IF(AND(AC13="NO",AD13="워크아웃"),"ERROR",(IF(AND(AC13="NO",AD13="채권은행 자율협약"),"ERROR",(IF(AND(AC13="NO",AD13="사전적 구조조정"),"ERROR",""))))))))) | AH13: 37987 | AI13: =(J13-AH13)/365 -> 2.4164384 | AL13: =ROUND(L13,)=ROUND(R13,)+ROUND(V13,) -> TRUE
D14: 펀드계정 | E14: 펀드2호 | F14: =IF(ISBLANK($E14),"",VLOOKUP($E14,제안사_펀드현황,2,FALSE)) -> 000-00-00001 | G14: 가나다㈜ | H14: 국내설립법인 또는 해외현지법인 | I14: 기타 | J14: 39173 | K14: BW | L14: 1000 | M14: 부분회수 | P14: 40220 | Q14: 100 | R14: 100 | S14: 운용사고유계정매각 | T14: =IF(ISBLANK(P14),"",DATEDIF(J14,P14,"d")/365) -> 2.8684932 | U14: NO | V14: 900 | W14: 900 | X14: 11.12.31장부가액 | Y14: 이00 | Z14: 부분 손상차손 | AB14: 37623 | AC14: NO | AD14: 일반 | AG14: =IF(AND(AC14="YES",AD14="일반"),"ERROR",(IF(AND(AC14="NO",AD14="기업회생(舊, 법정관리)"),"ERROR",(IF(AND(AC14="NO",AD14="워크아웃"),"ERROR",(IF(AND(AC14="NO",AD14="채권은행 자율협약"),"ERROR",(IF(AND(AC14="NO",AD14="사전적 구조조정"),"ERROR",""))))))))) | AH14: 37623 | AI14: =(J14-AH14)/365 -> 4.2465753 | AL14: =ROUND(L14,)=ROUND(R14,)+ROUND(V14,) -> TRUE
D15: 펀드계정 | E15: 펀드2호 | F15: =IF(ISBLANK($E15),"",VLOOKUP($E15,제안사_펀드현황,2,FALSE)) -> 000-00-00001 | G15: ㈜가나다 | H15: 국내설립법인 또는 해외현지법인 | I15: 산업재 | J15: 39234 | K15: 우선주 | L15: 999.999 | M15: 회수료 | N15: 0.06 | P15: 40149 | Q15: 1150 | R15: 1000 | S15: 상환 | T15: =IF(ISBLANK(P15),"",DATEDIF(J15,P15,"d")/365) -> 2.5068493 | Z15: 전액 손상차손 | AB15: 37624 | AC15: NO | AD15: 일반 | AG15: =IF(AND(AC15="YES",AD15="일반"),"ERROR",(IF(AND(AC15="NO",AD15="기업회생(舊, 법정관리)"),"ERROR",(IF(AND(AC15="NO",AD15="워크아웃"),"ERROR",(IF(AND(AC15="NO",AD15="채권은행 자율협약"),"ERROR",(IF(AND(AC15="NO",AD15="사전적 구조조정"),"ERROR",""))))))))) | AH15: 37624 | AI15: =(J15-AH15)/365 -> 4.4109589 | AL15: =ROUND(L15,)=ROUND(R15,)+ROUND(V15,) -> TRUE
D16: 펀드계정 | E16: 펀드2호 | F16: =IF(ISBLANK($E16),"",VLOOKUP($E16,제안사_펀드현황,2,FALSE)) -> 000-00-00001 | G16: 라마바㈜ | H16: 외국법인 | I16: 엔터테인먼트 | J16: 39814 | K16: 기타 주식연계채권 | L16: 7000 | M16: 부분회수 | P16: 40064 | Q16: 1200 | R16: 1000 | S16: 환매 | T16: =IF(ISBLANK(P16),"",DATEDIF(J16,P16,"d")/365) -> 0.68493151 | U16: NO | V16: 6000 | W16: 7444.5257 | X16: 11.12.31장부가액 | Z16: 부분 손상차손 | AB16: 37625 | AC16: NO | AD16: 일반 | AG16: =IF(AND(AC16="YES",AD16="일반"),"ERROR",(IF(AND(AC16="NO",AD16="기업회생(舊, 법정관리)"),"ERROR",(IF(AND(AC16="NO",AD16="워크아웃"),"ERROR",(IF(AND(AC16="NO",AD16="채권은행 자율협약"),"ERROR",(IF(AND(AC16="NO",AD16="사전적 구조조정"),"ERROR",""))))))))) | AH16: 37625 | AI16: =(J16-AH16)/365 -> 5.9972603 | AL16: =ROUND(L16,)=ROUND(R16,)+ROUND(V16,) -> TRUE
D17: 펀드계정 | E17: 펀드3호 | F17: =IF(ISBLANK($E17),"",VLOOKUP($E17,제안사_펀드현황,2,FALSE)) -> 000-00-00002 | G17: GHI Inc. | H17: 국내설립법인 또는 해외현지법인 | I17: 전자/반도체 | J17: 40179 | K17: 기타 주식연계채권 | L17: 2000 | M17: 부분회수 | P17: 40785 | T17: =IF(ISBLANK(P17),"",DATEDIF(J17,P17,"d")/365) -> 1.660274 | U17: NO | V17: 2000 | W17: 20 | X17: 11.12.31장부가액 | Z17: 전액 손상차손 | AA17: 손실처리 | AB17: 37626 | AC17: NO | AD17: 일반 | AG17: =IF(AND(AC17="YES",AD17="일반"),"ERROR",(IF(AND(AC17="NO",AD17="기업회생(舊, 법정관리)"),"ERROR",(IF(AND(AC17="NO",AD17="워크아웃"),"ERROR",(IF(AND(AC17="NO",AD17="채권은행 자율협약"),"ERROR",(IF(AND(AC17="NO",AD17="사전적 구조조정"),"ERROR",""))))))))) | AH17: 37626 | AI17: =(J17-AH17)/365 -> 6.9945205 | AL17: =ROUND(L17,)=ROUND(R17,)+ROUND(V17,) -> TRUE
D18: 펀드계정 | E18: 펀드3호 | F18: =IF(ISBLANK($E18),"",VLOOKUP($E18,제안사_펀드현황,2,FALSE)) -> 000-00-00002 | G18: AAA Inc. | H18: 국내설립법인 또는 해외현지법인 | I18: 전자/반도체 | J18: 40544 | K18: 우선주 | L18: 2000 | M18: 미회수 | T18: =IF(ISBLANK(P18),"",DATEDIF(J18,P18,"d")/365) | U18: NO | V18: 2000 | W18: 2000 | X18: 11.12.31장부가액 | Z18: 해당사항 없음 | AB18: 37627 | AC18: YES | AD18: 사전적 구조조정 | AG18: =IF(AND(AC18="YES",AD18="일반"),"ERROR",(IF(AND(AC18="NO",AD18="기업회생(舊, 법정관리)"),"ERROR",(IF(AND(AC18="NO",AD18="워크아웃"),"ERROR",(IF(AND(AC18="NO",AD18="채권은행 자율협약"),"ERROR",(IF(AND(AC18="NO",AD18="사전적 구조조정"),"ERROR",""))))))))) | AH18: 37627 | AI18: =(J18-AH18)/365 -> 7.9917808 | AL18: =ROUND(L18,)=ROUND(R18,)+ROUND(V18,) -> TRUE
D19: 고유계정 | F19: =IF(ISBLANK($E19),"",VLOOKUP($E19,제안사_펀드현황,2,FALSE)) | G19: A 프로젝트 | H19: 국내설립법인 또는 해외현지법인 | I19: 바이오 | J19: 40179 | K19: 펀드청산시자본계정투자 | L19: 1000 | M19: 미회수 | T19: =IF(ISBLANK(P19),"",DATEDIF(J19,P19,"d")/365) | U19: NO | V19: 1000 | W19: 1000 | Z19: 부분 손상차손 | AB19: 37628 | AC19: NO | AD19: 일반 | AG19: =IF(AND(AC19="YES",AD19="일반"),"ERROR",(IF(AND(AC19="NO",AD19="기업회생(舊, 법정관리)"),"ERROR",(IF(AND(AC19="NO",AD19="워크아웃"),"ERROR",(IF(AND(AC19="NO",AD19="채권은행 자율협약"),"ERROR",(IF(AND(AC19="NO",AD19="사전적 구조조정"),"ERROR",""))))))))) | AH19: 37628 | AI19: =(J19-AH19)/365 -> 6.9890411 | AL19: =ROUND(L19,)=ROUND(R19,)+ROUND(V19,) -> TRUE
D20: 고유계정 | F20: =IF(ISBLANK($E20),"",VLOOKUP($E20,제안사_펀드현황,2,FALSE)) | G20: A 프로젝트 | H20: 국내설립법인 또는 해외현지법인 | I20: 바이오 | J20: 40179 | K20: 펀드청산시자본계정투자 | L20: 1000 | M20: 회수료 | N20: 0.035 | P20: 40785 | Q20: 1000 | R20: 1000 | T20: =IF(ISBLANK(P20),"",DATEDIF(J20,P20,"d")/365) -> 1.660274 | U20: NO | Z20: 부분 손상차손 | AB20: 37629 | AC20: YES | AD20: 기업회생(舊, 법정관리) | AG20: =IF(AND(AC20="YES",AD20="일반"),"ERROR",(IF(AND(AC20="NO",AD20="기업회생(舊, 법정관리)"),"ERROR",(IF(AND(AC20="NO",AD20="워크아웃"),"ERROR",(IF(AND(AC20="NO",AD20="채권은행 자율협약"),"ERROR",(IF(AND(AC20="NO",AD20="사전적 구조조정"),"ERROR",""))))))))) | AH20: 37629 | AI20: =(J20-AH20)/365 -> 6.9863014 | AL20: =ROUND(L20,)=ROUND(R20,)+ROUND(V20,) -> TRUE
F21: =IF(ISBLANK($E21),"",VLOOKUP($E21,제안사_펀드현황,2,FALSE)) | T21: =IF(ISBLANK(P21),"",DATEDIF(J21,P21,"d")/365) | AG21: =IF(AND(AC21="YES",AD21="일반"),"ERROR",(IF(AND(AC21="NO",AD21="기업회생(舊, 법정관리)"),"ERROR",(IF(AND(AC21="NO",AD21="워크아웃"),"ERROR",(IF(AND(AC21="NO",AD21="채권은행 자율협약"),"ERROR",(IF(AND(AC21="NO",AD21="Fast-Track"),"ERROR",""))))))))) | AI21: =(J21-AH21)/365 -> 0 | AL21: =ROUND(L21,)=ROUND(R21,)+ROUND(V21,) -> TRUE
F22: =IF(ISBLANK($E22),"",VLOOKUP($E22,제안사_펀드현황,2,FALSE)) | T22: =IF(ISBLANK(P22),"",DATEDIF(J22,P22,"d")/365) | AG22: =IF(AND(AC22="YES",AD22="일반"),"ERROR",(IF(AND(AC22="NO",AD22="기업회생(舊, 법정관리)"),"ERROR",(IF(AND(AC22="NO",AD22="워크아웃"),"ERROR",(IF(AND(AC22="NO",AD22="채권은행 자율협약"),"ERROR",(IF(AND(AC22="NO",AD22="Fast-Track"),"ERROR",""))))))))) | AI22: =(J22-AH22)/365 -> 0 | AL22: =ROUND(L22,)=ROUND(R22,)+ROUND(V22,) -> TRUE
F23: =IF(ISBLANK($E23),"",VLOOKUP($E23,제안사_펀드현황,2,FALSE)) | T23: =IF(ISBLANK(P23),"",DATEDIF(J23,P23,"d")/365) | AG23: =IF(AND(AC23="YES",AD23="일반"),"ERROR",(IF(AND(AC23="NO",AD23="기업회생(舊, 법정관리)"),"ERROR",(IF(AND(AC23="NO",AD23="워크아웃"),"ERROR",(IF(AND(AC23="NO",AD23="채권은행 자율협약"),"ERROR",(IF(AND(AC23="NO",AD23="Fast-Track"),"ERROR",""))))))))) | AI23: =(J23-AH23)/365 -> 0 | AL23: =ROUND(L23,)=ROUND(R23,)+ROUND(V23,) -> TRUE
F24: =IF(ISBLANK($E24),"",VLOOKUP($E24,제안사_펀드현황,2,FALSE)) | T24: =IF(ISBLANK(P24),"",DATEDIF(J24,P24,"d")/365) | AG24: =IF(AND(AC24="YES",AD24="일반"),"ERROR",(IF(AND(AC24="NO",AD24="기업회생(舊, 법정관리)"),"ERROR",(IF(AND(AC24="NO",AD24="워크아웃"),"ERROR",(IF(AND(AC24="NO",AD24="채권은행 자율협약"),"ERROR",(IF(AND(AC24="NO",AD24="Fast-Track"),"ERROR",""))))))))) | AI24: =(J24-AH24)/365 -> 0 | AL24: =ROUND(L24,)=ROUND(R24,)+ROUND(V24,) -> TRUE
F25: =IF(ISBLANK($E25),"",VLOOKUP($E25,제안사_펀드현황,2,FALSE)) | T25: =IF(ISBLANK(P25),"",DATEDIF(J25,P25,"d")/365) | AG25: =IF(AND(AC25="YES",AD25="일반"),"ERROR",(IF(AND(AC25="NO",AD25="기업회생(舊, 법정관리)"),"ERROR",(IF(AND(AC25="NO",AD25="워크아웃"),"ERROR",(IF(AND(AC25="NO",AD25="채권은행 자율협약"),"ERROR",(IF(AND(AC25="NO",AD25="Fast-Track"),"ERROR",""))))))))) | AI25: =(J25-AH25)/365 -> 0 | AL25: =ROUND(L25,)=ROUND(R25,)+ROUND(V25,) -> TRUE
F26: =IF(ISBLANK($E26),"",VLOOKUP($E26,제안사_펀드현황,2,FALSE)) | T26: =IF(ISBLANK(P26),"",DATEDIF(J26,P26,"d")/365) | AG26: =IF(AND(AC26="YES",AD26="일반"),"ERROR",(IF(AND(AC26="NO",AD26="기업회생(舊, 법정관리)"),"ERROR",(IF(AND(AC26="NO",AD26="워크아웃"),"ERROR",(IF(AND(AC26="NO",AD26="채권은행 자율협약"),"ERROR",(IF(AND(AC26="NO",AD26="Fast-Track"),"ERROR",""))))))))) | AI26: =(J26-AH26)/365 -> 0 | AL26: =ROUND(L26,)=ROUND(R26,)+ROUND(V26,) -> TRUE
F27: =IF(ISBLANK($E27),"",VLOOKUP($E27,제안사_펀드현황,2,FALSE)) | T27: =IF(ISBLANK(P27),"",DATEDIF(J27,P27,"d")/365) | AG27: =IF(AND(AC27="YES",AD27="일반"),"ERROR",(IF(AND(AC27="NO",AD27="기업회생(舊, 법정관리)"),"ERROR",(IF(AND(AC27="NO",AD27="워크아웃"),"ERROR",(IF(AND(AC27="NO",AD27="채권은행 자율협약"),"ERROR",(IF(AND(AC27="NO",AD27="Fast-Track"),"ERROR",""))))))))) | AI27: =(J27-AH27)/365 -> 0 | AL27: =ROUND(L27,)=ROUND(R27,)+ROUND(V27,) -> TRUE
F28: =IF(ISBLANK($E28),"",VLOOKUP($E28,제안사_펀드현황,2,FALSE)) | T28: =IF(ISBLANK(P28),"",DATEDIF(J28,P28,"d")/365) | AG28: =IF(AND(AC28="YES",AD28="일반"),"ERROR",(IF(AND(AC28="NO",AD28="기업회생(舊, 법정관리)"),"ERROR",(IF(AND(AC28="NO",AD28="워크아웃"),"ERROR",(IF(AND(AC28="NO",AD28="채권은행 자율협약"),"ERROR",(IF(AND(AC28="NO",AD28="Fast-Track"),"ERROR",""))))))))) | AI28: =(J28-AH28)/365 -> 0 | AL28: =ROUND(L28,)=ROUND(R28,)+ROUND(V28,) -> TRUE
F29: =IF(ISBLANK($E29),"",VLOOKUP($E29,제안사_펀드현황,2,FALSE)) | T29: =IF(ISBLANK(P29),"",DATEDIF(J29,P29,"d")/365) | AG29: =IF(AND(AC29="YES",AD29="일반"),"ERROR",(IF(AND(AC29="NO",AD29="기업회생(舊, 법정관리)"),"ERROR",(IF(AND(AC29="NO",AD29="워크아웃"),"ERROR",(IF(AND(AC29="NO",AD29="채권은행 자율협약"),"ERROR",(IF(AND(AC29="NO",AD29="Fast-Track"),"ERROR",""))))))))) | AI29: =(J29-AH29)/365 -> 0 | AL29: =ROUND(L29,)=ROUND(R29,)+ROUND(V29,) -> TRUE
F30: =IF(ISBLANK($E30),"",VLOOKUP($E30,제안사_펀드현황,2,FALSE)) | T30: =IF(ISBLANK(P30),"",DATEDIF(J30,P30,"d")/365) | AG30: =IF(AND(AC30="YES",AD30="일반"),"ERROR",(IF(AND(AC30="NO",AD30="기업회생(舊, 법정관리)"),"ERROR",(IF(AND(AC30="NO",AD30="워크아웃"),"ERROR",(IF(AND(AC30="NO",AD30="채권은행 자율협약"),"ERROR",(IF(AND(AC30="NO",AD30="Fast-Track"),"ERROR",""))))))))) | AI30: =(J30-AH30)/365 -> 0 | AL30: =ROUND(L30,)=ROUND(R30,)+ROUND(V30,) -> TRUE
F31: =IF(ISBLANK($E31),"",VLOOKUP($E31,제안사_펀드현황,2,FALSE)) | T31: =IF(ISBLANK(P31),"",DATEDIF(J31,P31,"d")/365) | AG31: =IF(AND(AC31="YES",AD31="일반"),"ERROR",(IF(AND(AC31="NO",AD31="기업회생(舊, 법정관리)"),"ERROR",(IF(AND(AC31="NO",AD31="워크아웃"),"ERROR",(IF(AND(AC31="NO",AD31="채권은행 자율협약"),"ERROR",(IF(AND(AC31="NO",AD31="Fast-Track"),"ERROR",""))))))))) | AI31: =(J31-AH31)/365 -> 0 | AL31: =ROUND(L31,)=ROUND(R31,)+ROUND(V31,) -> TRUE
F32: =IF(ISBLANK($E32),"",VLOOKUP($E32,제안사_펀드현황,2,FALSE)) | T32: =IF(ISBLANK(P32),"",DATEDIF(J32,P32,"d")/365) | AG32: =IF(AND(AC32="YES",AD32="일반"),"ERROR",(IF(AND(AC32="NO",AD32="기업회생(舊, 법정관리)"),"ERROR",(IF(AND(AC32="NO",AD32="워크아웃"),"ERROR",(IF(AND(AC32="NO",AD32="채권은행 자율협약"),"ERROR",(IF(AND(AC32="NO",AD32="Fast-Track"),"ERROR",""))))))))) | AI32: =(J32-AH32)/365 -> 0 | AL32: =ROUND(L32,)=ROUND(R32,)+ROUND(V32,) -> TRUE
... F1000: =IF(ISBLANK($E1000),"",VLOOKUP($E1000,제안사_펀드현황,2,FALSE)) | T1000: =IF(ISBLANK(P1000),"",DATEDIF(J1000,P1000,"d")/365) | AG1000: =IF(AND(AC1000="YES",AD1000="일반"),"ERROR",(IF(AND(AC1000="NO",AD1000="기업회생(舊, 법정관리)"),"ERROR",(IF(AND(AC1000="NO",AD1000="워크아웃"),"ERROR",(IF(AND(AC1000="NO",AD1000="채권은행 자율협약"),"ERROR",(IF(AND(AC1000="NO",AD1000="Fast-Track"),"ERROR",""))))))))) | AI1000: =(J1000-AH1000)/365 -> 0 | AL1000: =ROUND(L1000,)=ROUND(R1000,)+ROUND(V1000,) -> TRUE

Sheet 3.1.참여인력 개요
A1: RFPID | B1: GPID | C1: FundMgrID | D1: FundMgrName | E1: BirthYMDS | F1: NationalityDesc | G1: CurrentCompany | H1: BuName | I1: JobTitleName | J1: FundMgrRoleDesc | K1: TelNo | L1: MBTLTelNo | M1: Email | N1: FundMgrGradeDesc | O1: IsSanctionDesc | P1: SanctionDesc | Q1: RoleInPropFund | R1: CareerYears | S1: AllInvtComCount | T1: AllExitInvtComCount | U1: AllInvestAmt | V1: AllCollectAmt | W1: AllInvestBalBV | X1: AllInvestBalEvalAmt | Y1: AllWAROI | Z1: AllExitWAROI | AA1: AllCurNoExitInvtComCount | AB1: AllCurInvestBalBV | AC1: AllCurInvestBalEvalAmt
D3: 참여인력 | G3: 현재 재직회사 | N3: 인력구분 | O3: 제재 | Q3: 제안펀드에서의 역할 | R3: 운용 인력 투자관련 경력연수 | S3: 투자및회수실적(전체투자건) | AA3: 현재 관리중인 투자(전체투자건)
A4: 모집단위ID | B4: 운용사ID | C4: 운용인력ID | D4: 성명 | E4: 생년월일 | F4: 국적 | G4: 회사명 | H4: 부서 | I4: 직위 | J4: 주요담당업무 | K4: 전화번호 | L4: 휴대전화번호 | M4: 이메일 | O4: 제재경력여부 | P4: 제재내역 | S4: 투자건수 | T4: 투자건수 (회수료) | U4: 투자총액 | V4: 회수총액 | W4: 미회수투자자산 투자원금총액 | X4: 미회수투자자산 가치총액 | Y4: 투자금액 가중평균수익율 | Z4: 투자금액 가중평균수익율 (회수료) | AA4: 미회수 투자건수 | AB4: 미회수투자자산 투자원금총액 | AC4: 미회수투자자산가치총액
D11: 이00 | E11: 25569 | F11: 대한민국 | G11: 가인테스트먼트㈜ | H11: 투자1본부 | I11: 투자이사 | J11: 펀드매니저 | K11: 02-0000-0000 | L11: 010-0000-0000 | N11: 핵심운용인력 | O11: YES | R11: =IF(ISBLANK($D11), "", IF(N11="핵심운용인력", SUMPRODUCT((OFFSET(핵심인력_경력,0,0,ROWS(핵심인력_경력),1)=$D11)*1, OFFSET(핵심인력_경력,0,9,ROWS(핵심인력_경력),1), (OFFSET(핵심인력_경력,0,10,ROWS(핵심인력_경력),1)="A")*1)+SUMPRODUCT((OFFSET(핵심인력_경력,0,0,ROWS(핵심인력_경력),1)=$D11)*1, OFFSET(핵심인력_경력,0,9,ROWS(핵심인력_경력),1), (OFFSET(핵심인력_경력,0,10,ROWS(핵심인력_경력),1)="B")*1)*0.7, SUMPRODUCT((OFFSET(일반인력_경력,0,0,ROWS(일반인력_경력),1)=$D11)*1, OFFSET(일반인력_경력,0,9,ROWS(일반인력_경력),1), (OFFSET(일반인력_경력,0,10,ROWS(일반인력_경력),1)="A")*1)+SUMPRODUCT((OFFSET(일반인력_경력,0,0,ROWS(일반인력_경력),1)=$D11)*1, OFFSET(일반인력_경력,0,9,ROWS(일반인력_경력),1), (OFFSET(일반인력_경력,0,10,ROWS(일반인력_경력),1)="B")*1)*0.7 ) ) -> 3.4980822 | S11: =IF(ISBLANK($D11), "", IF(VLOOKUP($D11,참여인력_개요,11,FALSE)="관리인력", "", IF(N11="핵심운용인력", SUMPRODUCT((OFFSET(핵심인력_투자현황,0,0,ROWS(핵심인력_투자현황),1)=$D11)*1, ISTEXT(OFFSET(핵심인력_투자현황,0,10,ROWS(핵심인력_투자현황),1))*1), SUMPRODUCT((OFFSET(일반인력_투자현황,0,0,ROWS(일반인력_투자현황),1)=$D11)*1, ISTEXT(OFFSET(일반인력_투자현황,0,10,ROWS(일반인력_투자현황),1))*1)) ) ) -> 3 | T11: =IF(ISBLANK($D11), "", IF(VLOOKUP($D11,참여인력_개요,11,FALSE)="관리인력", "", IF(N11="핵심운용인력", SUMPRODUCT((OFFSET(핵심인력_투자현황,0,0,ROWS(핵심인력_투자현황),1)=$D11)*1, (OFFSET(핵심인력_투자현황,0,16,ROWS(핵심인력_투자현황),1)="회수료")*1), SUMPRODUCT((OFFSET(일반인력_투자현황,0,0,ROWS(일반인력_투자현황),1)=$D11)*1, (OFFSET(일반인력_투자현황,0,16,ROWS(일반인력_투자현황),1)="회수료")*1)))) -> 2 | U11: =IF(ISBLANK($D11), "", IF(VLOOKUP($D11,참여인력_개요,11,FALSE)="관리인력", "", IF(N11="핵심운용인력", SUMPRODUCT((OFFSET(핵심인력_투자현황,0,0,ROWS(핵심인력_투자현황),1)=$D11)*1, OFFSET(핵심인력_투자현황,0,15,ROWS(핵심인력_투자현황),1)), SUMPRODUCT((OFFSET(일반인력_투자현황,0,0,ROWS(일반인력_투자현황),1)=$D11)*1, OFFSET(일반인력_투자현황,0,15,ROWS(일반인력_투자현황),1)) ))) -> 1900 | V11: =IF(ISBLANK($D11), "", IF(VLOOKUP($D11,참여인력_개요,11,FALSE)="관리인력", "", IF(N11="핵심운용인력", SUMPRODUCT((OFFSET(핵심인력_투자현황,0,0,ROWS(핵심인력_투자현황),1)=$D11)*1, OFFSET(핵심인력_투자현황,0,19,ROWS(핵심인력_투자현황),1)), SUMPRODUCT((OFFSET(일반인력_투자현황,0,0,ROWS(일반인력_투자현황),1)=$D11)*1, OFFSET(일반인력_투자현황,0,19,ROWS(일반인력_투자현황),1)) ))) -> 1546 | W11: =IF(ISBLANK($D11), "", IF(VLOOKUP($D11,참여인력_개요,11,FALSE)="관리인력", "", IF(N11="핵심운용인력", SUMPRODUCT((OFFSET(핵심인력_투자현황,0,0,ROWS(핵심인력_투자현황),1)=$D11)*1, OFFSET(핵심인력_투자현황,0,24,ROWS(핵심인력_투자현황),1)), SUMPRODUCT((OFFSET(일반인력_투자현황,0,0,ROWS(일반인력_투자현황),1)=$D11)*1, OFFSET(일반인력_투자현황,0,24,ROWS(일반인력_투자현황),1)) ))) -> 550 | X11: =IF(ISBLANK($D11), "", IF(VLOOKUP($D11,참여인력_개요,11,FALSE)="관리인력", "", IF(N11="핵심운용인력", SUMPRODUCT((OFFSET(핵심인력_투자현황,0,0,ROWS(핵심인력_투자현황),1)=$D11)*1, OFFSET(핵심인력_투자현황,0,25,ROWS(핵심인력_투자현황),1)), SUMPRODUCT((OFFSET(일반인력_투자현황,0,0,ROWS(일반인력_투자현황),1)=$D11)*1, OFFSET(일반인력_투자현황,0,25,ROWS(일반인력_투자현황),1)) ))) -> 850 | Y11: =IF(ISBLANK($D11), "", IF(VLOOKUP($D11,참여인력_개요,11,FALSE)="관리인력", "", IF(N11="핵심운용인력", SUMPRODUCT((OFFSET(핵심인력_투자현황,0,0,ROWS(핵심인력_투자현황),1)=$D11)*1, OFFSET(핵심인력_투자현황,0,15,ROWS(핵심인력_투자현황),1), OFFSET(핵심인력_투자현황,0,17,ROWS(핵심인력_투자현황),1))/U11, SUMPRODUCT((OFFSET(일반인력_투자현황,0,0,ROWS(일반인력_투자현황),1)=$D11)*1, OFFSET(일반인력_투자현황,0,15,ROWS(일반인력_투자현황),1), OFFSET(일반인력_투자현황,0,17,ROWS(일반인력_투자현황),1))/U11 ))) -> 0.10681053 | Z11: =IF(ISBLANK($D11), "",IF(VLOOKUP($D11,참여인력_개요,11,FALSE)="관리인력", "", IF(N11="핵심운용인력", IF(SUMPRODUCT( (OFFSET(핵심인력_투자현황,0,0,ROWS(핵심인력_투자현황),1)=$D11)*1, OFFSET(핵심인력_투자현황,0,15,ROWS(핵심인력_투자현황),1), (OFFSET(핵심인력_투자현황,0,16,ROWS(핵심인력_투자현황),1)="회수료")*1 ) = 0, "N/A", SUMPRODUCT( (OFFSET(핵심인력_투자현황,0,0,ROWS(핵심인력_투자현황),1)=$D11)*1, OFFSET(핵심인력_투자현황,0,15,ROWS(핵심인력_투자현황),1), (OFFSET(핵심인력_투자현황,0,16,ROWS(핵심인력_투자현황),1)="회수료")*1, OFFSET(핵심인력_투자현황,0,17,ROWS(핵심인력_투자현황),1) ) / SUMPRODUCT( (OFFSET(핵심인력_투자현황,0,0,ROWS(핵심인력_투자현황),1)=$D11)*1, OFFSET(핵심인력_투자현황,0,15,ROWS(핵심인력_투자현황),1), (OFFSET(핵심인력_투자현황,0,16,ROWS(핵심인력_투자현황),1)="회수료")*1 ) ), IF(SUMPRODUCT( (OFFSET(일반인력_투자현황,0,0,ROWS(일반인력_투자현황),1)=$D11)*1, OFFSET(일반인력_투자현황,0,15,ROWS(일반인력_투자현황),1), (OFFSET(일반인력_투자현황,0,16,ROWS(일반인력_투자현황),1)="회수료")*1 ) = 0, "N/A", SUMPRODUCT( (OFFSET(일반인력_투자현황,0,0,ROWS(일반인력_투자현황),1)=$D11)*1, OFFSET(일반인력_투자현황,0,15,ROWS(일반인력_투자현황),1), (OFFSET(일반인력_투자현황,0,16,ROWS(일반인력_투자현황),1)="회수료")*1, OFFSET(일반인력_투자현황,0,17,ROWS(일반인력_투자현황),1) ) / SUMPRODUCT( (OFFSET(일반인력_투자현황,0,0,ROWS(일반인력_투자현황),1)=$D11)*1, OFFSET(일반인력_투자현황,0,15,ROWS(일반인력_투자현황),1), (OFFSET(일반인력_투자현황,0,16,ROWS(일반인력_투자현황),1)="회수료")*1 ) ) ))) -> 0.146 | AA11: =IF(ISBLANK($D11), "", IF(VLOOKUP($D11,참여인력_개요,11,FALSE)="관리인력", "", SUMPRODUCT( (OFFSET(제안사_투자현황,0,21,ROWS(제안사_투자현황),1)=$D11)*1, (OFFSET(제안사_투자현황,0,8,ROWS(제안사_투자현황),1)<>"회수료")*1 ) )) -> 2 | AB11: =IF(ISBLANK($D11), "", IF(VLOOKUP($D11,참여인력_개요,11,FALSE)="관리인력", "", SUMPRODUCT( (OFFSET(제안사_투자현황,0,21,ROWS(제안사_투자현황),1)=$D11)*1, (OFFSET(제안사_투자현황,0,9,ROWS(제안사_투자현황),1)<>"회수료")*1, OFFSET(제안사_투자현황,0,18,ROWS(제안사_투자현황),1) ) ) ) -> 2900 | AC11: =IF(ISBLANK($D11), "", IF(VLOOKUP($D11,참여인력_개요,11,FALSE)="관리인력", "", SUMPRODUCT( (OFFSET(제안사_투자현황,0,21,ROWS(제안사_투자현황),1)=$D11)*1, (OFFSET(제안사_투자현황,0,9,ROWS(제안사_투자현황),1)<>"회수료")*1, OFFSET(제안사_투자현황,0,19,ROWS(제안사_투자현황),1) ) ) ) -> 2900
D12: 조00 | E12: 30289 | N12: 핵심운용인력 | O12: NO | R12: =IF(ISBLANK($D12), "", IF(N12="핵심운용인력", SUMPRODUCT((OFFSET(핵심인력_경력,0,0,ROWS(핵심인력_경력),1)=$D12)*1, OFFSET(핵심인력_경력,0,9,ROWS(핵심인력_경력),1), (OFFSET(핵심인력_경력,0,10,ROWS(핵심인력_경력),1)="A")*1)+SUMPRODUCT((OFFSET(핵심인력_경력,0,0,ROWS(핵심인력_경력),1)=$D12)*1, OFFSET(핵심인력_경력,0,9,ROWS(핵심인력_경력),1), (OFFSET(핵심인력_경력,0,10,ROWS(핵심인력_경력),1)="B")*1)*0.7, SUMPRODUCT((OFFSET(일반인력_경력,0,0,ROWS(일반인력_경력),1)=$D12)*1, OFFSET(일반인력_경력,0,9,ROWS(일반인력_경력),1), (OFFSET(일반인력_경력,0,10,ROWS(일반인력_경력),1)="A")*1)+SUMPRODUCT((OFFSET(일반인력_경력,0,0,ROWS(일반인력_경력),1)=$D12)*1, OFFSET(일반인력_경력,0,9,ROWS(일반인력_경력),1), (OFFSET(일반인력_경력,0,10,ROWS(일반인력_경력),1)="B")*1)*0.7 ) ) -> 6.0027397 | S12: =IF(ISBLANK($D12), "", IF(VLOOKUP($D12,참여인력_개요,11,FALSE)="관리인력", "", IF(N12="핵심운용인력", SUMPRODUCT((OFFSET(핵심인력_투자현황,0,0,ROWS(핵심인력_투자현황),1)=$D12)*1, ISTEXT(OFFSET(핵심인력_투자현황,0,10,ROWS(핵심인력_투자현황),1))*1), SUMPRODUCT((OFFSET(일반인력_투자현황,0,0,ROWS(일반인력_투자현황),1)=$D12)*1, ISTEXT(OFFSET(일반인력_투자현황,0,10,ROWS(일반인력_투자현황),1))*1)) ) ) -> 1 | T12: =IF(ISBLANK($D12), "", IF(VLOOKUP($D12,참여인력_개요,11,FALSE)="관리인력", "", IF(N12="핵심운용인력", SUMPRODUCT((OFFSET(핵심인력_투자현황,0,0,ROWS(핵심인력_투자현황),1)=$D12)*1, (OFFSET(핵심인력_투자현황,0,16,ROWS(핵심인력_투자현황),1)="회수료")*1), SUMPRODUCT((OFFSET(일반인력_투자현황,0,0,ROWS(일반인력_투자현황),1)=$D12)*1, (OFFSET(일반인력_투자현황,0,16,ROWS(일반인력_투자현황),1)="회수료")*1)))) -> 1 | U12: =IF(ISBLANK($D12), "", IF(VLOOKUP($D12,참여인력_개요,11,FALSE)="관리인력", "", IF(N12="핵심운용인력", SUMPRODUCT((OFFSET(핵심인력_투자현황,0,0,ROWS(핵심인력_투자현황),1)=$D12)*1, OFFSET(핵심인력_투자현황,0,15,ROWS(핵심인력_투자현황),1)), SUMPRODUCT((OFFSET(일반인력_투자현황,0,0,ROWS(일반인력_투자현황),1)=$D12)*1, OFFSET(일반인력_투자현황,0,15,ROWS(일반인력_투자현황),1)) ))) -> 390 | V12: =IF(ISBLANK($D12), "", IF(VLOOKUP($D12,참여인력_개요,11,FALSE)="관리인력", "", IF(N12="핵심운용인력", SUMPRODUCT((OFFSET(핵심인력_투자현황,0,0,ROWS(핵심인력_투자현황),1)=$D12)*1, OFFSET(핵심인력_투자현황,0,19,ROWS(핵심인력_투자현황),1)), SUMPRODUCT((OFFSET(일반인력_투자현황,0,0,ROWS(일반인력_투자현황),1)=$D12)*1, OFFSET(일반인력_투자현황,0,19,ROWS(일반인력_투자현황),1)) ))) -> 200 | W12: =IF(ISBLANK($D12), "", IF(VLOOKUP($D12,참여인력_개요,11,FALSE)="관리인력", "", IF(N12="핵심운용인력", SUMPRODUCT((OFFSET(핵심인력_투자현황,0,0,ROWS(핵심인력_투자현황),1)=$D12)*1, OFFSET(핵심인력_투자현황,0,24,ROWS(핵심인력_투자현황),1)), SUMPRODUCT((OFFSET(일반인력_투자현황,0,0,ROWS(일반인력_투자현황),1)=$D12)*1, OFFSET(일반인력_투자현황,0,24,ROWS(일반인력_투자현황),1)) ))) -> 240 | X12: =IF(ISBLANK($D12), "", IF(VLOOKUP($D12,참여인력_개요,11,FALSE)="관리인력", "", IF(N12="핵심운용인력", SUMPRODUCT((OFFSET(핵심인력_투자현황,0,0,ROWS(핵심인력_투자현황),1)=$D12)*1, OFFSET(핵심인력_투자현황,0,25,ROWS(핵심인력_투자현황),1)), SUMPRODUCT((OFFSET(일반인력_투자현황,0,0,ROWS(일반인력_투자현황),1)=$D12)*1, OFFSET(일반인력_투자현황,0,25,ROWS(일반인력_투자현황),1)) ))) -> 300 | Y12: =IF(ISBLANK($D12), "", IF(VLOOKUP($D12,참여인력_개요,11,FALSE)="관리인력", "", IF(N12="핵심운용인력", SUMPRODUCT((OFFSET(핵심인력_투자현황,0,0,ROWS(핵심인력_투자현황),1)=$D12)*1, OFFSET(핵심인력_투자현황,0,15,ROWS(핵심인력_투자현황),1), OFFSET(핵심인력_투자현황,0,17,ROWS(핵심인력_투자현황),1))/U12, SUMPRODUCT((OFFSET(일반인력_투자현황,0,0,ROWS(일반인력_투자현황),1)=$D12)*1, OFFSET(일반인력_투자현황,0,15,ROWS(일반인력_투자현황),1), OFFSET(일반인력_투자현황,0,17,ROWS(일반인력_투자현황),1))/U12 ))) -> 0.146 | Z12: =IF(ISBLANK($D12), "",IF(VLOOKUP($D12,참여인력_개요,11,FALSE)="관리인력", "", IF(N12="핵심운용인력", IF(SUMPRODUCT( (OFFSET(핵심인력_투자현황,0,0,ROWS(핵심인력_투자현황),1)=$D12)*1, OFFSET(핵심인력_투자현황,0,15,ROWS(핵심인력_투자현황),1), (OFFSET(핵심인력_투자현황,0,16,ROWS(핵심인력_투자현황),1)="회수료")*1 ) = 0, "N/A", SUMPRODUCT( (OFFSET(핵심인력_투자현황,0,0,ROWS(핵심인력_투자현황),1)=$D12)*1, OFFSET(핵심인력_투자현황,0,15,ROWS(핵심인력_투자현황),1), (OFFSET(핵심인력_투자현황,0,16,ROWS(핵심인력_투자현황),1)="회수료")*1, OFFSET(핵심인력_투자현황,0,17,ROWS(핵심인력_투자현황),1) ) / SUMPRODUCT( (OFFSET(핵심인력_투자현황,0,0,ROWS(핵심인력_투자현황),1)=$D12)*1, OFFSET(핵심인력_투자현황,0,15,ROWS(핵심인력_투자현황),1), (OFFSET(핵심인력_투자현황,0,16,ROWS(핵심인력_투자현황),1)="회수료")*1 ) ), IF(SUMPRODUCT( (OFFSET(일반인력_투자현황,0,0,ROWS(일반인력_투자현황),1)=$D12)*1, OFFSET(일반인력_투자현황,0,15,ROWS(일반인력_투자현황),1), (OFFSET(일반인력_투자현황,0,16,ROWS(일반인력_투자현황),1)="회수료")*1 ) = 0, "N/A", SUMPRODUCT( (OFFSET(일반인력_투자현황,0,0,ROWS(일반인력_투자현황),1)=$D12)*1, OFFSET(일반인력_투자현황,0,15,ROWS(일반인력_투자현황),1), (OFFSET(일반인력_투자현황,0,16,ROWS(일반인력_투자현황),1)="회수료")*1, OFFSET(일반인력_투자현황,0,17,ROWS(일반인력_투자현황),1) ) / SUMPRODUCT( (OFFSET(일반인력_투자현황,0,0,ROWS(일반인력_투자현황),1)=$D12)*1, OFFSET(일반인력_투자현황,0,15,ROWS(일반인력_투자현황),1), (OFFSET(일반인력_투자현황,0,16,ROWS(일반인력_투자현황),1)="회수료")*1 ) ) ))) -> 0.146 | AA12: =IF(ISBLANK($D12), "", IF(VLOOKUP($D12,참여인력_개요,11,FALSE)="관리인력", "", SUMPRODUCT( (OFFSET(제안사_투자현황,0,21,ROWS(제안사_투자현황),1)=$D12)*1, (OFFSET(제안사_투자현황,0,8,ROWS(제안사_투자현황),1)<>"회수료")*1 ) )) -> 0 | AB12: =IF(ISBLANK($D12), "", IF(VLOOKUP($D12,참여인력_개요,11,FALSE)="관리인력", "", SUMPRODUCT( (OFFSET(제안사_투자현황,0,21,ROWS(제안사_투자현황),1)=$D12)*1, (OFFSET(제안사_투자현황,0,9,ROWS(제안사_투자현황),1)<>"회수료")*1, OFFSET(제안사_투자현황,0,18,ROWS(제안사_투자현황),1) ) ) ) -> 0 | AC12: =IF(ISBLANK($D12), "", IF(VLOOKUP($D12,참여인력_개요,11,FALSE)="관리인력", "", SUMPRODUCT( (OFFSET(제안사_투자현황,0,21,ROWS(제안사_투자현황),1)=$D12)*1, (OFFSET(제안사_투자현황,0,9,ROWS(제안사_투자현황),1)<>"회수료")*1, OFFSET(제안사_투자현황,0,19,ROWS(제안사_투자현황),1) ) ) ) -> 0
D13: 박00 | E13: 28773 | N13: 일반운용인력 | O13: NO | R13: =IF(ISBLANK($D13), "", IF(N13="핵심운용인력", SUMPRODUCT((OFFSET(핵심인력_경력,0,0,ROWS(핵심인력_경력),1)=$D13)*1, OFFSET(핵심인력_경력,0,9,ROWS(핵심인력_경력),1), (OFFSET(핵심인력_경력,0,10,ROWS(핵심인력_경력),1)="A")*1)+SUMPRODUCT((OFFSET(핵심인력_경력,0,0,ROWS(핵심인력_경력),1)=$D13)*1, OFFSET(핵심인력_경력,0,9,ROWS(핵심인력_경력),1), (OFFSET(핵심인력_경력,0,10,ROWS(핵심인력_경력),1)="B")*1)*0.7, SUMPRODUCT((OFFSET(일반인력_경력,0,0,ROWS(일반인력_경력),1)=$D13)*1, OFFSET(일반인력_경력,0,9,ROWS(일반인력_경력),1), (OFFSET(일반인력_경력,0,10,ROWS(일반인력_경력),1)="A")*1)+SUMPRODUCT((OFFSET(일반인력_경력,0,0,ROWS(일반인력_경력),1)=$D13)*1, OFFSET(일반인력_경력,0,9,ROWS(일반인력_경력),1), (OFFSET(일반인력_경력,0,10,ROWS(일반인력_경력),1)="B")*1)*0.7 ) ) -> 3 | S13: =IF(ISBLANK($D13), "", IF(VLOOKUP($D13,참여인력_개요,11,FALSE)="관리인력", "", IF(N13="핵심운용인력", SUMPRODUCT((OFFSET(핵심인력_투자현황,0,0,ROWS(핵심인력_투자현황),1)=$D13)*1, ISTEXT(OFFSET(핵심인력_투자현황,0,10,ROWS(핵심인력_투자현황),1))*1), SUMPRODUCT((OFFSET(일반인력_투자현황,0,0,ROWS(일반인력_투자현황),1)=$D13)*1, ISTEXT(OFFSET(일반인력_투자현황,0,10,ROWS(일반인력_투자현황),1))*1)) ) ) -> 1 | T13: =IF(ISBLANK($D13), "", IF(VLOOKUP($D13,참여인력_개요,11,FALSE)="관리인력", "", IF(N13="핵심운용인력", SUMPRODUCT((OFFSET(핵심인력_투자현황,0,0,ROWS(핵심인력_투자현황),1)=$D13)*1, (OFFSET(핵심인력_투자현황,0,16,ROWS(핵심인력_투자현황),1)="회수료")*1), SUMPRODUCT((OFFSET(일반인력_투자현황,0,0,ROWS(일반인력_투자현황),1)=$D13)*1, (OFFSET(일반인력_투자현황,0,16,ROWS(일반인력_투자현황),1)="회수료")*1)))) -> 1 | U13: =IF(ISBLANK($D13), "", IF(VLOOKUP($D13,참여인력_개요,11,FALSE)="관리인력", "", IF(N13="핵심운용인력", SUMPRODUCT((OFFSET(핵심인력_투자현황,0,0,ROWS(핵심인력_투자현황),1)=$D13)*1, OFFSET(핵심인력_투자현황,0,15,ROWS(핵심인력_투자현황),1)), SUMPRODUCT((OFFSET(일반인력_투자현황,0,0,ROWS(일반인력_투자현황),1)=$D13)*1, OFFSET(일반인력_투자현황,0,15,ROWS(일반인력_투자현황),1)) ))) -> 500 | V13: =IF(ISBLANK($D13), "", IF(VLOOKUP($D13,참여인력_개요,11,FALSE)="관리인력", "", IF(N13="핵심운용인력", SUMPRODUCT((OFFSET(핵심인력_투자현황,0,0,ROWS(핵심인력_투자현황),1)=$D13)*1, OFFSET(핵심인력_투자현황,0,19,ROWS(핵심인력_투자현황),1)), SUMPRODUCT((OFFSET(일반인력_투자현황,0,0,ROWS(일반인력_투자현황),1)=$D13)*1, OFFSET(일반인력_투자현황,0,19,ROWS(일반인력_투자현황),1)) ))) -> 400 | W13: =IF(ISBLANK($D13), "", IF(VLOOKUP($D13,참여인력_개요,11,FALSE)="관리인력", "", IF(N13="핵심운용인력", SUMPRODUCT((OFFSET(핵심인력_투자현황,0,0,ROWS(핵심인력_투자현황),1)=$D13)*1, OFFSET(핵심인력_투자현황,0,24,ROWS(핵심인력_투자현황),1)), SUMPRODUCT((OFFSET(일반인력_투자현황,0,0,ROWS(일반인력_투자현황),1)=$D13)*1, OFFSET(일반인력_투자현황,0,24,ROWS(일반인력_투자현황),1)) ))) -> 0 | X13: =IF(ISBLANK($D13), "", IF(VLOOKUP($D13,참여인력_개요,11,FALSE)="관리인력", "", IF(N13="핵심운용인력", SUMPRODUCT((OFFSET(핵심인력_투자현황,0,0,ROWS(핵심인력_투자현황),1)=$D13)*1, OFFSET(핵심인력_투자현황,0,25,ROWS(핵심인력_투자현황),1)), SUMPRODUCT((OFFSET(일반인력_투자현황,0,0,ROWS(일반인력_투자현황),1)=$D13)*1, OFFSET(일반인력_투자현황,0,25,ROWS(일반인력_투자현황),1)) ))) -> 0 | Y13: =IF(ISBLANK($D13), "", IF(VLOOKUP($D13,참여인력_개요,11,FALSE)="관리인력", "", IF(N13="핵심운용인력", SUMPRODUCT((OFFSET(핵심인력_투자현황,0,0,ROWS(핵심인력_투자현황),1)=$D13)*1, OFFSET(핵심인력_투자현황,0,15,ROWS(핵심인력_투자현황),1), OFFSET(핵심인력_투자현황,0,17,ROWS(핵심인력_투자현황),1))/U13, SUMPRODUCT((OFFSET(일반인력_투자현황,0,0,ROWS(일반인력_투자현황),1)=$D13)*1, OFFSET(일반인력_투자현황,0,15,ROWS(일반인력_투자현황),1), OFFSET(일반인력_투자현황,0,17,ROWS(일반인력_투자현황),1))/U13 ))) -> 0.12 | Z13: =IF(ISBLANK($D13), "",IF(VLOOKUP($D13,참여인력_개요,11,FALSE)="관리인력", "", IF(N13="핵심운용인력", IF(SUMPRODUCT( (OFFSET(핵심인력_투자현황,0,0,ROWS(핵심인력_투자현황),1)=$D13)*1, OFFSET(핵심인력_투자현황,0,15,ROWS(핵심인력_투자현황),1), (OFFSET(핵심인력_투자현황,0,16,ROWS(핵심인력_투자현황),1)="회수료")*1 ) = 0, "N/A", SUMPRODUCT( (OFFSET(핵심인력_투자현황,0,0,ROWS(핵심인력_투자현황),1)=$D13)*1, OFFSET(핵심인력_투자현황,0,15,ROWS(핵심인력_투자현황),1), (OFFSET(핵심인력_투자현황,0,16,ROWS(핵심인력_투자현황),1)="회수료")*1, OFFSET(핵심인력_투자현황,0,17,ROWS(핵심인력_투자현황),1) ) / SUMPRODUCT( (OFFSET(핵심인력_투자현황,0,0,ROWS(핵심인력_투자현황),1)=$D13)*1, OFFSET(핵심인력_투자현황,0,15,ROWS(핵심인력_투자현황),1), (OFFSET(핵심인력_투자현황,0,16,ROWS(핵심인력_투자현황),1)="회수료")*1 ) ), IF(SUMPRODUCT( (OFFSET(일반인력_투자현황,0,0,ROWS(일반인력_투자현황),1)=$D13)*1, OFFSET(일반인력_투자현황,0,15,ROWS(일반인력_투자현황),1), (OFFSET(일반인력_투자현황,0,16,ROWS(일반인력_투자현황),1)="회수료")*1 ) = 0, "N/A", SUMPRODUCT( (OFFSET(일반인력_투자현황,0,0,ROWS(일반인력_투자현황),1)=$D13)*1, OFFSET(일반인력_투자현황,0,15,ROWS(일반인력_투자현황),1), (OFFSET(일반인력_투자현황,0,16,ROWS(일반인력_투자현황),1)="회수료")*1, OFFSET(일반인력_투자현황,0,17,ROWS(일반인력_투자현황),1) ) / SUMPRODUCT( (OFFSET(일반인력_투자현황,0,0,ROWS(일반인력_투자현황),1)=$D13)*1, OFFSET(일반인력_투자현황,0,15,ROWS(일반인력_투자현황),1), (OFFSET(일반인력_투자현황,0,16,ROWS(일반인력_투자현황),1)="회수료")*1 ) ) ))) -> 0.12 | AA13: =IF(ISBLANK($D13), "", IF(VLOOKUP($D13,참여인력_개요,11,FALSE)="관리인력", "", SUMPRODUCT( (OFFSET(제안사_투자현황,0,21,ROWS(제안사_투자현황),1)=$D13)*1, (OFFSET(제안사_투자현황,0,8,ROWS(제안사_투자현황),1)<>"회수료")*1 ) )) -> 0 | AB13: =IF(ISBLANK($D13), "", IF(VLOOKUP($D13,참여인력_개요,11,FALSE)="관리인력", "", SUMPRODUCT( (OFFSET(제안사_투자현황,0,21,ROWS(제안사_투자현황),1)=$D13)*1, (OFFSET(제안사_투자현황,0,9,ROWS(제안사_투자현황),1)<>"회수료")*1, OFFSET(제안사_투자현황,0,18,ROWS(제안사_투자현황),1) ) ) ) -> 0 | AC13: =IF(ISBLANK($D13), "", IF(VLOOKUP($D13,참여인력_개요,11,FALSE)="관리인력", "", SUMPRODUCT( (OFFSET(제안사_투자현황,0,21,ROWS(제안사_투자현황),1)=$D13)*1, (OFFSET(제안사_투자현황,0,9,ROWS(제안사_투자현황),1)<>"회수료")*1, OFFSET(제안사_투자현황,0,19,ROWS(제안사_투자현황),1) ) ) ) -> 0
D14: 최00 | E14: 27677 | N14: 일반운용인력 | O14: NO | R14: =IF(ISBLANK($D14), "", IF(N14="핵심운용인력", SUMPRODUCT((OFFSET(핵심인력_경력,0,0,ROWS(핵심인력_경력),1)=$D14)*1, OFFSET(핵심인력_경력,0,9,ROWS(핵심인력_경력),1), (OFFSET(핵심인력_경력,0,10,ROWS(핵심인력_경력),1)="A")*1)+SUMPRODUCT((OFFSET(핵심인력_경력,0,0,ROWS(핵심인력_경력),1)=$D14)*1, OFFSET(핵심인력_경력,0,9,ROWS(핵심인력_경력),1), (OFFSET(핵심인력_경력,0,10,ROWS(핵심인력_경력),1)="B")*1)*0.7, SUMPRODUCT((OFFSET(일반인력_경력,0,0,ROWS(일반인력_경력),1)=$D14)*1, OFFSET(일반인력_경력,0,9,ROWS(일반인력_경력),1), (OFFSET(일반인력_경력,0,10,ROWS(일반인력_경력),1)="A")*1)+SUMPRODUCT((OFFSET(일반인력_경력,0,0,ROWS(일반인력_경력),1)=$D14)*1, OFFSET(일반인력_경력,0,9,ROWS(일반인력_경력),1), (OFFSET(일반인력_경력,0,10,ROWS(일반인력_경력),1)="B")*1)*0.7 ) ) -> 2.0980822 | S14: =IF(ISBLANK($D14), "", IF(VLOOKUP($D14,참여인력_개요,11,FALSE)="관리인력", "", IF(N14="핵심운용인력", SUMPRODUCT((OFFSET(핵심인력_투자현황,0,0,ROWS(핵심인력_투자현황),1)=$D14)*1, ISTEXT(OFFSET(핵심인력_투자현황,0,10,ROWS(핵심인력_투자현황),1))*1), SUMPRODUCT((OFFSET(일반인력_투자현황,0,0,ROWS(일반인력_투자현황),1)=$D14)*1, ISTEXT(OFFSET(일반인력_투자현황,0,10,ROWS(일반인력_투자현황),1))*1)) ) ) -> 1 | T14: =IF(ISBLANK($D14), "", IF(VLOOKUP($D14,참여인력_개요,11,FALSE)="관리인력", "", IF(N14="핵심운용인력", SUMPRODUCT((OFFSET(핵심인력_투자현황,0,0,ROWS(핵심인력_투자현황),1)=$D14)*1, (OFFSET(핵심인력_투자현황,0,16,ROWS(핵심인력_투자현황),1)="회수료")*1), SUMPRODUCT((OFFSET(일반인력_투자현황,0,0,ROWS(일반인력_투자현황),1)=$D14)*1, (OFFSET(일반인력_투자현황,0,16,ROWS(일반인력_투자현황),1)="회수료")*1)))) -> 1 | U14: =IF(ISBLANK($D14), "", IF(VLOOKUP($D14,참여인력_개요,11,FALSE)="관리인력", "", IF(N14="핵심운용인력", SUMPRODUCT((OFFSET(핵심인력_투자현황,0,0,ROWS(핵심인력_투자현황),1)=$D14)*1, OFFSET(핵심인력_투자현황,0,15,ROWS(핵심인력_투자현황),1)), SUMPRODUCT((OFFSET(일반인력_투자현황,0,0,ROWS(일반인력_투자현황),1)=$D14)*1, OFFSET(일반인력_투자현황,0,15,ROWS(일반인력_투자현황),1)) ))) -> 700 | V14: =IF(ISBLANK($D14), "", IF(VLOOKUP($D14,참여인력_개요,11,FALSE)="관리인력", "", IF(N14="핵심운용인력", SUMPRODUCT((OFFSET(핵심인력_투자현황,0,0,ROWS(핵심인력_투자현황),1)=$D14)*1, OFFSET(핵심인력_투자현황,0,19,ROWS(핵심인력_투자현황),1)), SUMPRODUCT((OFFSET(일반인력_투자현황,0,0,ROWS(일반인력_투자현황),1)=$D14)*1, OFFSET(일반인력_투자현황,0,19,ROWS(일반인력_투자현황),1)) ))) -> 300 | W14: =IF(ISBLANK($D14), "", IF(VLOOKUP($D14,참여인력_개요,11,FALSE)="관리인력", "", IF(N14="핵심운용인력", SUMPRODUCT((OFFSET(핵심인력_투자현황,0,0,ROWS(핵심인력_투자현황),1)=$D14)*1, OFFSET(핵심인력_투자현황,0,24,ROWS(핵심인력_투자현황),1)), SUMPRODUCT((OFFSET(일반인력_투자현황,0,0,ROWS(일반인력_투자현황),1)=$D14)*1, OFFSET(일반인력_투자현황,0,24,ROWS(일반인력_투자현황),1)) ))) -> 0 | X14: =IF(ISBLANK($D14), "", IF(VLOOKUP($D14,참여인력_개요,11,FALSE)="관리인력", "", IF(N14="핵심운용인력", SUMPRODUCT((OFFSET(핵심인력_투자현황,0,0,ROWS(핵심인력_투자현황),1)=$D14)*1, OFFSET(핵심인력_투자현황,0,25,ROWS(핵심인력_투자현황),1)), SUMPRODUCT((OFFSET(일반인력_투자현황,0,0,ROWS(일반인력_투자현황),1)=$D14)*1, OFFSET(일반인력_투자현황,0,25,ROWS(일반인력_투자현황),1)) ))) -> 300 | Y14: =IF(ISBLANK($D14), "", IF(VLOOKUP($D14,참여인력_개요,11,FALSE)="관리인력", "", IF(N14="핵심운용인력", SUMPRODUCT((OFFSET(핵심인력_투자현황,0,0,ROWS(핵심인력_투자현황),1)=$D14)*1, OFFSET(핵심인력_투자현황,0,15,ROWS(핵심인력_투자현황),1), OFFSET(핵심인력_투자현황,0,17,ROWS(핵심인력_투자현황),1))/U14, SUMPRODUCT((OFFSET(일반인력_투자현황,0,0,ROWS(일반인력_투자현황),1)=$D14)*1, OFFSET(일반인력_투자현황,0,15,ROWS(일반인력_투자현황),1), OFFSET(일반인력_투자현황,0,17,ROWS(일반인력_투자현황),1))/U14 ))) -> 0.08 | Z14: =IF(ISBLANK($D14), "",IF(VLOOKUP($D14,참여인력_개요,11,FALSE)="관리인력", "", IF(N14="핵심운용인력", IF(SUMPRODUCT( (OFFSET(핵심인력_투자현황,0,0,ROWS(핵심인력_투자현황),1)=$D14)*1, OFFSET(핵심인력_투자현황,0,15,ROWS(핵심인력_투자현황),1), (OFFSET(핵심인력_투자현황,0,16,ROWS(핵심인력_투자현황),1)="회수료")*1 ) = 0, "N/A", SUMPRODUCT( (OFFSET(핵심인력_투자현황,0,0,ROWS(핵심인력_투자현황),1)=$D14)*1, OFFSET(핵심인력_투자현황,0,15,ROWS(핵심인력_투자현황),1), (OFFSET(핵심인력_투자현황,0,16,ROWS(핵심인력_투자현황),1)="회수료")*1, OFFSET(핵심인력_투자현황,0,17,ROWS(핵심인력_투자현황),1) ) / SUMPRODUCT( (OFFSET(핵심인력_투자현황,0,0,ROWS(핵심인력_투자현황),1)=$D14)*1, OFFSET(핵심인력_투자현황,0,15,ROWS(핵심인력_투자현황),1), (OFFSET(핵심인력_투자현황,0,16,ROWS(핵심인력_투자현황),1)="회수료")*1 ) ), IF(SUMPRODUCT( (OFFSET(일반인력_투자현황,0,0,ROWS(일반인력_투자현황),1)=$D14)*1, OFFSET(일반인력_투자현황,0,15,ROWS(일반인력_투자현황),1), (OFFSET(일반인력_투자현황,0,16,ROWS(일반인력_투자현황),1)="회수료")*1 ) = 0, "N/A", SUMPRODUCT( (OFFSET(일반인력_투자현황,0,0,ROWS(일반인력_투자현황),1)=$D14)*1, OFFSET(일반인력_투자현황,0,15,ROWS(일반인력_투자현황),1), (OFFSET(일반인력_투자현황,0,16,ROWS(일반인력_투자현황),1)="회수료")*1, OFFSET(일반인력_투자현황,0,17,ROWS(일반인력_투자현황),1) ) / SUMPRODUCT( (OFFSET(일반인력_투자현황,0,0,ROWS(일반인력_투자현황),1)=$D14)*1, OFFSET(일반인력_투자현황,0,15,ROWS(일반인력_투자현황),1), (OFFSET(일반인력_투자현황,0,16,ROWS(일반인력_투자현황),1)="회수료")*1 ) ) ))) -> 0.08 | AA14: =IF(ISBLANK($D14), "", IF(VLOOKUP($D14,참여인력_개요,11,FALSE)="관리인력", "", SUMPRODUCT( (OFFSET(제안사_투자현황,0,21,ROWS(제안사_투자현황),1)=$D14)*1, (OFFSET(제안사_투자현황,0,8,ROWS(제안사_투자현황),1)<>"회수료")*1 ) )) -> 0 | AB14: =IF(ISBLANK($D14), "", IF(VLOOKUP($D14,참여인력_개요,11,FALSE)="관리인력", "", SUMPRODUCT( (OFFSET(제안사_투자현황,0,21,ROWS(제안사_투자현황),1)=$D14)*1, (OFFSET(제안사_투자현황,0,9,ROWS(제안사_투자현황),1)<>"회수료")*1, OFFSET(제안사_투자현황,0,18,ROWS(제안사_투자현황),1) ) ) ) -> 0 | AC14: =IF(ISBLANK($D14), "", IF(VLOOKUP($D14,참여인력_개요,11,FALSE)="관리인력", "", SUMPRODUCT( (OFFSET(제안사_투자현황,0,21,ROWS(제안사_투자현황),1)=$D14)*1, (OFFSET(제안사_투자현황,0,9,ROWS(제안사_투자현황),1)<>"회수료")*1, OFFSET(제안사_투자현황,0,19,ROWS(제안사_투자현황),1) ) ) ) -> 0
D15: 인00 | E15: 25518 | N15: 관리인력 | O15: NO | R15: =IF(ISBLANK($D15), "", IF(N15="핵심운용인력", SUMPRODUCT((OFFSET(핵심인력_경력,0,0,ROWS(핵심인력_경력),1)=$D15)*1, OFFSET(핵심인력_경력,0,9,ROWS(핵심인력_경력),1), (OFFSET(핵심인력_경력,0,10,ROWS(핵심인력_경력),1)="A")*1)+SUMPRODUCT((OFFSET(핵심인력_경력,0,0,ROWS(핵심인력_경력),1)=$D15)*1, OFFSET(핵심인력_경력,0,9,ROWS(핵심인력_경력),1), (OFFSET(핵심인력_경력,0,10,ROWS(핵심인력_경력),1)="B")*1)*0.7, SUMPRODUCT((OFFSET(일반인력_경력,0,0,ROWS(일반인력_경력),1)=$D15)*1, OFFSET(일반인력_경력,0,9,ROWS(일반인력_경력),1), (OFFSET(일반인력_경력,0,10,ROWS(일반인력_경력),1)="A")*1)+SUMPRODUCT((OFFSET(일반인력_경력,0,0,ROWS(일반인력_경력),1)=$D15)*1, OFFSET(일반인력_경력,0,9,ROWS(일반인력_경력),1), (OFFSET(일반인력_경력,0,10,ROWS(일반인력_경력),1)="B")*1)*0.7 ) ) -> 0 | S15: =IF(ISBLANK($D15), "", IF(VLOOKUP($D15,참여인력_개요,11,FALSE)="관리인력", "", IF(N15="핵심운용인력", SUMPRODUCT((OFFSET(핵심인력_투자현황,0,0,ROWS(핵심인력_투자현황),1)=$D15)*1, ISTEXT(OFFSET(핵심인력_투자현황,0,10,ROWS(핵심인력_투자현황),1))*1), SUMPRODUCT((OFFSET(일반인력_투자현황,0,0,ROWS(일반인력_투자현황),1)=$D15)*1, ISTEXT(OFFSET(일반인력_투자현황,0,10,ROWS(일반인력_투자현황),1))*1)) ) ) | T15: =IF(ISBLANK($D15), "", IF(VLOOKUP($D15,참여인력_개요,11,FALSE)="관리인력", "", IF(N15="핵심운용인력", SUMPRODUCT((OFFSET(핵심인력_투자현황,0,0,ROWS(핵심인력_투자현황),1)=$D15)*1, (OFFSET(핵심인력_투자현황,0,16,ROWS(핵심인력_투자현황),1)="회수료")*1), SUMPRODUCT((OFFSET(일반인력_투자현황,0,0,ROWS(일반인력_투자현황),1)=$D15)*1, (OFFSET(일반인력_투자현황,0,16,ROWS(일반인력_투자현황),1)="회수료")*1)))) | U15: =IF(ISBLANK($D15), "", IF(VLOOKUP($D15,참여인력_개요,11,FALSE)="관리인력", "", IF(N15="핵심운용인력", SUMPRODUCT((OFFSET(핵심인력_투자현황,0,0,ROWS(핵심인력_투자현황),1)=$D15)*1, OFFSET(핵심인력_투자현황,0,15,ROWS(핵심인력_투자현황),1)), SUMPRODUCT((OFFSET(일반인력_투자현황,0,0,ROWS(일반인력_투자현황),1)=$D15)*1, OFFSET(일반인력_투자현황,0,15,ROWS(일반인력_투자현황),1)) ))) | V15: =IF(ISBLANK($D15), "", IF(VLOOKUP($D15,참여인력_개요,11,FALSE)="관리인력", "", IF(N15="핵심운용인력", SUMPRODUCT((OFFSET(핵심인력_투자현황,0,0,ROWS(핵심인력_투자현황),1)=$D15)*1, OFFSET(핵심인력_투자현황,0,19,ROWS(핵심인력_투자현황),1)), SUMPRODUCT((OFFSET(일반인력_투자현황,0,0,ROWS(일반인력_투자현황),1)=$D15)*1, OFFSET(일반인력_투자현황,0,19,ROWS(일반인력_투자현황),1)) ))) | W15: =IF(ISBLANK($D15), "", IF(VLOOKUP($D15,참여인력_개요,11,FALSE)="관리인력", "", IF(N15="핵심운용인력", SUMPRODUCT((OFFSET(핵심인력_투자현황,0,0,ROWS(핵심인력_투자현황),1)=$D15)*1, OFFSET(핵심인력_투자현황,0,24,ROWS(핵심인력_투자현황),1)), SUMPRODUCT((OFFSET(일반인력_투자현황,0,0,ROWS(일반인력_투자현황),1)=$D15)*1, OFFSET(일반인력_투자현황,0,24,ROWS(일반인력_투자현황),1)) ))) | X15: =IF(ISBLANK($D15), "", IF(VLOOKUP($D15,참여인력_개요,11,FALSE)="관리인력", "", IF(N15="핵심운용인력", SUMPRODUCT((OFFSET(핵심인력_투자현황,0,0,ROWS(핵심인력_투자현황),1)=$D15)*1, OFFSET(핵심인력_투자현황,0,25,ROWS(핵심인력_투자현황),1)), SUMPRODUCT((OFFSET(일반인력_투자현황,0,0,ROWS(일반인력_투자현황),1)=$D15)*1, OFFSET(일반인력_투자현황,0,25,ROWS(일반인력_투자현황),1)) ))) | Y15: =IF(ISBLANK($D15), "", IF(VLOOKUP($D15,참여인력_개요,11,FALSE)="관리인력", "", IF(N15="핵심운용인력", SUMPRODUCT((OFFSET(핵심인력_투자현황,0,0,ROWS(핵심인력_투자현황),1)=$D15)*1, OFFSET(핵심인력_투자현황,0,15,ROWS(핵심인력_투자현황),1), OFFSET(핵심인력_투자현황,0,17,ROWS(핵심인력_투자현황),1))/U15, SUMPRODUCT((OFFSET(일반인력_투자현황,0,0,ROWS(일반인력_투자현황),1)=$D15)*1, OFFSET(일반인력_투자현황,0,15,ROWS(일반인력_투자현황),1), OFFSET(일반인력_투자현황,0,17,ROWS(일반인력_투자현황),1))/U15 ))) | Z15: =IF(ISBLANK($D15), "",IF(VLOOKUP($D15,참여인력_개요,11,FALSE)="관리인력", "", IF(N15="핵심운용인력", IF(SUMPRODUCT( (OFFSET(핵심인력_투자현황,0,0,ROWS(핵심인력_투자현황),1)=$D15)*1, OFFSET(핵심인력_투자현황,0,15,ROWS(핵심인력_투자현황),1), (OFFSET(핵심인력_투자현황,0,16,ROWS(핵심인력_투자현황),1)="회수료")*1 ) = 0, "N/A", SUMPRODUCT( (OFFSET(핵심인력_투자현황,0,0,ROWS(핵심인력_투자현황),1)=$D15)*1, OFFSET(핵심인력_투자현황,0,15,ROWS(핵심인력_투자현황),1), (OFFSET(핵심인력_투자현황,0,16,ROWS(핵심인력_투자현황),1)="회수료")*1, OFFSET(핵심인력_투자현황,0,17,ROWS(핵심인력_투자현황),1) ) / SUMPRODUCT( (OFFSET(핵심인력_투자현황,0,0,ROWS(핵심인력_투자현황),1)=$D15)*1, OFFSET(핵심인력_투자현황,0,15,ROWS(핵심인력_투자현황),1), (OFFSET(핵심인력_투자현황,0,16,ROWS(핵심인력_투자현황),1)="회수료")*1 ) ), IF(SUMPRODUCT( (OFFSET(일반인력_투자현황,0,0,ROWS(일반인력_투자현황),1)=$D15)*1, OFFSET(일반인력_투자현황,0,15,ROWS(일반인력_투자현황),1), (OFFSET(일반인력_투자현황,0,16,ROWS(일반인력_투자현황),1)="회수료")*1 ) = 0, "N/A", SUMPRODUCT( (OFFSET(일반인력_투자현황,0,0,ROWS(일반인력_투자현황),1)=$D15)*1, OFFSET(일반인력_투자현황,0,15,ROWS(일반인력_투자현황),1), (OFFSET(일반인력_투자현황,0,16,ROWS(일반인력_투자현황),1)="회수료")*1, OFFSET(일반인력_투자현황,0,17,ROWS(일반인력_투자현황),1) ) / SUMPRODUCT( (OFFSET(일반인력_투자현황,0,0,ROWS(일반인력_투자현황),1)=$D15)*1, OFFSET(일반인력_투자현황,0,15,ROWS(일반인력_투자현황),1), (OFFSET(일반인력_투자현황,0,16,ROWS(일반인력_투자현황),1)="회수료")*1 ) ) ))) | AA15: =IF(ISBLANK($D15), "", IF(VLOOKUP($D15,참여인력_개요,11,FALSE)="관리인력", "", SUMPRODUCT( (OFFSET(제안사_투자현황,0,21,ROWS(제안사_투자현황),1)=$D15)*1, (OFFSET(제안사_투자현황,0,8,ROWS(제안사_투자현황),1)<>"회수료")*1 ) )) | AB15: =IF(ISBLANK($D15), "", IF(VLOOKUP($D15,참여인력_개요,11,FALSE)="관리인력", "", SUMPRODUCT( (OFFSET(제안사_투자현황,0,21,ROWS(제안사_투자현황),1)=$D15)*1, (OFFSET(제안사_투자현황,0,9,ROWS(제안사_투자현황),1)<>"회수료")*1, OFFSET(제안사_투자현황,0,18,ROWS(제안사_투자현황),1) ) ) ) | AC15: =IF(ISBLANK($D15), "", IF(VLOOKUP($D15,참여인력_개요,11,FALSE)="관리인력", "", SUMPRODUCT( (OFFSET(제안사_투자현황,0,21,ROWS(제안사_투자현황),1)=$D15)*1, (OFFSET(제안사_투자현황,0,9,ROWS(제안사_투자현황),1)<>"회수료")*1, OFFSET(제안사_투자현황,0,19,ROWS(제안사_투자현황),1) ) ) )
R16: =IF(ISBLANK($D16), "", IF(N16="핵심운용인력", SUMPRODUCT((OFFSET(핵심인력_경력,0,0,ROWS(핵심인력_경력),1)=$D16)*1, OFFSET(핵심인력_경력,0,9,ROWS(핵심인력_경력),1), (OFFSET(핵심인력_경력,0,10,ROWS(핵심인력_경력),1)="A")*1)+SUMPRODUCT((OFFSET(핵심인력_경력,0,0,ROWS(핵심인력_경력),1)=$D16)*1, OFFSET(핵심인력_경력,0,9,ROWS(핵심인력_경력),1), (OFFSET(핵심인력_경력,0,10,ROWS(핵심인력_경력),1)="B")*1)*0.7, SUMPRODUCT((OFFSET(일반인력_경력,0,0,ROWS(일반인력_경력),1)=$D16)*1, OFFSET(일반인력_경력,0,9,ROWS(일반인력_경력),1), (OFFSET(일반인력_경력,0,10,ROWS(일반인력_경력),1)="A")*1)+SUMPRODUCT((OFFSET(일반인력_경력,0,0,ROWS(일반인력_경력),1)=$D16)*1, OFFSET(일반인력_경력,0,9,ROWS(일반인력_경력),1), (OFFSET(일반인력_경력,0,10,ROWS(일반인력_경력),1)="B")*1)*0.7 ) ) | S16: =IF(ISBLANK($D16), "", IF(VLOOKUP($D16,참여인력_개요,11,FALSE)="관리인력", "", IF(N16="핵심운용인력", SUMPRODUCT((OFFSET(핵심인력_투자현황,0,0,ROWS(핵심인력_투자현황),1)=$D16)*1, ISTEXT(OFFSET(핵심인력_투자현황,0,10,ROWS(핵심인력_투자현황),1))*1), SUMPRODUCT((OFFSET(일반인력_투자현황,0,0,ROWS(일반인력_투자현황),1)=$D16)*1, ISTEXT(OFFSET(일반인력_투자현황,0,10,ROWS(일반인력_투자현황),1))*1)) ) ) | T16: =IF(ISBLANK($D16), "", IF(VLOOKUP($D16,참여인력_개요,11,FALSE)="관리인력", "", IF(N16="핵심운용인력", SUMPRODUCT((OFFSET(핵심인력_투자현황,0,0,ROWS(핵심인력_투자현황),1)=$D16)*1, (OFFSET(핵심인력_투자현황,0,16,ROWS(핵심인력_투자현황),1)="회수료")*1), SUMPRODUCT((OFFSET(일반인력_투자현황,0,0,ROWS(일반인력_투자현황),1)=$D16)*1, (OFFSET(일반인력_투자현황,0,16,ROWS(일반인력_투자현황),1)="회수료")*1)))) | U16: =IF(ISBLANK($D16), "", IF(VLOOKUP($D16,참여인력_개요,11,FALSE)="관리인력", "", IF(N16="핵심운용인력", SUMPRODUCT((OFFSET(핵심인력_투자현황,0,0,ROWS(핵심인력_투자현황),1)=$D16)*1, OFFSET(핵심인력_투자현황,0,15,ROWS(핵심인력_투자현황),1)), SUMPRODUCT((OFFSET(일반인력_투자현황,0,0,ROWS(일반인력_투자현황),1)=$D16)*1, OFFSET(일반인력_투자현황,0,15,ROWS(일반인력_투자현황),1)) ))) | V16: =IF(ISBLANK($D16), "", IF(VLOOKUP($D16,참여인력_개요,11,FALSE)="관리인력", "", IF(N16="핵심운용인력", SUMPRODUCT((OFFSET(핵심인력_투자현황,0,0,ROWS(핵심인력_투자현황),1)=$D16)*1, OFFSET(핵심인력_투자현황,0,19,ROWS(핵심인력_투자현황),1)), SUMPRODUCT((OFFSET(일반인력_투자현황,0,0,ROWS(일반인력_투자현황),1)=$D16)*1, OFFSET(일반인력_투자현황,0,19,ROWS(일반인력_투자현황),1)) ))) | W16: =IF(ISBLANK($D16), "", IF(VLOOKUP($D16,참여인력_개요,11,FALSE)="관리인력", "", IF(N16="핵심운용인력", SUMPRODUCT((OFFSET(핵심인력_투자현황,0,0,ROWS(핵심인력_투자현황),1)=$D16)*1, OFFSET(핵심인력_투자현황,0,24,ROWS(핵심인력_투자현황),1)), SUMPRODUCT((OFFSET(일반인력_투자현황,0,0,ROWS(일반인력_투자현황),1)=$D16)*1, OFFSET(일반인력_투자현황,0,24,ROWS(일반인력_투자현황),1)) ))) | X16: =IF(ISBLANK($D16), "", IF(VLOOKUP($D16,참여인력_개요,11,FALSE)="관리인력", "", IF(N16="핵심운용인력", SUMPRODUCT((OFFSET(핵심인력_투자현황,0,0,ROWS(핵심인력_투자현황),1)=$D16)*1, OFFSET(핵심인력_투자현황,0,25,ROWS(핵심인력_투자현황),1)), SUMPRODUCT((OFFSET(일반인력_투자현황,0,0,ROWS(일반인력_투자현황),1)=$D16)*1, OFFSET(일반인력_투자현황,0,25,ROWS(일반인력_투자현황),1)) ))) | Y16: =IF(ISBLANK($D16), "", IF(VLOOKUP($D16,참여인력_개요,11,FALSE)="관리인력", "", IF(N16="핵심운용인력", SUMPRODUCT((OFFSET(핵심인력_투자현황,0,0,ROWS(핵심인력_투자현황),1)=$D16)*1, OFFSET(핵심인력_투자현황,0,15,ROWS(핵심인력_투자현황),1), OFFSET(핵심인력_투자현황,0,17,ROWS(핵심인력_투자현황),1))/U16, SUMPRODUCT((OFFSET(일반인력_투자현황,0,0,ROWS(일반인력_투자현황),1)=$D16)*1, OFFSET(일반인력_투자현황,0,15,ROWS(일반인력_투자현황),1), OFFSET(일반인력_투자현황,0,17,ROWS(일반인력_투자현황),1))/U16 ))) | Z16: =IF(ISBLANK($D16), "",IF(VLOOKUP($D16,참여인력_개요,11,FALSE)="관리인력", "", IF(N16="핵심운용인력", IF(SUMPRODUCT( (OFFSET(핵심인력_투자현황,0,0,ROWS(핵심인력_투자현황),1)=$D16)*1, OFFSET(핵심인력_투자현황,0,15,ROWS(핵심인력_투자현황),1), (OFFSET(핵심인력_투자현황,0,16,ROWS(핵심인력_투자현황),1)="회수료")*1 ) = 0, "N/A", SUMPRODUCT( (OFFSET(핵심인력_투자현황,0,0,ROWS(핵심인력_투자현황),1)=$D16)*1, OFFSET(핵심인력_투자현황,0,15,ROWS(핵심인력_투자현황),1), (OFFSET(핵심인력_투자현황,0,16,ROWS(핵심인력_투자현황),1)="회수료")*1, OFFSET(핵심인력_투자현황,0,17,ROWS(핵심인력_투자현황),1) ) / SUMPRODUCT( (OFFSET(핵심인력_투자현황,0,0,ROWS(핵심인력_투자현황),1)=$D16)*1, OFFSET(핵심인력_투자현황,0,15,ROWS(핵심인력_투자현황),1), (OFFSET(핵심인력_투자현황,0,16,ROWS(핵심인력_투자현황),1)="회수료")*1 ) ), IF(SUMPRODUCT( (OFFSET(일반인력_투자현황,0,0,ROWS(일반인력_투자현황),1)=$D16)*1, OFFSET(일반인력_투자현황,0,15,ROWS(일반인력_투자현황),1), (OFFSET(일반인력_투자현황,0,16,ROWS(일반인력_투자현황),1)="회수료")*1 ) = 0, "N/A", SUMPRODUCT( (OFFSET(일반인력_투자현황,0,0,ROWS(일반인력_투자현황),1)=$D16)*1, OFFSET(일반인력_투자현황,0,15,ROWS(일반인력_투자현황),1), (OFFSET(일반인력_투자현황,0,16,ROWS(일반인력_투자현황),1)="회수료")*1, OFFSET(일반인력_투자현황,0,17,ROWS(일반인력_투자현황),1) ) / SUMPRODUCT( (OFFSET(일반인력_투자현황,0,0,ROWS(일반인력_투자현황),1)=$D16)*1, OFFSET(일반인력_투자현황,0,15,ROWS(일반인력_투자현황),1), (OFFSET(일반인력_투자현황,0,16,ROWS(일반인력_투자현황),1)="회수료")*1 ) ) ))) | AA16: =IF(ISBLANK($D16), "", IF(VLOOKUP($D16,참여인력_개요,11,FALSE)="관리인력", "", SUMPRODUCT( (OFFSET(제안사_투자현황,0,21,ROWS(제안사_투자현황),1)=$D16)*1, (OFFSET(제안사_투자현황,0,8,ROWS(제안사_투자현황),1)<>"회수료")*1 ) )) | AB16: =IF(ISBLANK($D16), "", IF(VLOOKUP($D16,참여인력_개요,11,FALSE)="관리인력", "", SUMPRODUCT( (OFFSET(제안사_투자현황,0,21,ROWS(제안사_투자현황),1)=$D16)*1, (OFFSET(제안사_투자현황,0,9,ROWS(제안사_투자현황),1)<>"회수료")*1, OFFSET(제안사_투자현황,0,18,ROWS(제안사_투자현황),1) ) ) ) | AC16: =IF(ISBLANK($D16), "", IF(VLOOKUP($D16,참여인력_개요,11,FALSE)="관리인력", "", SUMPRODUCT( (OFFSET(제안사_투자현황,0,21,ROWS(제안사_투자현황),1)=$D16)*1, (OFFSET(제안사_투자현황,0,9,ROWS(제안사_투자현황),1)<>"회수료")*1, OFFSET(제안사_투자현황,0,19,ROWS(제안사_투자현황),1) ) ) )
R17: =IF(ISBLANK($D17), "", IF(N17="핵심운용인력", SUMPRODUCT((OFFSET(핵심인력_경력,0,0,ROWS(핵심인력_경력),1)=$D17)*1, OFFSET(핵심인력_경력,0,9,ROWS(핵심인력_경력),1), (OFFSET(핵심인력_경력,0,10,ROWS(핵심인력_경력),1)="A")*1)+SUMPRODUCT((OFFSET(핵심인력_경력,0,0,ROWS(핵심인력_경력),1)=$D17)*1, OFFSET(핵심인력_경력,0,9,ROWS(핵심인력_경력),1), (OFFSET(핵심인력_경력,0,10,ROWS(핵심인력_경력),1)="B")*1)*0.7, SUMPRODUCT((OFFSET(일반인력_경력,0,0,ROWS(일반인력_경력),1)=$D17)*1, OFFSET(일반인력_경력,0,9,ROWS(일반인력_경력),1), (OFFSET(일반인력_경력,0,10,ROWS(일반인력_경력),1)="A")*1)+SUMPRODUCT((OFFSET(일반인력_경력,0,0,ROWS(일반인력_경력),1)=$D17)*1, OFFSET(일반인력_경력,0,9,ROWS(일반인력_경력),1), (OFFSET(일반인력_경력,0,10,ROWS(일반인력_경력),1)="B")*1)*0.7 ) ) | S17: =IF(ISBLANK($D17), "", IF(VLOOKUP($D17,참여인력_개요,11,FALSE)="관리인력", "", IF(N17="핵심운용인력", SUMPRODUCT((OFFSET(핵심인력_투자현황,0,0,ROWS(핵심인력_투자현황),1)=$D17)*1, ISTEXT(OFFSET(핵심인력_투자현황,0,10,ROWS(핵심인력_투자현황),1))*1), SUMPRODUCT((OFFSET(일반인력_투자현황,0,0,ROWS(일반인력_투자현황),1)=$D17)*1, ISTEXT(OFFSET(일반인력_투자현황,0,10,ROWS(일반인력_투자현황),1))*1)) ) ) | T17: =IF(ISBLANK($D17), "", IF(VLOOKUP($D17,참여인력_개요,11,FALSE)="관리인력", "", IF(N17="핵심운용인력", SUMPRODUCT((OFFSET(핵심인력_투자현황,0,0,ROWS(핵심인력_투자현황),1)=$D17)*1, (OFFSET(핵심인력_투자현황,0,16,ROWS(핵심인력_투자현황),1)="회수료")*1), SUMPRODUCT((OFFSET(일반인력_투자현황,0,0,ROWS(일반인력_투자현황),1)=$D17)*1, (OFFSET(일반인력_투자현황,0,16,ROWS(일반인력_투자현황),1)="회수료")*1)))) | U17: =IF(ISBLANK($D17), "", IF(VLOOKUP($D17,참여인력_개요,11,FALSE)="관리인력", "", IF(N17="핵심운용인력", SUMPRODUCT((OFFSET(핵심인력_투자현황,0,0,ROWS(핵심인력_투자현황),1)=$D17)*1, OFFSET(핵심인력_투자현황,0,15,ROWS(핵심인력_투자현황),1)), SUMPRODUCT((OFFSET(일반인력_투자현황,0,0,ROWS(일반인력_투자현황),1)=$D17)*1, OFFSET(일반인력_투자현황,0,15,ROWS(일반인력_투자현황),1)) ))) | V17: =IF(ISBLANK($D17), "", IF(VLOOKUP($D17,참여인력_개요,11,FALSE)="관리인력", "", IF(N17="핵심운용인력", SUMPRODUCT((OFFSET(핵심인력_투자현황,0,0,ROWS(핵심인력_투자현황),1)=$D17)*1, OFFSET(핵심인력_투자현황,0,19,ROWS(핵심인력_투자현황),1)), SUMPRODUCT((OFFSET(일반인력_투자현황,0,0,ROWS(일반인력_투자현황),1)=$D17)*1, OFFSET(일반인력_투자현황,0,19,ROWS(일반인력_투자현황),1)) ))) | W17: =IF(ISBLANK($D17), "", IF(VLOOKUP($D17,참여인력_개요,11,FALSE)="관리인력", "", IF(N17="핵심운용인력", SUMPRODUCT((OFFSET(핵심인력_투자현황,0,0,ROWS(핵심인력_투자현황),1)=$D17)*1, OFFSET(핵심인력_투자현황,0,24,ROWS(핵심인력_투자현황),1)), SUMPRODUCT((OFFSET(일반인력_투자현황,0,0,ROWS(일반인력_투자현황),1)=$D17)*1, OFFSET(일반인력_투자현황,0,24,ROWS(일반인력_투자현황),1)) ))) | X17: =IF(ISBLANK($D17), "", IF(VLOOKUP($D17,참여인력_개요,11,FALSE)="관리인력", "", IF(N17="핵심운용인력", SUMPRODUCT((OFFSET(핵심인력_투자현황,0,0,ROWS(핵심인력_투자현황),1)=$D17)*1, OFFSET(핵심인력_투자현황,0,25,ROWS(핵심인력_투자현황),1)), SUMPRODUCT((OFFSET(일반인력_투자현황,0,0,ROWS(일반인력_투자현황),1)=$D17)*1, OFFSET(일반인력_투자현황,0,25,ROWS(일반인력_투자현황),1)) ))) | Y17: =IF(ISBLANK($D17), "", IF(VLOOKUP($D17,참여인력_개요,11,FALSE)="관리인력", "", IF(N17="핵심운용인력", SUMPRODUCT((OFFSET(핵심인력_투자현황,0,0,ROWS(핵심인력_투자현황),1)=$D17)*1, OFFSET(핵심인력_투자현황,0,15,ROWS(핵심인력_투자현황),1), OFFSET(핵심인력_투자현황,0,17,ROWS(핵심인력_투자현황),1))/U17, SUMPRODUCT((OFFSET(일반인력_투자현황,0,0,ROWS(일반인력_투자현황),1)=$D17)*1, OFFSET(일반인력_투자현황,0,15,ROWS(일반인력_투자현황),1), OFFSET(일반인력_투자현황,0,17,ROWS(일반인력_투자현황),1))/U17 ))) | Z17: =IF(ISBLANK($D17), "",IF(VLOOKUP($D17,참여인력_개요,11,FALSE)="관리인력", "", IF(N17="핵심운용인력", IF(SUMPRODUCT( (OFFSET(핵심인력_투자현황,0,0,ROWS(핵심인력_투자현황),1)=$D17)*1, OFFSET(핵심인력_투자현황,0,15,ROWS(핵심인력_투자현황),1), (OFFSET(핵심인력_투자현황,0,16,ROWS(핵심인력_투자현황),1)="회수료")*1 ) = 0, "N/A", SUMPRODUCT( (OFFSET(핵심인력_투자현황,0,0,ROWS(핵심인력_투자현황),1)=$D17)*1, OFFSET(핵심인력_투자현황,0,15,ROWS(핵심인력_투자현황),1), (OFFSET(핵심인력_투자현황,0,16,ROWS(핵심인력_투자현황),1)="회수료")*1, OFFSET(핵심인력_투자현황,0,17,ROWS(핵심인력_투자현황),1) ) / SUMPRODUCT( (OFFSET(핵심인력_투자현황,0,0,ROWS(핵심인력_투자현황),1)=$D17)*1, OFFSET(핵심인력_투자현황,0,15,ROWS(핵심인력_투자현황),1), (OFFSET(핵심인력_투자현황,0,16,ROWS(핵심인력_투자현황),1)="회수료")*1 ) ), IF(SUMPRODUCT( (OFFSET(일반인력_투자현황,0,0,ROWS(일반인력_투자현황),1)=$D17)*1, OFFSET(일반인력_투자현황,0,15,ROWS(일반인력_투자현황),1), (OFFSET(일반인력_투자현황,0,16,ROWS(일반인력_투자현황),1)="회수료")*1 ) = 0, "N/A", SUMPRODUCT( (OFFSET(일반인력_투자현황,0,0,ROWS(일반인력_투자현황),1)=$D17)*1, OFFSET(일반인력_투자현황,0,15,ROWS(일반인력_투자현황),1), (OFFSET(일반인력_투자현황,0,16,ROWS(일반인력_투자현황),1)="회수료")*1, OFFSET(일반인력_투자현황,0,17,ROWS(일반인력_투자현황),1) ) / SUMPRODUCT( (OFFSET(일반인력_투자현황,0,0,ROWS(일반인력_투자현황),1)=$D17)*1, OFFSET(일반인력_투자현황,0,15,ROWS(일반인력_투자현황),1), (OFFSET(일반인력_투자현황,0,16,ROWS(일반인력_투자현황),1)="회수료")*1 ) ) ))) | AA17: =IF(ISBLANK($D17), "", IF(VLOOKUP($D17,참여인력_개요,11,FALSE)="관리인력", "", SUMPRODUCT( (OFFSET(제안사_투자현황,0,21,ROWS(제안사_투자현황),1)=$D17)*1, (OFFSET(제안사_투자현황,0,8,ROWS(제안사_투자현황),1)<>"회수료")*1 ) )) | AB17: =IF(ISBLANK($D17), "", IF(VLOOKUP($D17,참여인력_개요,11,FALSE)="관리인력", "", SUMPRODUCT( (OFFSET(제안사_투자현황,0,21,ROWS(제안사_투자현황),1)=$D17)*1, (OFFSET(제안사_투자현황,0,9,ROWS(제안사_투자현황),1)<>"회수료")*1, OFFSET(제안사_투자현황,0,18,ROWS(제안사_투자현황),1) ) ) ) | AC17: =IF(ISBLANK($D17), "", IF(VLOOKUP($D17,참여인력_개요,11,FALSE)="관리인력", "", SUMPRODUCT( (OFFSET(제안사_투자현황,0,21,ROWS(제안사_투자현황),1)=$D17)*1, (OFFSET(제안사_투자현황,0,9,ROWS(제안사_투자현황),1)<>"회수료")*1, OFFSET(제안사_투자현황,0,19,ROWS(제안사_투자현황),1) ) ) )
R18: =IF(ISBLANK($D18), "", IF(N18="핵심운용인력", SUMPRODUCT((OFFSET(핵심인력_경력,0,0,ROWS(핵심인력_경력),1)=$D18)*1, OFFSET(핵심인력_경력,0,9,ROWS(핵심인력_경력),1), (OFFSET(핵심인력_경력,0,10,ROWS(핵심인력_경력),1)="A")*1)+SUMPRODUCT((OFFSET(핵심인력_경력,0,0,ROWS(핵심인력_경력),1)=$D18)*1, OFFSET(핵심인력_경력,0,9,ROWS(핵심인력_경력),1), (OFFSET(핵심인력_경력,0,10,ROWS(핵심인력_경력),1)="B")*1)*0.7, SUMPRODUCT((OFFSET(일반인력_경력,0,0,ROWS(일반인력_경력),1)=$D18)*1, OFFSET(일반인력_경력,0,9,ROWS(일반인력_경력),1), (OFFSET(일반인력_경력,0,10,ROWS(일반인력_경력),1)="A")*1)+SUMPRODUCT((OFFSET(일반인력_경력,0,0,ROWS(일반인력_경력),1)=$D18)*1, OFFSET(일반인력_경력,0,9,ROWS(일반인력_경력),1), (OFFSET(일반인력_경력,0,10,ROWS(일반인력_경력),1)="B")*1)*0.7 ) ) | S18: =IF(ISBLANK($D18), "", IF(VLOOKUP($D18,참여인력_개요,11,FALSE)="관리인력", "", IF(N18="핵심운용인력", SUMPRODUCT((OFFSET(핵심인력_투자현황,0,0,ROWS(핵심인력_투자현황),1)=$D18)*1, ISTEXT(OFFSET(핵심인력_투자현황,0,10,ROWS(핵심인력_투자현황),1))*1), SUMPRODUCT((OFFSET(일반인력_투자현황,0,0,ROWS(일반인력_투자현황),1)=$D18)*1, ISTEXT(OFFSET(일반인력_투자현황,0,10,ROWS(일반인력_투자현황),1))*1)) ) ) | T18: =IF(ISBLANK($D18), "", IF(VLOOKUP($D18,참여인력_개요,11,FALSE)="관리인력", "", IF(N18="핵심운용인력", SUMPRODUCT((OFFSET(핵심인력_투자현황,0,0,ROWS(핵심인력_투자현황),1)=$D18)*1, (OFFSET(핵심인력_투자현황,0,16,ROWS(핵심인력_투자현황),1)="회수료")*1), SUMPRODUCT((OFFSET(일반인력_투자현황,0,0,ROWS(일반인력_투자현황),1)=$D18)*1, (OFFSET(일반인력_투자현황,0,16,ROWS(일반인력_투자현황),1)="회수료")*1)))) | U18: =IF(ISBLANK($D18), "", IF(VLOOKUP($D18,참여인력_개요,11,FALSE)="관리인력", "", IF(N18="핵심운용인력", SUMPRODUCT((OFFSET(핵심인력_투자현황,0,0,ROWS(핵심인력_투자현황),1)=$D18)*1, OFFSET(핵심인력_투자현황,0,15,ROWS(핵심인력_투자현황),1)), SUMPRODUCT((OFFSET(일반인력_투자현황,0,0,ROWS(일반인력_투자현황),1)=$D18)*1, OFFSET(일반인력_투자현황,0,15,ROWS(일반인력_투자현황),1)) ))) | V18: =IF(ISBLANK($D18), "", IF(VLOOKUP($D18,참여인력_개요,11,FALSE)="관리인력", "", IF(N18="핵심운용인력", SUMPRODUCT((OFFSET(핵심인력_투자현황,0,0,ROWS(핵심인력_투자현황),1)=$D18)*1, OFFSET(핵심인력_투자현황,0,19,ROWS(핵심인력_투자현황),1)), SUMPRODUCT((OFFSET(일반인력_투자현황,0,0,ROWS(일반인력_투자현황),1)=$D18)*1, OFFSET(일반인력_투자현황,0,19,ROWS(일반인력_투자현황),1)) ))) | W18: =IF(ISBLANK($D18), "", IF(VLOOKUP($D18,참여인력_개요,11,FALSE)="관리인력", "", IF(N18="핵심운용인력", SUMPRODUCT((OFFSET(핵심인력_투자현황,0,0,ROWS(핵심인력_투자현황),1)=$D18)*1, OFFSET(핵심인력_투자현황,0,24,ROWS(핵심인력_투자현황),1)), SUMPRODUCT((OFFSET(일반인력_투자현황,0,0,ROWS(일반인력_투자현황),1)=$D18)*1, OFFSET(일반인력_투자현황,0,24,ROWS(일반인력_투자현황),1)) ))) | X18: =IF(ISBLANK($D18), "", IF(VLOOKUP($D18,참여인력_개요,11,FALSE)="관리인력", "", IF(N18="핵심운용인력", SUMPRODUCT((OFFSET(핵심인력_투자현황,0,0,ROWS(핵심인력_투자현황),1)=$D18)*1, OFFSET(핵심인력_투자현황,0,25,ROWS(핵심인력_투자현황),1)), SUMPRODUCT((OFFSET(일반인력_투자현황,0,0,ROWS(일반인력_투자현황),1)=$D18)*1, OFFSET(일반인력_투자현황,0,25,ROWS(일반인력_투자현황),1)) ))) | Y18: =IF(ISBLANK($D18), "", IF(VLOOKUP($D18,참여인력_개요,11,FALSE)="관리인력", "", IF(N18="핵심운용인력", SUMPRODUCT((OFFSET(핵심인력_투자현황,0,0,ROWS(핵심인력_투자현황),1)=$D18)*1, OFFSET(핵심인력_투자현황,0,15,ROWS(핵심인력_투자현황),1), OFFSET(핵심인력_투자현황,0,17,ROWS(핵심인력_투자현황),1))/U18, SUMPRODUCT((OFFSET(일반인력_투자현황,0,0,ROWS(일반인력_투자현황),1)=$D18)*1, OFFSET(일반인력_투자현황,0,15,ROWS(일반인력_투자현황),1), OFFSET(일반인력_투자현황,0,17,ROWS(일반인력_투자현황),1))/U18 ))) | Z18: =IF(ISBLANK($D18), "",IF(VLOOKUP($D18,참여인력_개요,11,FALSE)="관리인력", "", IF(N18="핵심운용인력", IF(SUMPRODUCT( (OFFSET(핵심인력_투자현황,0,0,ROWS(핵심인력_투자현황),1)=$D18)*1, OFFSET(핵심인력_투자현황,0,15,ROWS(핵심인력_투자현황),1), (OFFSET(핵심인력_투자현황,0,16,ROWS(핵심인력_투자현황),1)="회수료")*1 ) = 0, "N/A", SUMPRODUCT( (OFFSET(핵심인력_투자현황,0,0,ROWS(핵심인력_투자현황),1)=$D18)*1, OFFSET(핵심인력_투자현황,0,15,ROWS(핵심인력_투자현황),1), (OFFSET(핵심인력_투자현황,0,16,ROWS(핵심인력_투자현황),1)="회수료")*1, OFFSET(핵심인력_투자현황,0,17,ROWS(핵심인력_투자현황),1) ) / SUMPRODUCT( (OFFSET(핵심인력_투자현황,0,0,ROWS(핵심인력_투자현황),1)=$D18)*1, OFFSET(핵심인력_투자현황,0,15,ROWS(핵심인력_투자현황),1), (OFFSET(핵심인력_투자현황,0,16,ROWS(핵심인력_투자현황),1)="회수료")*1 ) ), IF(SUMPRODUCT( (OFFSET(일반인력_투자현황,0,0,ROWS(일반인력_투자현황),1)=$D18)*1, OFFSET(일반인력_투자현황,0,15,ROWS(일반인력_투자현황),1), (OFFSET(일반인력_투자현황,0,16,ROWS(일반인력_투자현황),1)="회수료")*1 ) = 0, "N/A", SUMPRODUCT( (OFFSET(일반인력_투자현황,0,0,ROWS(일반인력_투자현황),1)=$D18)*1, OFFSET(일반인력_투자현황,0,15,ROWS(일반인력_투자현황),1), (OFFSET(일반인력_투자현황,0,16,ROWS(일반인력_투자현황),1)="회수료")*1, OFFSET(일반인력_투자현황,0,17,ROWS(일반인력_투자현황),1) ) / SUMPRODUCT( (OFFSET(일반인력_투자현황,0,0,ROWS(일반인력_투자현황),1)=$D18)*1, OFFSET(일반인력_투자현황,0,15,ROWS(일반인력_투자현황),1), (OFFSET(일반인력_투자현황,0,16,ROWS(일반인력_투자현황),1)="회수료")*1 ) ) ))) | AA18: =IF(ISBLANK($D18), "", IF(VLOOKUP($D18,참여인력_개요,11,FALSE)="관리인력", "", SUMPRODUCT( (OFFSET(제안사_투자현황,0,21,ROWS(제안사_투자현황),1)=$D18)*1, (OFFSET(제안사_투자현황,0,8,ROWS(제안사_투자현황),1)<>"회수료")*1 ) )) | AB18: =IF(ISBLANK($D18), "", IF(VLOOKUP($D18,참여인력_개요,11,FALSE)="관리인력", "", SUMPRODUCT( (OFFSET(제안사_투자현황,0,21,ROWS(제안사_투자현황),1)=$D18)*1, (OFFSET(제안사_투자현황,0,9,ROWS(제안사_투자현황),1)<>"회수료")*1, OFFSET(제안사_투자현황,0,18,ROWS(제안사_투자현황),1) ) ) ) | AC18: =IF(ISBLANK($D18), "", IF(VLOOKUP($D18,참여인력_개요,11,FALSE)="관리인력", "", SUMPRODUCT( (OFFSET(제안사_투자현황,0,21,ROWS(제안사_투자현황),1)=$D18)*1, (OFFSET(제안사_투자현황,0,9,ROWS(제안사_투자현황),1)<>"회수료")*1, OFFSET(제안사_투자현황,0,19,ROWS(제안사_투자현황),1) ) ) )
R19: =IF(ISBLANK($D19), "", IF(N19="핵심운용인력", SUMPRODUCT((OFFSET(핵심인력_경력,0,0,ROWS(핵심인력_경력),1)=$D19)*1, OFFSET(핵심인력_경력,0,9,ROWS(핵심인력_경력),1), (OFFSET(핵심인력_경력,0,10,ROWS(핵심인력_경력),1)="A")*1)+SUMPRODUCT((OFFSET(핵심인력_경력,0,0,ROWS(핵심인력_경력),1)=$D19)*1, OFFSET(핵심인력_경력,0,9,ROWS(핵심인력_경력),1), (OFFSET(핵심인력_경력,0,10,ROWS(핵심인력_경력),1)="B")*1)*0.7, SUMPRODUCT((OFFSET(일반인력_경력,0,0,ROWS(일반인력_경력),1)=$D19)*1, OFFSET(일반인력_경력,0,9,ROWS(일반인력_경력),1), (OFFSET(일반인력_경력,0,10,ROWS(일반인력_경력),1)="A")*1)+SUMPRODUCT((OFFSET(일반인력_경력,0,0,ROWS(일반인력_경력),1)=$D19)*1, OFFSET(일반인력_경력,0,9,ROWS(일반인력_경력),1), (OFFSET(일반인력_경력,0,10,ROWS(일반인력_경력),1)="B")*1)*0.7 ) ) | S19: =IF(ISBLANK($D19), "", IF(VLOOKUP($D19,참여인력_개요,11,FALSE)="관리인력", "", IF(N19="핵심운용인력", SUMPRODUCT((OFFSET(핵심인력_투자현황,0,0,ROWS(핵심인력_투자현황),1)=$D19)*1, ISTEXT(OFFSET(핵심인력_투자현황,0,10,ROWS(핵심인력_투자현황),1))*1), SUMPRODUCT((OFFSET(일반인력_투자현황,0,0,ROWS(일반인력_투자현황),1)=$D19)*1, ISTEXT(OFFSET(일반인력_투자현황,0,10,ROWS(일반인력_투자현황),1))*1)) ) ) | T19: =IF(ISBLANK($D19), "", IF(VLOOKUP($D19,참여인력_개요,11,FALSE)="관리인력", "", IF(N19="핵심운용인력", SUMPRODUCT((OFFSET(핵심인력_투자현황,0,0,ROWS(핵심인력_투자현황),1)=$D19)*1, (OFFSET(핵심인력_투자현황,0,16,ROWS(핵심인력_투자현황),1)="회수료")*1), SUMPRODUCT((OFFSET(일반인력_투자현황,0,0,ROWS(일반인력_투자현황),1)=$D19)*1, (OFFSET(일반인력_투자현황,0,16,ROWS(일반인력_투자현황),1)="회수료")*1)))) | U19: =IF(ISBLANK($D19), "", IF(VLOOKUP($D19,참여인력_개요,11,FALSE)="관리인력", "", IF(N19="핵심운용인력", SUMPRODUCT((OFFSET(핵심인력_투자현황,0,0,ROWS(핵심인력_투자현황),1)=$D19)*1, OFFSET(핵심인력_투자현황,0,15,ROWS(핵심인력_투자현황),1)), SUMPRODUCT((OFFSET(일반인력_투자현황,0,0,ROWS(일반인력_투자현황),1)=$D19)*1, OFFSET(일반인력_투자현황,0,15,ROWS(일반인력_투자현황),1)) ))) | V19: =IF(ISBLANK($D19), "", IF(VLOOKUP($D19,참여인력_개요,11,FALSE)="관리인력", "", IF(N19="핵심운용인력", SUMPRODUCT((OFFSET(핵심인력_투자현황,0,0,ROWS(핵심인력_투자현황),1)=$D19)*1, OFFSET(핵심인력_투자현황,0,19,ROWS(핵심인력_투자현황),1)), SUMPRODUCT((OFFSET(일반인력_투자현황,0,0,ROWS(일반인력_투자현황),1)=$D19)*1, OFFSET(일반인력_투자현황,0,19,ROWS(일반인력_투자현황),1)) ))) | W19: =IF(ISBLANK($D19), "", IF(VLOOKUP($D19,참여인력_개요,11,FALSE)="관리인력", "", IF(N19="핵심운용인력", SUMPRODUCT((OFFSET(핵심인력_투자현황,0,0,ROWS(핵심인력_투자현황),1)=$D19)*1, OFFSET(핵심인력_투자현황,0,24,ROWS(핵심인력_투자현황),1)), SUMPRODUCT((OFFSET(일반인력_투자현황,0,0,ROWS(일반인력_투자현황),1)=$D19)*1, OFFSET(일반인력_투자현황,0,24,ROWS(일반인력_투자현황),1)) ))) | X19: =IF(ISBLANK($D19), "", IF(VLOOKUP($D19,참여인력_개요,11,FALSE)="관리인력", "", IF(N19="핵심운용인력", SUMPRODUCT((OFFSET(핵심인력_투자현황,0,0,ROWS(핵심인력_투자현황),1)=$D19)*1, OFFSET(핵심인력_투자현황,0,25,ROWS(핵심인력_투자현황),1)), SUMPRODUCT((OFFSET(일반인력_투자현황,0,0,ROWS(일반인력_투자현황),1)=$D19)*1, OFFSET(일반인력_투자현황,0,25,ROWS(일반인력_투자현황),1)) ))) | Y19: =IF(ISBLANK($D19), "", IF(VLOOKUP($D19,참여인력_개요,11,FALSE)="관리인력", "", IF(N19="핵심운용인력", SUMPRODUCT((OFFSET(핵심인력_투자현황,0,0,ROWS(핵심인력_투자현황),1)=$D19)*1, OFFSET(핵심인력_투자현황,0,15,ROWS(핵심인력_투자현황),1), OFFSET(핵심인력_투자현황,0,17,ROWS(핵심인력_투자현황),1))/U19, SUMPRODUCT((OFFSET(일반인력_투자현황,0,0,ROWS(일반인력_투자현황),1)=$D19)*1, OFFSET(일반인력_투자현황,0,15,ROWS(일반인력_투자현황),1), OFFSET(일반인력_투자현황,0,17,ROWS(일반인력_투자현황),1))/U19 ))) | Z19: =IF(ISBLANK($D19), "",IF(VLOOKUP($D19,참여인력_개요,11,FALSE)="관리인력", "", IF(N19="핵심운용인력", IF(SUMPRODUCT( (OFFSET(핵심인력_투자현황,0,0,ROWS(핵심인력_투자현황),1)=$D19)*1, OFFSET(핵심인력_투자현황,0,15,ROWS(핵심인력_투자현황),1), (OFFSET(핵심인력_투자현황,0,16,ROWS(핵심인력_투자현황),1)="회수료")*1 ) = 0, "N/A", SUMPRODUCT( (OFFSET(핵심인력_투자현황,0,0,ROWS(핵심인력_투자현황),1)=$D19)*1, OFFSET(핵심인력_투자현황,0,15,ROWS(핵심인력_투자현황),1), (OFFSET(핵심인력_투자현황,0,16,ROWS(핵심인력_투자현황),1)="회수료")*1, OFFSET(핵심인력_투자현황,0,17,ROWS(핵심인력_투자현황),1) ) / SUMPRODUCT( (OFFSET(핵심인력_투자현황,0,0,ROWS(핵심인력_투자현황),1)=$D19)*1, OFFSET(핵심인력_투자현황,0,15,ROWS(핵심인력_투자현황),1), (OFFSET(핵심인력_투자현황,0,16,ROWS(핵심인력_투자현황),1)="회수료")*1 ) ), IF(SUMPRODUCT( (OFFSET(일반인력_투자현황,0,0,ROWS(일반인력_투자현황),1)=$D19)*1, OFFSET(일반인력_투자현황,0,15,ROWS(일반인력_투자현황),1), (OFFSET(일반인력_투자현황,0,16,ROWS(일반인력_투자현황),1)="회수료")*1 ) = 0, "N/A", SUMPRODUCT( (OFFSET(일반인력_투자현황,0,0,ROWS(일반인력_투자현황),1)=$D19)*1, OFFSET(일반인력_투자현황,0,15,ROWS(일반인력_투자현황),1), (OFFSET(일반인력_투자현황,0,16,ROWS(일반인력_투자현황),1)="회수료")*1, OFFSET(일반인력_투자현황,0,17,ROWS(일반인력_투자현황),1) ) / SUMPRODUCT( (OFFSET(일반인력_투자현황,0,0,ROWS(일반인력_투자현황),1)=$D19)*1, OFFSET(일반인력_투자현황,0,15,ROWS(일반인력_투자현황),1), (OFFSET(일반인력_투자현황,0,16,ROWS(일반인력_투자현황),1)="회수료")*1 ) ) ))) | AA19: =IF(ISBLANK($D19), "", IF(VLOOKUP($D19,참여인력_개요,11,FALSE)="관리인력", "", SUMPRODUCT( (OFFSET(제안사_투자현황,0,21,ROWS(제안사_투자현황),1)=$D19)*1, (OFFSET(제안사_투자현황,0,8,ROWS(제안사_투자현황),1)<>"회수료")*1 ) )) | AB19: =IF(ISBLANK($D19), "", IF(VLOOKUP($D19,참여인력_개요,11,FALSE)="관리인력", "", SUMPRODUCT( (OFFSET(제안사_투자현황,0,21,ROWS(제안사_투자현황),1)=$D19)*1, (OFFSET(제안사_투자현황,0,9,ROWS(제안사_투자현황),1)<>"회수료")*1, OFFSET(제안사_투자현황,0,18,ROWS(제안사_투자현황),1) ) ) ) | AC19: =IF(ISBLANK($D19), "", IF(VLOOKUP($D19,참여인력_개요,11,FALSE)="관리인력", "", SUMPRODUCT( (OFFSET(제안사_투자현황,0,21,ROWS(제안사_투자현황),1)=$D19)*1, (OFFSET(제안사_투자현황,0,9,ROWS(제안사_투자현황),1)<>"회수료")*1, OFFSET(제안사_투자현황,0,19,ROWS(제안사_투자현황),1) ) ) )
R20: =IF(ISBLANK($D20), "", IF(N20="핵심운용인력", SUMPRODUCT((OFFSET(핵심인력_경력,0,0,ROWS(핵심인력_경력),1)=$D20)*1, OFFSET(핵심인력_경력,0,9,ROWS(핵심인력_경력),1), (OFFSET(핵심인력_경력,0,10,ROWS(핵심인력_경력),1)="A")*1)+SUMPRODUCT((OFFSET(핵심인력_경력,0,0,ROWS(핵심인력_경력),1)=$D20)*1, OFFSET(핵심인력_경력,0,9,ROWS(핵심인력_경력),1), (OFFSET(핵심인력_경력,0,10,ROWS(핵심인력_경력),1)="B")*1)*0.7, SUMPRODUCT((OFFSET(일반인력_경력,0,0,ROWS(일반인력_경력),1)=$D20)*1, OFFSET(일반인력_경력,0,9,ROWS(일반인력_경력),1), (OFFSET(일반인력_경력,0,10,ROWS(일반인력_경력),1)="A")*1)+SUMPRODUCT((OFFSET(일반인력_경력,0,0,ROWS(일반인력_경력),1)=$D20)*1, OFFSET(일반인력_경력,0,9,ROWS(일반인력_경력),1), (OFFSET(일반인력_경력,0,10,ROWS(일반인력_경력),1)="B")*1)*0.7 ) ) | S20: =IF(ISBLANK($D20), "", IF(VLOOKUP($D20,참여인력_개요,11,FALSE)="관리인력", "", IF(N20="핵심운용인력", SUMPRODUCT((OFFSET(핵심인력_투자현황,0,0,ROWS(핵심인력_투자현황),1)=$D20)*1, ISTEXT(OFFSET(핵심인력_투자현황,0,10,ROWS(핵심인력_투자현황),1))*1), SUMPRODUCT((OFFSET(일반인력_투자현황,0,0,ROWS(일반인력_투자현황),1)=$D20)*1, ISTEXT(OFFSET(일반인력_투자현황,0,10,ROWS(일반인력_투자현황),1))*1)) ) ) | T20: =IF(ISBLANK($D20), "", IF(VLOOKUP($D20,참여인력_개요,11,FALSE)="관리인력", "", IF(N20="핵심운용인력", SUMPRODUCT((OFFSET(핵심인력_투자현황,0,0,ROWS(핵심인력_투자현황),1)=$D20)*1, (OFFSET(핵심인력_투자현황,0,16,ROWS(핵심인력_투자현황),1)="회수료")*1), SUMPRODUCT((OFFSET(일반인력_투자현황,0,0,ROWS(일반인력_투자현황),1)=$D20)*1, (OFFSET(일반인력_투자현황,0,16,ROWS(일반인력_투자현황),1)="회수료")*1)))) | U20: =IF(ISBLANK($D20), "", IF(VLOOKUP($D20,참여인력_개요,11,FALSE)="관리인력", "", IF(N20="핵심운용인력", SUMPRODUCT((OFFSET(핵심인력_투자현황,0,0,ROWS(핵심인력_투자현황),1)=$D20)*1, OFFSET(핵심인력_투자현황,0,15,ROWS(핵심인력_투자현황),1)), SUMPRODUCT((OFFSET(일반인력_투자현황,0,0,ROWS(일반인력_투자현황),1)=$D20)*1, OFFSET(일반인력_투자현황,0,15,ROWS(일반인력_투자현황),1)) ))) | V20: =IF(ISBLANK($D20), "", IF(VLOOKUP($D20,참여인력_개요,11,FALSE)="관리인력", "", IF(N20="핵심운용인력", SUMPRODUCT((OFFSET(핵심인력_투자현황,0,0,ROWS(핵심인력_투자현황),1)=$D20)*1, OFFSET(핵심인력_투자현황,0,19,ROWS(핵심인력_투자현황),1)), SUMPRODUCT((OFFSET(일반인력_투자현황,0,0,ROWS(일반인력_투자현황),1)=$D20)*1, OFFSET(일반인력_투자현황,0,19,ROWS(일반인력_투자현황),1)) ))) | W20: =IF(ISBLANK($D20), "", IF(VLOOKUP($D20,참여인력_개요,11,FALSE)="관리인력", "", IF(N20="핵심운용인력", SUMPRODUCT((OFFSET(핵심인력_투자현황,0,0,ROWS(핵심인력_투자현황),1)=$D20)*1, OFFSET(핵심인력_투자현황,0,24,ROWS(핵심인력_투자현황),1)), SUMPRODUCT((OFFSET(일반인력_투자현황,0,0,ROWS(일반인력_투자현황),1)=$D20)*1, OFFSET(일반인력_투자현황,0,24,ROWS(일반인력_투자현황),1)) ))) | X20: =IF(ISBLANK($D20), "", IF(VLOOKUP($D20,참여인력_개요,11,FALSE)="관리인력", "", IF(N20="핵심운용인력", SUMPRODUCT((OFFSET(핵심인력_투자현황,0,0,ROWS(핵심인력_투자현황),1)=$D20)*1, OFFSET(핵심인력_투자현황,0,25,ROWS(핵심인력_투자현황),1)), SUMPRODUCT((OFFSET(일반인력_투자현황,0,0,ROWS(일반인력_투자현황),1)=$D20)*1, OFFSET(일반인력_투자현황,0,25,ROWS(일반인력_투자현황),1)) ))) | Y20: =IF(ISBLANK($D20), "", IF(VLOOKUP($D20,참여인력_개요,11,FALSE)="관리인력", "", IF(N20="핵심운용인력", SUMPRODUCT((OFFSET(핵심인력_투자현황,0,0,ROWS(핵심인력_투자현황),1)=$D20)*1, OFFSET(핵심인력_투자현황,0,15,ROWS(핵심인력_투자현황),1), OFFSET(핵심인력_투자현황,0,17,ROWS(핵심인력_투자현황),1))/U20, SUMPRODUCT((OFFSET(일반인력_투자현황,0,0,ROWS(일반인력_투자현황),1)=$D20)*1, OFFSET(일반인력_투자현황,0,15,ROWS(일반인력_투자현황),1), OFFSET(일반인력_투자현황,0,17,ROWS(일반인력_투자현황),1))/U20 ))) | Z20: =IF(ISBLANK($D20), "",IF(VLOOKUP($D20,참여인력_개요,11,FALSE)="관리인력", "", IF(N20="핵심운용인력", IF(SUMPRODUCT( (OFFSET(핵심인력_투자현황,0,0,ROWS(핵심인력_투자현황),1)=$D20)*1, OFFSET(핵심인력_투자현황,0,15,ROWS(핵심인력_투자현황),1), (OFFSET(핵심인력_투자현황,0,16,ROWS(핵심인력_투자현황),1)="회수료")*1 ) = 0, "N/A", SUMPRODUCT( (OFFSET(핵심인력_투자현황,0,0,ROWS(핵심인력_투자현황),1)=$D20)*1, OFFSET(핵심인력_투자현황,0,15,ROWS(핵심인력_투자현황),1), (OFFSET(핵심인력_투자현황,0,16,ROWS(핵심인력_투자현황),1)="회수료")*1, OFFSET(핵심인력_투자현황,0,17,ROWS(핵심인력_투자현황),1) ) / SUMPRODUCT( (OFFSET(핵심인력_투자현황,0,0,ROWS(핵심인력_투자현황),1)=$D20)*1, OFFSET(핵심인력_투자현황,0,15,ROWS(핵심인력_투자현황),1), (OFFSET(핵심인력_투자현황,0,16,ROWS(핵심인력_투자현황),1)="회수료")*1 ) ), IF(SUMPRODUCT( (OFFSET(일반인력_투자현황,0,0,ROWS(일반인력_투자현황),1)=$D20)*1, OFFSET(일반인력_투자현황,0,15,ROWS(일반인력_투자현황),1), (OFFSET(일반인력_투자현황,0,16,ROWS(일반인력_투자현황),1)="회수료")*1 ) = 0, "N/A", SUMPRODUCT( (OFFSET(일반인력_투자현황,0,0,ROWS(일반인력_투자현황),1)=$D20)*1, OFFSET(일반인력_투자현황,0,15,ROWS(일반인력_투자현황),1), (OFFSET(일반인력_투자현황,0,16,ROWS(일반인력_투자현황),1)="회수료")*1, OFFSET(일반인력_투자현황,0,17,ROWS(일반인력_투자현황),1) ) / SUMPRODUCT( (OFFSET(일반인력_투자현황,0,0,ROWS(일반인력_투자현황),1)=$D20)*1, OFFSET(일반인력_투자현황,0,15,ROWS(일반인력_투자현황),1), (OFFSET(일반인력_투자현황,0,16,ROWS(일반인력_투자현황),1)="회수료")*1 ) ) ))) | AA20: =IF(ISBLANK($D20), "", IF(VLOOKUP($D20,참여인력_개요,11,FALSE)="관리인력", "", SUMPRODUCT( (OFFSET(제안사_투자현황,0,21,ROWS(제안사_투자현황),1)=$D20)*1, (OFFSET(제안사_투자현황,0,8,ROWS(제안사_투자현황),1)<>"회수료")*1 ) )) | AB20: =IF(ISBLANK($D20), "", IF(VLOOKUP($D20,참여인력_개요,11,FALSE)="관리인력", "", SUMPRODUCT( (OFFSET(제안사_투자현황,0,21,ROWS(제안사_투자현황),1)=$D20)*1, (OFFSET(제안사_투자현황,0,9,ROWS(제안사_투자현황),1)<>"회수료")*1, OFFSET(제안사_투자현황,0,18,ROWS(제안사_투자현황),1) ) ) ) | AC20: =IF(ISBLANK($D20), "", IF(VLOOKUP($D20,참여인력_개요,11,FALSE)="관리인력", "", SUMPRODUCT( (OFFSET(제안사_투자현황,0,21,ROWS(제안사_투자현황),1)=$D20)*1, (OFFSET(제안사_투자현황,0,9,ROWS(제안사_투자현황),1)<>"회수료")*1, OFFSET(제안사_투자현황,0,19,ROWS(제안사_투자현황),1) ) ) )
R21: =IF(ISBLANK($D21), "", IF(N21="핵심운용인력", SUMPRODUCT((OFFSET(핵심인력_경력,0,0,ROWS(핵심인력_경력),1)=$D21)*1, OFFSET(핵심인력_경력,0,9,ROWS(핵심인력_경력),1), (OFFSET(핵심인력_경력,0,10,ROWS(핵심인력_경력),1)="A")*1)+SUMPRODUCT((OFFSET(핵심인력_경력,0,0,ROWS(핵심인력_경력),1)=$D21)*1, OFFSET(핵심인력_경력,0,9,ROWS(핵심인력_경력),1), (OFFSET(핵심인력_경력,0,10,ROWS(핵심인력_경력),1)="B")*1)*0.7, SUMPRODUCT((OFFSET(일반인력_경력,0,0,ROWS(일반인력_경력),1)=$D21)*1, OFFSET(일반인력_경력,0,9,ROWS(일반인력_경력),1), (OFFSET(일반인력_경력,0,10,ROWS(일반인력_경력),1)="A")*1)+SUMPRODUCT((OFFSET(일반인력_경력,0,0,ROWS(일반인력_경력),1)=$D21)*1, OFFSET(일반인력_경력,0,9,ROWS(일반인력_경력),1), (OFFSET(일반인력_경력,0,10,ROWS(일반인력_경력),1)="B")*1)*0.7 ) ) | S21: =IF(ISBLANK($D21), "", IF(VLOOKUP($D21,참여인력_개요,11,FALSE)="관리인력", "", IF(N21="핵심운용인력", SUMPRODUCT((OFFSET(핵심인력_투자현황,0,0,ROWS(핵심인력_투자현황),1)=$D21)*1, ISTEXT(OFFSET(핵심인력_투자현황,0,10,ROWS(핵심인력_투자현황),1))*1), SUMPRODUCT((OFFSET(일반인력_투자현황,0,0,ROWS(일반인력_투자현황),1)=$D21)*1, ISTEXT(OFFSET(일반인력_투자현황,0,10,ROWS(일반인력_투자현황),1))*1)) ) ) | T21: =IF(ISBLANK($D21), "", IF(VLOOKUP($D21,참여인력_개요,11,FALSE)="관리인력", "", IF(N21="핵심운용인력", SUMPRODUCT((OFFSET(핵심인력_투자현황,0,0,ROWS(핵심인력_투자현황),1)=$D21)*1, (OFFSET(핵심인력_투자현황,0,16,ROWS(핵심인력_투자현황),1)="회수료")*1), SUMPRODUCT((OFFSET(일반인력_투자현황,0,0,ROWS(일반인력_투자현황),1)=$D21)*1, (OFFSET(일반인력_투자현황,0,16,ROWS(일반인력_투자현황),1)="회수료")*1)))) | U21: =IF(ISBLANK($D21), "", IF(VLOOKUP($D21,참여인력_개요,11,FALSE)="관리인력", "", IF(N21="핵심운용인력", SUMPRODUCT((OFFSET(핵심인력_투자현황,0,0,ROWS(핵심인력_투자현황),1)=$D21)*1, OFFSET(핵심인력_투자현황,0,15,ROWS(핵심인력_투자현황),1)), SUMPRODUCT((OFFSET(일반인력_투자현황,0,0,ROWS(일반인력_투자현황),1)=$D21)*1, OFFSET(일반인력_투자현황,0,15,ROWS(일반인력_투자현황),1)) ))) | V21: =IF(ISBLANK($D21), "", IF(VLOOKUP($D21,참여인력_개요,11,FALSE)="관리인력", "", IF(N21="핵심운용인력", SUMPRODUCT((OFFSET(핵심인력_투자현황,0,0,ROWS(핵심인력_투자현황),1)=$D21)*1, OFFSET(핵심인력_투자현황,0,19,ROWS(핵심인력_투자현황),1)), SUMPRODUCT((OFFSET(일반인력_투자현황,0,0,ROWS(일반인력_투자현황),1)=$D21)*1, OFFSET(일반인력_투자현황,0,19,ROWS(일반인력_투자현황),1)) ))) | W21: =IF(ISBLANK($D21), "", IF(VLOOKUP($D21,참여인력_개요,11,FALSE)="관리인력", "", IF(N21="핵심운용인력", SUMPRODUCT((OFFSET(핵심인력_투자현황,0,0,ROWS(핵심인력_투자현황),1)=$D21)*1, OFFSET(핵심인력_투자현황,0,24,ROWS(핵심인력_투자현황),1)), SUMPRODUCT((OFFSET(일반인력_투자현황,0,0,ROWS(일반인력_투자현황),1)=$D21)*1, OFFSET(일반인력_투자현황,0,24,ROWS(일반인력_투자현황),1)) ))) | X21: =IF(ISBLANK($D21), "", IF(VLOOKUP($D21,참여인력_개요,11,FALSE)="관리인력", "", IF(N21="핵심운용인력", SUMPRODUCT((OFFSET(핵심인력_투자현황,0,0,ROWS(핵심인력_투자현황),1)=$D21)*1, OFFSET(핵심인력_투자현황,0,25,ROWS(핵심인력_투자현황),1)), SUMPRODUCT((OFFSET(일반인력_투자현황,0,0,ROWS(일반인력_투자현황),1)=$D21)*1, OFFSET(일반인력_투자현황,0,25,ROWS(일반인력_투자현황),1)) ))) | Y21: =IF(ISBLANK($D21), "", IF(VLOOKUP($D21,참여인력_개요,11,FALSE)="관리인력", "", IF(N21="핵심운용인력", SUMPRODUCT((OFFSET(핵심인력_투자현황,0,0,ROWS(핵심인력_투자현황),1)=$D21)*1, OFFSET(핵심인력_투자현황,0,15,ROWS(핵심인력_투자현황),1), OFFSET(핵심인력_투자현황,0,17,ROWS(핵심인력_투자현황),1))/U21, SUMPRODUCT((OFFSET(일반인력_투자현황,0,0,ROWS(일반인력_투자현황),1)=$D21)*1, OFFSET(일반인력_투자현황,0,15,ROWS(일반인력_투자현황),1), OFFSET(일반인력_투자현황,0,17,ROWS(일반인력_투자현황),1))/U21 ))) | Z21: =IF(ISBLANK($D21), "",IF(VLOOKUP($D21,참여인력_개요,11,FALSE)="관리인력", "", IF(N21="핵심운용인력", IF(SUMPRODUCT( (OFFSET(핵심인력_투자현황,0,0,ROWS(핵심인력_투자현황),1)=$D21)*1, OFFSET(핵심인력_투자현황,0,15,ROWS(핵심인력_투자현황),1), (OFFSET(핵심인력_투자현황,0,16,ROWS(핵심인력_투자현황),1)="회수료")*1 ) = 0, "N/A", SUMPRODUCT( (OFFSET(핵심인력_투자현황,0,0,ROWS(핵심인력_투자현황),1)=$D21)*1, OFFSET(핵심인력_투자현황,0,15,ROWS(핵심인력_투자현황),1), (OFFSET(핵심인력_투자현황,0,16,ROWS(핵심인력_투자현황),1)="회수료")*1, OFFSET(핵심인력_투자현황,0,17,ROWS(핵심인력_투자현황),1) ) / SUMPRODUCT( (OFFSET(핵심인력_투자현황,0,0,ROWS(핵심인력_투자현황),1)=$D21)*1, OFFSET(핵심인력_투자현황,0,15,ROWS(핵심인력_투자현황),1), (OFFSET(핵심인력_투자현황,0,16,ROWS(핵심인력_투자현황),1)="회수료")*1 ) ), IF(SUMPRODUCT( (OFFSET(일반인력_투자현황,0,0,ROWS(일반인력_투자현황),1)=$D21)*1, OFFSET(일반인력_투자현황,0,15,ROWS(일반인력_투자현황),1), (OFFSET(일반인력_투자현황,0,16,ROWS(일반인력_투자현황),1)="회수료")*1 ) = 0, "N/A", SUMPRODUCT( (OFFSET(일반인력_투자현황,0,0,ROWS(일반인력_투자현황),1)=$D21)*1, OFFSET(일반인력_투자현황,0,15,ROWS(일반인력_투자현황),1), (OFFSET(일반인력_투자현황,0,16,ROWS(일반인력_투자현황),1)="회수료")*1, OFFSET(일반인력_투자현황,0,17,ROWS(일반인력_투자현황),1) ) / SUMPRODUCT( (OFFSET(일반인력_투자현황,0,0,ROWS(일반인력_투자현황),1)=$D21)*1, OFFSET(일반인력_투자현황,0,15,ROWS(일반인력_투자현황),1), (OFFSET(일반인력_투자현황,0,16,ROWS(일반인력_투자현황),1)="회수료")*1 ) ) ))) | AA21: =IF(ISBLANK($D21), "", IF(VLOOKUP($D21,참여인력_개요,11,FALSE)="관리인력", "", SUMPRODUCT( (OFFSET(제안사_투자현황,0,21,ROWS(제안사_투자현황),1)=$D21)*1, (OFFSET(제안사_투자현황,0,8,ROWS(제안사_투자현황),1)<>"회수료")*1 ) )) | AB21: =IF(ISBLANK($D21), "", IF(VLOOKUP($D21,참여인력_개요,11,FALSE)="관리인력", "", SUMPRODUCT( (OFFSET(제안사_투자현황,0,21,ROWS(제안사_투자현황),1)=$D21)*1, (OFFSET(제안사_투자현황,0,9,ROWS(제안사_투자현황),1)<>"회수료")*1, OFFSET(제안사_투자현황,0,18,ROWS(제안사_투자현황),1) ) ) ) | AC21: =IF(ISBLANK($D21), "", IF(VLOOKUP($D21,참여인력_개요,11,FALSE)="관리인력", "", SUMPRODUCT( (OFFSET(제안사_투자현황,0,21,ROWS(제안사_투자현황),1)=$D21)*1, (OFFSET(제안사_투자현황,0,9,ROWS(제안사_투자현황),1)<>"회수료")*1, OFFSET(제안사_투자현황,0,19,ROWS(제안사_투자현황),1) ) ) )
R22: =IF(ISBLANK($D22), "", IF(N22="핵심운용인력", SUMPRODUCT((OFFSET(핵심인력_경력,0,0,ROWS(핵심인력_경력),1)=$D22)*1, OFFSET(핵심인력_경력,0,9,ROWS(핵심인력_경력),1), (OFFSET(핵심인력_경력,0,10,ROWS(핵심인력_경력),1)="A")*1)+SUMPRODUCT((OFFSET(핵심인력_경력,0,0,ROWS(핵심인력_경력),1)=$D22)*1, OFFSET(핵심인력_경력,0,9,ROWS(핵심인력_경력),1), (OFFSET(핵심인력_경력,0,10,ROWS(핵심인력_경력),1)="B")*1)*0.7, SUMPRODUCT((OFFSET(일반인력_경력,0,0,ROWS(일반인력_경력),1)=$D22)*1, OFFSET(일반인력_경력,0,9,ROWS(일반인력_경력),1), (OFFSET(일반인력_경력,0,10,ROWS(일반인력_경력),1)="A")*1)+SUMPRODUCT((OFFSET(일반인력_경력,0,0,ROWS(일반인력_경력),1)=$D22)*1, OFFSET(일반인력_경력,0,9,ROWS(일반인력_경력),1), (OFFSET(일반인력_경력,0,10,ROWS(일반인력_경력),1)="B")*1)*0.7 ) ) | S22: =IF(ISBLANK($D22), "", IF(VLOOKUP($D22,참여인력_개요,11,FALSE)="관리인력", "", IF(N22="핵심운용인력", SUMPRODUCT((OFFSET(핵심인력_투자현황,0,0,ROWS(핵심인력_투자현황),1)=$D22)*1, ISTEXT(OFFSET(핵심인력_투자현황,0,10,ROWS(핵심인력_투자현황),1))*1), SUMPRODUCT((OFFSET(일반인력_투자현황,0,0,ROWS(일반인력_투자현황),1)=$D22)*1, ISTEXT(OFFSET(일반인력_투자현황,0,10,ROWS(일반인력_투자현황),1))*1)) ) ) | T22: =IF(ISBLANK($D22), "", IF(VLOOKUP($D22,참여인력_개요,11,FALSE)="관리인력", "", IF(N22="핵심운용인력", SUMPRODUCT((OFFSET(핵심인력_투자현황,0,0,ROWS(핵심인력_투자현황),1)=$D22)*1, (OFFSET(핵심인력_투자현황,0,16,ROWS(핵심인력_투자현황),1)="회수료")*1), SUMPRODUCT((OFFSET(일반인력_투자현황,0,0,ROWS(일반인력_투자현황),1)=$D22)*1, (OFFSET(일반인력_투자현황,0,16,ROWS(일반인력_투자현황),1)="회수료")*1)))) | U22: =IF(ISBLANK($D22), "", IF(VLOOKUP($D22,참여인력_개요,11,FALSE)="관리인력", "", IF(N22="핵심운용인력", SUMPRODUCT((OFFSET(핵심인력_투자현황,0,0,ROWS(핵심인력_투자현황),1)=$D22)*1, OFFSET(핵심인력_투자현황,0,15,ROWS(핵심인력_투자현황),1)), SUMPRODUCT((OFFSET(일반인력_투자현황,0,0,ROWS(일반인력_투자현황),1)=$D22)*1, OFFSET(일반인력_투자현황,0,15,ROWS(일반인력_투자현황),1)) ))) | V22: =IF(ISBLANK($D22), "", IF(VLOOKUP($D22,참여인력_개요,11,FALSE)="관리인력", "", IF(N22="핵심운용인력", SUMPRODUCT((OFFSET(핵심인력_투자현황,0,0,ROWS(핵심인력_투자현황),1)=$D22)*1, OFFSET(핵심인력_투자현황,0,19,ROWS(핵심인력_투자현황),1)), SUMPRODUCT((OFFSET(일반인력_투자현황,0,0,ROWS(일반인력_투자현황),1)=$D22)*1, OFFSET(일반인력_투자현황,0,19,ROWS(일반인력_투자현황),1)) ))) | W22: =IF(ISBLANK($D22), "", IF(VLOOKUP($D22,참여인력_개요,11,FALSE)="관리인력", "", IF(N22="핵심운용인력", SUMPRODUCT((OFFSET(핵심인력_투자현황,0,0,ROWS(핵심인력_투자현황),1)=$D22)*1, OFFSET(핵심인력_투자현황,0,24,ROWS(핵심인력_투자현황),1)), SUMPRODUCT((OFFSET(일반인력_투자현황,0,0,ROWS(일반인력_투자현황),1)=$D22)*1, OFFSET(일반인력_투자현황,0,24,ROWS(일반인력_투자현황),1)) ))) | X22: =IF(ISBLANK($D22), "", IF(VLOOKUP($D22,참여인력_개요,11,FALSE)="관리인력", "", IF(N22="핵심운용인력", SUMPRODUCT((OFFSET(핵심인력_투자현황,0,0,ROWS(핵심인력_투자현황),1)=$D22)*1, OFFSET(핵심인력_투자현황,0,25,ROWS(핵심인력_투자현황),1)), SUMPRODUCT((OFFSET(일반인력_투자현황,0,0,ROWS(일반인력_투자현황),1)=$D22)*1, OFFSET(일반인력_투자현황,0,25,ROWS(일반인력_투자현황),1)) ))) | Y22: =IF(ISBLANK($D22), "", IF(VLOOKUP($D22,참여인력_개요,11,FALSE)="관리인력", "", IF(N22="핵심운용인력", SUMPRODUCT((OFFSET(핵심인력_투자현황,0,0,ROWS(핵심인력_투자현황),1)=$D22)*1, OFFSET(핵심인력_투자현황,0,15,ROWS(핵심인력_투자현황),1), OFFSET(핵심인력_투자현황,0,17,ROWS(핵심인력_투자현황),1))/U22, SUMPRODUCT((OFFSET(일반인력_투자현황,0,0,ROWS(일반인력_투자현황),1)=$D22)*1, OFFSET(일반인력_투자현황,0,15,ROWS(일반인력_투자현황),1), OFFSET(일반인력_투자현황,0,17,ROWS(일반인력_투자현황),1))/U22 ))) | Z22: =IF(ISBLANK($D22), "",IF(VLOOKUP($D22,참여인력_개요,11,FALSE)="관리인력", "", IF(N22="핵심운용인력", IF(SUMPRODUCT( (OFFSET(핵심인력_투자현황,0,0,ROWS(핵심인력_투자현황),1)=$D22)*1, OFFSET(핵심인력_투자현황,0,15,ROWS(핵심인력_투자현황),1), (OFFSET(핵심인력_투자현황,0,16,ROWS(핵심인력_투자현황),1)="회수료")*1 ) = 0, "N/A", SUMPRODUCT( (OFFSET(핵심인력_투자현황,0,0,ROWS(핵심인력_투자현황),1)=$D22)*1, OFFSET(핵심인력_투자현황,0,15,ROWS(핵심인력_투자현황),1), (OFFSET(핵심인력_투자현황,0,16,ROWS(핵심인력_투자현황),1)="회수료")*1, OFFSET(핵심인력_투자현황,0,17,ROWS(핵심인력_투자현황),1) ) / SUMPRODUCT( (OFFSET(핵심인력_투자현황,0,0,ROWS(핵심인력_투자현황),1)=$D22)*1, OFFSET(핵심인력_투자현황,0,15,ROWS(핵심인력_투자현황),1), (OFFSET(핵심인력_투자현황,0,16,ROWS(핵심인력_투자현황),1)="회수료")*1 ) ), IF(SUMPRODUCT( (OFFSET(일반인력_투자현황,0,0,ROWS(일반인력_투자현황),1)=$D22)*1, OFFSET(일반인력_투자현황,0,15,ROWS(일반인력_투자현황),1), (OFFSET(일반인력_투자현황,0,16,ROWS(일반인력_투자현황),1)="회수료")*1 ) = 0, "N/A", SUMPRODUCT( (OFFSET(일반인력_투자현황,0,0,ROWS(일반인력_투자현황),1)=$D22)*1, OFFSET(일반인력_투자현황,0,15,ROWS(일반인력_투자현황),1), (OFFSET(일반인력_투자현황,0,16,ROWS(일반인력_투자현황),1)="회수료")*1, OFFSET(일반인력_투자현황,0,17,ROWS(일반인력_투자현황),1) ) / SUMPRODUCT( (OFFSET(일반인력_투자현황,0,0,ROWS(일반인력_투자현황),1)=$D22)*1, OFFSET(일반인력_투자현황,0,15,ROWS(일반인력_투자현황),1), (OFFSET(일반인력_투자현황,0,16,ROWS(일반인력_투자현황),1)="회수료")*1 ) ) ))) | AA22: =IF(ISBLANK($D22), "", IF(VLOOKUP($D22,참여인력_개요,11,FALSE)="관리인력", "", SUMPRODUCT( (OFFSET(제안사_투자현황,0,21,ROWS(제안사_투자현황),1)=$D22)*1, (OFFSET(제안사_투자현황,0,8,ROWS(제안사_투자현황),1)<>"회수료")*1 ) )) | AB22: =IF(ISBLANK($D22), "", IF(VLOOKUP($D22,참여인력_개요,11,FALSE)="관리인력", "", SUMPRODUCT( (OFFSET(제안사_투자현황,0,21,ROWS(제안사_투자현황),1)=$D22)*1, (OFFSET(제안사_투자현황,0,9,ROWS(제안사_투자현황),1)<>"회수료")*1, OFFSET(제안사_투자현황,0,18,ROWS(제안사_투자현황),1) ) ) ) | AC22: =IF(ISBLANK($D22), "", IF(VLOOKUP($D22,참여인력_개요,11,FALSE)="관리인력", "", SUMPRODUCT( (OFFSET(제안사_투자현황,0,21,ROWS(제안사_투자현황),1)=$D22)*1, (OFFSET(제안사_투자현황,0,9,ROWS(제안사_투자현황),1)<>"회수료")*1, OFFSET(제안사_투자현황,0,19,ROWS(제안사_투자현황),1) ) ) )
R23: =IF(ISBLANK($D23), "", IF(N23="핵심운용인력", SUMPRODUCT((OFFSET(핵심인력_경력,0,0,ROWS(핵심인력_경력),1)=$D23)*1, OFFSET(핵심인력_경력,0,9,ROWS(핵심인력_경력),1), (OFFSET(핵심인력_경력,0,10,ROWS(핵심인력_경력),1)="A")*1)+SUMPRODUCT((OFFSET(핵심인력_경력,0,0,ROWS(핵심인력_경력),1)=$D23)*1, OFFSET(핵심인력_경력,0,9,ROWS(핵심인력_경력),1), (OFFSET(핵심인력_경력,0,10,ROWS(핵심인력_경력),1)="B")*1)*0.7, SUMPRODUCT((OFFSET(일반인력_경력,0,0,ROWS(일반인력_경력),1)=$D23)*1, OFFSET(일반인력_경력,0,9,ROWS(일반인력_경력),1), (OFFSET(일반인력_경력,0,10,ROWS(일반인력_경력),1)="A")*1)+SUMPRODUCT((OFFSET(일반인력_경력,0,0,ROWS(일반인력_경력),1)=$D23)*1, OFFSET(일반인력_경력,0,9,ROWS(일반인력_경력),1), (OFFSET(일반인력_경력,0,10,ROWS(일반인력_경력),1)="B")*1)*0.7 ) ) | S23: =IF(ISBLANK($D23), "", IF(VLOOKUP($D23,참여인력_개요,11,FALSE)="관리인력", "", IF(N23="핵심운용인력", SUMPRODUCT((OFFSET(핵심인력_투자현황,0,0,ROWS(핵심인력_투자현황),1)=$D23)*1, ISTEXT(OFFSET(핵심인력_투자현황,0,10,ROWS(핵심인력_투자현황),1))*1), SUMPRODUCT((OFFSET(일반인력_투자현황,0,0,ROWS(일반인력_투자현황),1)=$D23)*1, ISTEXT(OFFSET(일반인력_투자현황,0,10,ROWS(일반인력_투자현황),1))*1)) ) ) | T23: =IF(ISBLANK($D23), "", IF(VLOOKUP($D23,참여인력_개요,11,FALSE)="관리인력", "", IF(N23="핵심운용인력", SUMPRODUCT((OFFSET(핵심인력_투자현황,0,0,ROWS(핵심인력_투자현황),1)=$D23)*1, (OFFSET(핵심인력_투자현황,0,16,ROWS(핵심인력_투자현황),1)="회수료")*1), SUMPRODUCT((OFFSET(일반인력_투자현황,0,0,ROWS(일반인력_투자현황),1)=$D23)*1, (OFFSET(일반인력_투자현황,0,16,ROWS(일반인력_투자현황),1)="회수료")*1)))) | U23: =IF(ISBLANK($D23), "", IF(VLOOKUP($D23,참여인력_개요,11,FALSE)="관리인력", "", IF(N23="핵심운용인력", SUMPRODUCT((OFFSET(핵심인력_투자현황,0,0,ROWS(핵심인력_투자현황),1)=$D23)*1, OFFSET(핵심인력_투자현황,0,15,ROWS(핵심인력_투자현황),1)), SUMPRODUCT((OFFSET(일반인력_투자현황,0,0,ROWS(일반인력_투자현황),1)=$D23)*1, OFFSET(일반인력_투자현황,0,15,ROWS(일반인력_투자현황),1)) ))) | V23: =IF(ISBLANK($D23), "", IF(VLOOKUP($D23,참여인력_개요,11,FALSE)="관리인력", "", IF(N23="핵심운용인력", SUMPRODUCT((OFFSET(핵심인력_투자현황,0,0,ROWS(핵심인력_투자현황),1)=$D23)*1, OFFSET(핵심인력_투자현황,0,19,ROWS(핵심인력_투자현황),1)), SUMPRODUCT((OFFSET(일반인력_투자현황,0,0,ROWS(일반인력_투자현황),1)=$D23)*1, OFFSET(일반인력_투자현황,0,19,ROWS(일반인력_투자현황),1)) ))) | W23: =IF(ISBLANK($D23), "", IF(VLOOKUP($D23,참여인력_개요,11,FALSE)="관리인력", "", IF(N23="핵심운용인력", SUMPRODUCT((OFFSET(핵심인력_투자현황,0,0,ROWS(핵심인력_투자현황),1)=$D23)*1, OFFSET(핵심인력_투자현황,0,24,ROWS(핵심인력_투자현황),1)), SUMPRODUCT((OFFSET(일반인력_투자현황,0,0,ROWS(일반인력_투자현황),1)=$D23)*1, OFFSET(일반인력_투자현황,0,24,ROWS(일반인력_투자현황),1)) ))) | X23: =IF(ISBLANK($D23), "", IF(VLOOKUP($D23,참여인력_개요,11,FALSE)="관리인력", "", IF(N23="핵심운용인력", SUMPRODUCT((OFFSET(핵심인력_투자현황,0,0,ROWS(핵심인력_투자현황),1)=$D23)*1, OFFSET(핵심인력_투자현황,0,25,ROWS(핵심인력_투자현황),1)), SUMPRODUCT((OFFSET(일반인력_투자현황,0,0,ROWS(일반인력_투자현황),1)=$D23)*1, OFFSET(일반인력_투자현황,0,25,ROWS(일반인력_투자현황),1)) ))) | Y23: =IF(ISBLANK($D23), "", IF(VLOOKUP($D23,참여인력_개요,11,FALSE)="관리인력", "", IF(N23="핵심운용인력", SUMPRODUCT((OFFSET(핵심인력_투자현황,0,0,ROWS(핵심인력_투자현황),1)=$D23)*1, OFFSET(핵심인력_투자현황,0,15,ROWS(핵심인력_투자현황),1), OFFSET(핵심인력_투자현황,0,17,ROWS(핵심인력_투자현황),1))/U23, SUMPRODUCT((OFFSET(일반인력_투자현황,0,0,ROWS(일반인력_투자현황),1)=$D23)*1, OFFSET(일반인력_투자현황,0,15,ROWS(일반인력_투자현황),1), OFFSET(일반인력_투자현황,0,17,ROWS(일반인력_투자현황),1))/U23 ))) | Z23: =IF(ISBLANK($D23), "",IF(VLOOKUP($D23,참여인력_개요,11,FALSE)="관리인력", "", IF(N23="핵심운용인력", IF(SUMPRODUCT( (OFFSET(핵심인력_투자현황,0,0,ROWS(핵심인력_투자현황),1)=$D23)*1, OFFSET(핵심인력_투자현황,0,15,ROWS(핵심인력_투자현황),1), (OFFSET(핵심인력_투자현황,0,16,ROWS(핵심인력_투자현황),1)="회수료")*1 ) = 0, "N/A", SUMPRODUCT( (OFFSET(핵심인력_투자현황,0,0,ROWS(핵심인력_투자현황),1)=$D23)*1, OFFSET(핵심인력_투자현황,0,15,ROWS(핵심인력_투자현황),1), (OFFSET(핵심인력_투자현황,0,16,ROWS(핵심인력_투자현황),1)="회수료")*1, OFFSET(핵심인력_투자현황,0,17,ROWS(핵심인력_투자현황),1) ) / SUMPRODUCT( (OFFSET(핵심인력_투자현황,0,0,ROWS(핵심인력_투자현황),1)=$D23)*1, OFFSET(핵심인력_투자현황,0,15,ROWS(핵심인력_투자현황),1), (OFFSET(핵심인력_투자현황,0,16,ROWS(핵심인력_투자현황),1)="회수료")*1 ) ), IF(SUMPRODUCT( (OFFSET(일반인력_투자현황,0,0,ROWS(일반인력_투자현황),1)=$D23)*1, OFFSET(일반인력_투자현황,0,15,ROWS(일반인력_투자현황),1), (OFFSET(일반인력_투자현황,0,16,ROWS(일반인력_투자현황),1)="회수료")*1 ) = 0, "N/A", SUMPRODUCT( (OFFSET(일반인력_투자현황,0,0,ROWS(일반인력_투자현황),1)=$D23)*1, OFFSET(일반인력_투자현황,0,15,ROWS(일반인력_투자현황),1), (OFFSET(일반인력_투자현황,0,16,ROWS(일반인력_투자현황),1)="회수료")*1, OFFSET(일반인력_투자현황,0,17,ROWS(일반인력_투자현황),1) ) / SUMPRODUCT( (OFFSET(일반인력_투자현황,0,0,ROWS(일반인력_투자현황),1)=$D23)*1, OFFSET(일반인력_투자현황,0,15,ROWS(일반인력_투자현황),1), (OFFSET(일반인력_투자현황,0,16,ROWS(일반인력_투자현황),1)="회수료")*1 ) ) ))) | AA23: =IF(ISBLANK($D23), "", IF(VLOOKUP($D23,참여인력_개요,11,FALSE)="관리인력", "", SUMPRODUCT( (OFFSET(제안사_투자현황,0,21,ROWS(제안사_투자현황),1)=$D23)*1, (OFFSET(제안사_투자현황,0,8,ROWS(제안사_투자현황),1)<>"회수료")*1 ) )) | AB23: =IF(ISBLANK($D23), "", IF(VLOOKUP($D23,참여인력_개요,11,FALSE)="관리인력", "", SUMPRODUCT( (OFFSET(제안사_투자현황,0,21,ROWS(제안사_투자현황),1)=$D23)*1, (OFFSET(제안사_투자현황,0,9,ROWS(제안사_투자현황),1)<>"회수료")*1, OFFSET(제안사_투자현황,0,18,ROWS(제안사_투자현황),1) ) ) ) | AC23: =IF(ISBLANK($D23), "", IF(VLOOKUP($D23,참여인력_개요,11,FALSE)="관리인력", "", SUMPRODUCT( (OFFSET(제안사_투자현황,0,21,ROWS(제안사_투자현황),1)=$D23)*1, (OFFSET(제안사_투자현황,0,9,ROWS(제안사_투자현황),1)<>"회수료")*1, OFFSET(제안사_투자현황,0,19,ROWS(제안사_투자현황),1) ) ) )
R24: =IF(ISBLANK($D24), "", IF(N24="핵심운용인력", SUMPRODUCT((OFFSET(핵심인력_경력,0,0,ROWS(핵심인력_경력),1)=$D24)*1, OFFSET(핵심인력_경력,0,9,ROWS(핵심인력_경력),1), (OFFSET(핵심인력_경력,0,10,ROWS(핵심인력_경력),1)="A")*1)+SUMPRODUCT((OFFSET(핵심인력_경력,0,0,ROWS(핵심인력_경력),1)=$D24)*1, OFFSET(핵심인력_경력,0,9,ROWS(핵심인력_경력),1), (OFFSET(핵심인력_경력,0,10,ROWS(핵심인력_경력),1)="B")*1)*0.7, SUMPRODUCT((OFFSET(일반인력_경력,0,0,ROWS(일반인력_경력),1)=$D24)*1, OFFSET(일반인력_경력,0,9,ROWS(일반인력_경력),1), (OFFSET(일반인력_경력,0,10,ROWS(일반인력_경력),1)="A")*1)+SUMPRODUCT((OFFSET(일반인력_경력,0,0,ROWS(일반인력_경력),1)=$D24)*1, OFFSET(일반인력_경력,0,9,ROWS(일반인력_경력),1), (OFFSET(일반인력_경력,0,10,ROWS(일반인력_경력),1)="B")*1)*0.7 ) ) | S24: =IF(ISBLANK($D24), "", IF(VLOOKUP($D24,참여인력_개요,11,FALSE)="관리인력", "", IF(N24="핵심운용인력", SUMPRODUCT((OFFSET(핵심인력_투자현황,0,0,ROWS(핵심인력_투자현황),1)=$D24)*1, ISTEXT(OFFSET(핵심인력_투자현황,0,10,ROWS(핵심인력_투자현황),1))*1), SUMPRODUCT((OFFSET(일반인력_투자현황,0,0,ROWS(일반인력_투자현황),1)=$D24)*1, ISTEXT(OFFSET(일반인력_투자현황,0,10,ROWS(일반인력_투자현황),1))*1)) ) ) | T24: =IF(ISBLANK($D24), "", IF(VLOOKUP($D24,참여인력_개요,11,FALSE)="관리인력", "", IF(N24="핵심운용인력", SUMPRODUCT((OFFSET(핵심인력_투자현황,0,0,ROWS(핵심인력_투자현황),1)=$D24)*1, (OFFSET(핵심인력_투자현황,0,16,ROWS(핵심인력_투자현황),1)="회수료")*1), SUMPRODUCT((OFFSET(일반인력_투자현황,0,0,ROWS(일반인력_투자현황),1)=$D24)*1, (OFFSET(일반인력_투자현황,0,16,ROWS(일반인력_투자현황),1)="회수료")*1)))) | U24: =IF(ISBLANK($D24), "", IF(VLOOKUP($D24,참여인력_개요,11,FALSE)="관리인력", "", IF(N24="핵심운용인력", SUMPRODUCT((OFFSET(핵심인력_투자현황,0,0,ROWS(핵심인력_투자현황),1)=$D24)*1, OFFSET(핵심인력_투자현황,0,15,ROWS(핵심인력_투자현황),1)), SUMPRODUCT((OFFSET(일반인력_투자현황,0,0,ROWS(일반인력_투자현황),1)=$D24)*1, OFFSET(일반인력_투자현황,0,15,ROWS(일반인력_투자현황),1)) ))) | V24: =IF(ISBLANK($D24), "", IF(VLOOKUP($D24,참여인력_개요,11,FALSE)="관리인력", "", IF(N24="핵심운용인력", SUMPRODUCT((OFFSET(핵심인력_투자현황,0,0,ROWS(핵심인력_투자현황),1)=$D24)*1, OFFSET(핵심인력_투자현황,0,19,ROWS(핵심인력_투자현황),1)), SUMPRODUCT((OFFSET(일반인력_투자현황,0,0,ROWS(일반인력_투자현황),1)=$D24)*1, OFFSET(일반인력_투자현황,0,19,ROWS(일반인력_투자현황),1)) ))) | W24: =IF(ISBLANK($D24), "", IF(VLOOKUP($D24,참여인력_개요,11,FALSE)="관리인력", "", IF(N24="핵심운용인력", SUMPRODUCT((OFFSET(핵심인력_투자현황,0,0,ROWS(핵심인력_투자현황),1)=$D24)*1, OFFSET(핵심인력_투자현황,0,24,ROWS(핵심인력_투자현황),1)), SUMPRODUCT((OFFSET(일반인력_투자현황,0,0,ROWS(일반인력_투자현황),1)=$D24)*1, OFFSET(일반인력_투자현황,0,24,ROWS(일반인력_투자현황),1)) ))) | X24: =IF(ISBLANK($D24), "", IF(VLOOKUP($D24,참여인력_개요,11,FALSE)="관리인력", "", IF(N24="핵심운용인력", SUMPRODUCT((OFFSET(핵심인력_투자현황,0,0,ROWS(핵심인력_투자현황),1)=$D24)*1, OFFSET(핵심인력_투자현황,0,25,ROWS(핵심인력_투자현황),1)), SUMPRODUCT((OFFSET(일반인력_투자현황,0,0,ROWS(일반인력_투자현황),1)=$D24)*1, OFFSET(일반인력_투자현황,0,25,ROWS(일반인력_투자현황),1)) ))) | Y24: =IF(ISBLANK($D24), "", IF(VLOOKUP($D24,참여인력_개요,11,FALSE)="관리인력", "", IF(N24="핵심운용인력", SUMPRODUCT((OFFSET(핵심인력_투자현황,0,0,ROWS(핵심인력_투자현황),1)=$D24)*1, OFFSET(핵심인력_투자현황,0,15,ROWS(핵심인력_투자현황),1), OFFSET(핵심인력_투자현황,0,17,ROWS(핵심인력_투자현황),1))/U24, SUMPRODUCT((OFFSET(일반인력_투자현황,0,0,ROWS(일반인력_투자현황),1)=$D24)*1, OFFSET(일반인력_투자현황,0,15,ROWS(일반인력_투자현황),1), OFFSET(일반인력_투자현황,0,17,ROWS(일반인력_투자현황),1))/U24 ))) | Z24: =IF(ISBLANK($D24), "",IF(VLOOKUP($D24,참여인력_개요,11,FALSE)="관리인력", "", IF(N24="핵심운용인력", IF(SUMPRODUCT( (OFFSET(핵심인력_투자현황,0,0,ROWS(핵심인력_투자현황),1)=$D24)*1, OFFSET(핵심인력_투자현황,0,15,ROWS(핵심인력_투자현황),1), (OFFSET(핵심인력_투자현황,0,16,ROWS(핵심인력_투자현황),1)="회수료")*1 ) = 0, "N/A", SUMPRODUCT( (OFFSET(핵심인력_투자현황,0,0,ROWS(핵심인력_투자현황),1)=$D24)*1, OFFSET(핵심인력_투자현황,0,15,ROWS(핵심인력_투자현황),1), (OFFSET(핵심인력_투자현황,0,16,ROWS(핵심인력_투자현황),1)="회수료")*1, OFFSET(핵심인력_투자현황,0,17,ROWS(핵심인력_투자현황),1) ) / SUMPRODUCT( (OFFSET(핵심인력_투자현황,0,0,ROWS(핵심인력_투자현황),1)=$D24)*1, OFFSET(핵심인력_투자현황,0,15,ROWS(핵심인력_투자현황),1), (OFFSET(핵심인력_투자현황,0,16,ROWS(핵심인력_투자현황),1)="회수료")*1 ) ), IF(SUMPRODUCT( (OFFSET(일반인력_투자현황,0,0,ROWS(일반인력_투자현황),1)=$D24)*1, OFFSET(일반인력_투자현황,0,15,ROWS(일반인력_투자현황),1), (OFFSET(일반인력_투자현황,0,16,ROWS(일반인력_투자현황),1)="회수료")*1 ) = 0, "N/A", SUMPRODUCT( (OFFSET(일반인력_투자현황,0,0,ROWS(일반인력_투자현황),1)=$D24)*1, OFFSET(일반인력_투자현황,0,15,ROWS(일반인력_투자현황),1), (OFFSET(일반인력_투자현황,0,16,ROWS(일반인력_투자현황),1)="회수료")*1, OFFSET(일반인력_투자현황,0,17,ROWS(일반인력_투자현황),1) ) / SUMPRODUCT( (OFFSET(일반인력_투자현황,0,0,ROWS(일반인력_투자현황),1)=$D24)*1, OFFSET(일반인력_투자현황,0,15,ROWS(일반인력_투자현황),1), (OFFSET(일반인력_투자현황,0,16,ROWS(일반인력_투자현황),1)="회수료")*1 ) ) ))) | AA24: =IF(ISBLANK($D24), "", IF(VLOOKUP($D24,참여인력_개요,11,FALSE)="관리인력", "", SUMPRODUCT( (OFFSET(제안사_투자현황,0,21,ROWS(제안사_투자현황),1)=$D24)*1, (OFFSET(제안사_투자현황,0,8,ROWS(제안사_투자현황),1)<>"회수료")*1 ) )) | AB24: =IF(ISBLANK($D24), "", IF(VLOOKUP($D24,참여인력_개요,11,FALSE)="관리인력", "", SUMPRODUCT( (OFFSET(제안사_투자현황,0,21,ROWS(제안사_투자현황),1)=$D24)*1, (OFFSET(제안사_투자현황,0,9,ROWS(제안사_투자현황),1)<>"회수료")*1, OFFSET(제안사_투자현황,0,18,ROWS(제안사_투자현황),1) ) ) ) | AC24: =IF(ISBLANK($D24), "", IF(VLOOKUP($D24,참여인력_개요,11,FALSE)="관리인력", "", SUMPRODUCT( (OFFSET(제안사_투자현황,0,21,ROWS(제안사_투자현황),1)=$D24)*1, (OFFSET(제안사_투자현황,0,9,ROWS(제안사_투자현황),1)<>"회수료")*1, OFFSET(제안사_투자현황,0,19,ROWS(제안사_투자현황),1) ) ) )
R25: =IF(ISBLANK($D25), "", IF(N25="핵심운용인력", SUMPRODUCT((OFFSET(핵심인력_경력,0,0,ROWS(핵심인력_경력),1)=$D25)*1, OFFSET(핵심인력_경력,0,9,ROWS(핵심인력_경력),1), (OFFSET(핵심인력_경력,0,10,ROWS(핵심인력_경력),1)="A")*1)+SUMPRODUCT((OFFSET(핵심인력_경력,0,0,ROWS(핵심인력_경력),1)=$D25)*1, OFFSET(핵심인력_경력,0,9,ROWS(핵심인력_경력),1), (OFFSET(핵심인력_경력,0,10,ROWS(핵심인력_경력),1)="B")*1)*0.7, SUMPRODUCT((OFFSET(일반인력_경력,0,0,ROWS(일반인력_경력),1)=$D25)*1, OFFSET(일반인력_경력,0,9,ROWS(일반인력_경력),1), (OFFSET(일반인력_경력,0,10,ROWS(일반인력_경력),1)="A")*1)+SUMPRODUCT((OFFSET(일반인력_경력,0,0,ROWS(일반인력_경력),1)=$D25)*1, OFFSET(일반인력_경력,0,9,ROWS(일반인력_경력),1), (OFFSET(일반인력_경력,0,10,ROWS(일반인력_경력),1)="B")*1)*0.7 ) ) | S25: =IF(ISBLANK($D25), "", IF(VLOOKUP($D25,참여인력_개요,11,FALSE)="관리인력", "", IF(N25="핵심운용인력", SUMPRODUCT((OFFSET(핵심인력_투자현황,0,0,ROWS(핵심인력_투자현황),1)=$D25)*1, ISTEXT(OFFSET(핵심인력_투자현황,0,10,ROWS(핵심인력_투자현황),1))*1), SUMPRODUCT((OFFSET(일반인력_투자현황,0,0,ROWS(일반인력_투자현황),1)=$D25)*1, ISTEXT(OFFSET(일반인력_투자현황,0,10,ROWS(일반인력_투자현황),1))*1)) ) ) | T25: =IF(ISBLANK($D25), "", IF(VLOOKUP($D25,참여인력_개요,11,FALSE)="관리인력", "", IF(N25="핵심운용인력", SUMPRODUCT((OFFSET(핵심인력_투자현황,0,0,ROWS(핵심인력_투자현황),1)=$D25)*1, (OFFSET(핵심인력_투자현황,0,16,ROWS(핵심인력_투자현황),1)="회수료")*1), SUMPRODUCT((OFFSET(일반인력_투자현황,0,0,ROWS(일반인력_투자현황),1)=$D25)*1, (OFFSET(일반인력_투자현황,0,16,ROWS(일반인력_투자현황),1)="회수료")*1)))) | U25: =IF(ISBLANK($D25), "", IF(VLOOKUP($D25,참여인력_개요,11,FALSE)="관리인력", "", IF(N25="핵심운용인력", SUMPRODUCT((OFFSET(핵심인력_투자현황,0,0,ROWS(핵심인력_투자현황),1)=$D25)*1, OFFSET(핵심인력_투자현황,0,15,ROWS(핵심인력_투자현황),1)), SUMPRODUCT((OFFSET(일반인력_투자현황,0,0,ROWS(일반인력_투자현황),1)=$D25)*1, OFFSET(일반인력_투자현황,0,15,ROWS(일반인력_투자현황),1)) ))) | V25: =IF(ISBLANK($D25), "", IF(VLOOKUP($D25,참여인력_개요,11,FALSE)="관리인력", "", IF(N25="핵심운용인력", SUMPRODUCT((OFFSET(핵심인력_투자현황,0,0,ROWS(핵심인력_투자현황),1)=$D25)*1, OFFSET(핵심인력_투자현황,0,19,ROWS(핵심인력_투자현황),1)), SUMPRODUCT((OFFSET(일반인력_투자현황,0,0,ROWS(일반인력_투자현황),1)=$D25)*1, OFFSET(일반인력_투자현황,0,19,ROWS(일반인력_투자현황),1)) ))) | W25: =IF(ISBLANK($D25), "", IF(VLOOKUP($D25,참여인력_개요,11,FALSE)="관리인력", "", IF(N25="핵심운용인력", SUMPRODUCT((OFFSET(핵심인력_투자현황,0,0,ROWS(핵심인력_투자현황),1)=$D25)*1, OFFSET(핵심인력_투자현황,0,24,ROWS(핵심인력_투자현황),1)), SUMPRODUCT((OFFSET(일반인력_투자현황,0,0,ROWS(일반인력_투자현황),1)=$D25)*1, OFFSET(일반인력_투자현황,0,24,ROWS(일반인력_투자현황),1)) ))) | X25: =IF(ISBLANK($D25), "", IF(VLOOKUP($D25,참여인력_개요,11,FALSE)="관리인력", "", IF(N25="핵심운용인력", SUMPRODUCT((OFFSET(핵심인력_투자현황,0,0,ROWS(핵심인력_투자현황),1)=$D25)*1, OFFSET(핵심인력_투자현황,0,25,ROWS(핵심인력_투자현황),1)), SUMPRODUCT((OFFSET(일반인력_투자현황,0,0,ROWS(일반인력_투자현황),1)=$D25)*1, OFFSET(일반인력_투자현황,0,25,ROWS(일반인력_투자현황),1)) ))) | Y25: =IF(ISBLANK($D25), "", IF(VLOOKUP($D25,참여인력_개요,11,FALSE)="관리인력", "", IF(N25="핵심운용인력", SUMPRODUCT((OFFSET(핵심인력_투자현황,0,0,ROWS(핵심인력_투자현황),1)=$D25)*1, OFFSET(핵심인력_투자현황,0,15,ROWS(핵심인력_투자현황),1), OFFSET(핵심인력_투자현황,0,17,ROWS(핵심인력_투자현황),1))/U25, SUMPRODUCT((OFFSET(일반인력_투자현황,0,0,ROWS(일반인력_투자현황),1)=$D25)*1, OFFSET(일반인력_투자현황,0,15,ROWS(일반인력_투자현황),1), OFFSET(일반인력_투자현황,0,17,ROWS(일반인력_투자현황),1))/U25 ))) | Z25: =IF(ISBLANK($D25), "",IF(VLOOKUP($D25,참여인력_개요,11,FALSE)="관리인력", "", IF(N25="핵심운용인력", IF(SUMPRODUCT( (OFFSET(핵심인력_투자현황,0,0,ROWS(핵심인력_투자현황),1)=$D25)*1, OFFSET(핵심인력_투자현황,0,15,ROWS(핵심인력_투자현황),1), (OFFSET(핵심인력_투자현황,0,16,ROWS(핵심인력_투자현황),1)="회수료")*1 ) = 0, "N/A", SUMPRODUCT( (OFFSET(핵심인력_투자현황,0,0,ROWS(핵심인력_투자현황),1)=$D25)*1, OFFSET(핵심인력_투자현황,0,15,ROWS(핵심인력_투자현황),1), (OFFSET(핵심인력_투자현황,0,16,ROWS(핵심인력_투자현황),1)="회수료")*1, OFFSET(핵심인력_투자현황,0,17,ROWS(핵심인력_투자현황),1) ) / SUMPRODUCT( (OFFSET(핵심인력_투자현황,0,0,ROWS(핵심인력_투자현황),1)=$D25)*1, OFFSET(핵심인력_투자현황,0,15,ROWS(핵심인력_투자현황),1), (OFFSET(핵심인력_투자현황,0,16,ROWS(핵심인력_투자현황),1)="회수료")*1 ) ), IF(SUMPRODUCT( (OFFSET(일반인력_투자현황,0,0,ROWS(일반인력_투자현황),1)=$D25)*1, OFFSET(일반인력_투자현황,0,15,ROWS(일반인력_투자현황),1), (OFFSET(일반인력_투자현황,0,16,ROWS(일반인력_투자현황),1)="회수료")*1 ) = 0, "N/A", SUMPRODUCT( (OFFSET(일반인력_투자현황,0,0,ROWS(일반인력_투자현황),1)=$D25)*1, OFFSET(일반인력_투자현황,0,15,ROWS(일반인력_투자현황),1), (OFFSET(일반인력_투자현황,0,16,ROWS(일반인력_투자현황),1)="회수료")*1, OFFSET(일반인력_투자현황,0,17,ROWS(일반인력_투자현황),1) ) / SUMPRODUCT( (OFFSET(일반인력_투자현황,0,0,ROWS(일반인력_투자현황),1)=$D25)*1, OFFSET(일반인력_투자현황,0,15,ROWS(일반인력_투자현황),1), (OFFSET(일반인력_투자현황,0,16,ROWS(일반인력_투자현황),1)="회수료")*1 ) ) ))) | AA25: =IF(ISBLANK($D25), "", IF(VLOOKUP($D25,참여인력_개요,11,FALSE)="관리인력", "", SUMPRODUCT( (OFFSET(제안사_투자현황,0,21,ROWS(제안사_투자현황),1)=$D25)*1, (OFFSET(제안사_투자현황,0,8,ROWS(제안사_투자현황),1)<>"회수료")*1 ) )) | AB25: =IF(ISBLANK($D25), "", IF(VLOOKUP($D25,참여인력_개요,11,FALSE)="관리인력", "", SUMPRODUCT( (OFFSET(제안사_투자현황,0,21,ROWS(제안사_투자현황),1)=$D25)*1, (OFFSET(제안사_투자현황,0,9,ROWS(제안사_투자현황),1)<>"회수료")*1, OFFSET(제안사_투자현황,0,18,ROWS(제안사_투자현황),1) ) ) ) | AC25: =IF(ISBLANK($D25), "", IF(VLOOKUP($D25,참여인력_개요,11,FALSE)="관리인력", "", SUMPRODUCT( (OFFSET(제안사_투자현황,0,21,ROWS(제안사_투자현황),1)=$D25)*1, (OFFSET(제안사_투자현황,0,9,ROWS(제안사_투자현황),1)<>"회수료")*1, OFFSET(제안사_투자현황,0,19,ROWS(제안사_투자현황),1) ) ) )
R26: =IF(ISBLANK($D26), "", IF(N26="핵심운용인력", SUMPRODUCT((OFFSET(핵심인력_경력,0,0,ROWS(핵심인력_경력),1)=$D26)*1, OFFSET(핵심인력_경력,0,9,ROWS(핵심인력_경력),1), (OFFSET(핵심인력_경력,0,10,ROWS(핵심인력_경력),1)="A")*1)+SUMPRODUCT((OFFSET(핵심인력_경력,0,0,ROWS(핵심인력_경력),1)=$D26)*1, OFFSET(핵심인력_경력,0,9,ROWS(핵심인력_경력),1), (OFFSET(핵심인력_경력,0,10,ROWS(핵심인력_경력),1)="B")*1)*0.7, SUMPRODUCT((OFFSET(일반인력_경력,0,0,ROWS(일반인력_경력),1)=$D26)*1, OFFSET(일반인력_경력,0,9,ROWS(일반인력_경력),1), (OFFSET(일반인력_경력,0,10,ROWS(일반인력_경력),1)="A")*1)+SUMPRODUCT((OFFSET(일반인력_경력,0,0,ROWS(일반인력_경력),1)=$D26)*1, OFFSET(일반인력_경력,0,9,ROWS(일반인력_경력),1), (OFFSET(일반인력_경력,0,10,ROWS(일반인력_경력),1)="B")*1)*0.7 ) ) | S26: =IF(ISBLANK($D26), "", IF(VLOOKUP($D26,참여인력_개요,11,FALSE)="관리인력", "", IF(N26="핵심운용인력", SUMPRODUCT((OFFSET(핵심인력_투자현황,0,0,ROWS(핵심인력_투자현황),1)=$D26)*1, ISTEXT(OFFSET(핵심인력_투자현황,0,10,ROWS(핵심인력_투자현황),1))*1), SUMPRODUCT((OFFSET(일반인력_투자현황,0,0,ROWS(일반인력_투자현황),1)=$D26)*1, ISTEXT(OFFSET(일반인력_투자현황,0,10,ROWS(일반인력_투자현황),1))*1)) ) ) | T26: =IF(ISBLANK($D26), "", IF(VLOOKUP($D26,참여인력_개요,11,FALSE)="관리인력", "", IF(N26="핵심운용인력", SUMPRODUCT((OFFSET(핵심인력_투자현황,0,0,ROWS(핵심인력_투자현황),1)=$D26)*1, (OFFSET(핵심인력_투자현황,0,16,ROWS(핵심인력_투자현황),1)="회수료")*1), SUMPRODUCT((OFFSET(일반인력_투자현황,0,0,ROWS(일반인력_투자현황),1)=$D26)*1, (OFFSET(일반인력_투자현황,0,16,ROWS(일반인력_투자현황),1)="회수료")*1)))) | U26: =IF(ISBLANK($D26), "", IF(VLOOKUP($D26,참여인력_개요,11,FALSE)="관리인력", "", IF(N26="핵심운용인력", SUMPRODUCT((OFFSET(핵심인력_투자현황,0,0,ROWS(핵심인력_투자현황),1)=$D26)*1, OFFSET(핵심인력_투자현황,0,15,ROWS(핵심인력_투자현황),1)), SUMPRODUCT((OFFSET(일반인력_투자현황,0,0,ROWS(일반인력_투자현황),1)=$D26)*1, OFFSET(일반인력_투자현황,0,15,ROWS(일반인력_투자현황),1)) ))) | V26: =IF(ISBLANK($D26), "", IF(VLOOKUP($D26,참여인력_개요,11,FALSE)="관리인력", "", IF(N26="핵심운용인력", SUMPRODUCT((OFFSET(핵심인력_투자현황,0,0,ROWS(핵심인력_투자현황),1)=$D26)*1, OFFSET(핵심인력_투자현황,0,19,ROWS(핵심인력_투자현황),1)), SUMPRODUCT((OFFSET(일반인력_투자현황,0,0,ROWS(일반인력_투자현황),1)=$D26)*1, OFFSET(일반인력_투자현황,0,19,ROWS(일반인력_투자현황),1)) ))) | W26: =IF(ISBLANK($D26), "", IF(VLOOKUP($D26,참여인력_개요,11,FALSE)="관리인력", "", IF(N26="핵심운용인력", SUMPRODUCT((OFFSET(핵심인력_투자현황,0,0,ROWS(핵심인력_투자현황),1)=$D26)*1, OFFSET(핵심인력_투자현황,0,24,ROWS(핵심인력_투자현황),1)), SUMPRODUCT((OFFSET(일반인력_투자현황,0,0,ROWS(일반인력_투자현황),1)=$D26)*1, OFFSET(일반인력_투자현황,0,24,ROWS(일반인력_투자현황),1)) ))) | X26: =IF(ISBLANK($D26), "", IF(VLOOKUP($D26,참여인력_개요,11,FALSE)="관리인력", "", IF(N26="핵심운용인력", SUMPRODUCT((OFFSET(핵심인력_투자현황,0,0,ROWS(핵심인력_투자현황),1)=$D26)*1, OFFSET(핵심인력_투자현황,0,25,ROWS(핵심인력_투자현황),1)), SUMPRODUCT((OFFSET(일반인력_투자현황,0,0,ROWS(일반인력_투자현황),1)=$D26)*1, OFFSET(일반인력_투자현황,0,25,ROWS(일반인력_투자현황),1)) ))) | Y26: =IF(ISBLANK($D26), "", IF(VLOOKUP($D26,참여인력_개요,11,FALSE)="관리인력", "", IF(N26="핵심운용인력", SUMPRODUCT((OFFSET(핵심인력_투자현황,0,0,ROWS(핵심인력_투자현황),1)=$D26)*1, OFFSET(핵심인력_투자현황,0,15,ROWS(핵심인력_투자현황),1), OFFSET(핵심인력_투자현황,0,17,ROWS(핵심인력_투자현황),1))/U26, SUMPRODUCT((OFFSET(일반인력_투자현황,0,0,ROWS(일반인력_투자현황),1)=$D26)*1, OFFSET(일반인력_투자현황,0,15,ROWS(일반인력_투자현황),1), OFFSET(일반인력_투자현황,0,17,ROWS(일반인력_투자현황),1))/U26 ))) | Z26: =IF(ISBLANK($D26), "",IF(VLOOKUP($D26,참여인력_개요,11,FALSE)="관리인력", "", IF(N26="핵심운용인력", IF(SUMPRODUCT( (OFFSET(핵심인력_투자현황,0,0,ROWS(핵심인력_투자현황),1)=$D26)*1, OFFSET(핵심인력_투자현황,0,15,ROWS(핵심인력_투자현황),1), (OFFSET(핵심인력_투자현황,0,16,ROWS(핵심인력_투자현황),1)="회수료")*1 ) = 0, "N/A", SUMPRODUCT( (OFFSET(핵심인력_투자현황,0,0,ROWS(핵심인력_투자현황),1)=$D26)*1, OFFSET(핵심인력_투자현황,0,15,ROWS(핵심인력_투자현황),1), (OFFSET(핵심인력_투자현황,0,16,ROWS(핵심인력_투자현황),1)="회수료")*1, OFFSET(핵심인력_투자현황,0,17,ROWS(핵심인력_투자현황),1) ) / SUMPRODUCT( (OFFSET(핵심인력_투자현황,0,0,ROWS(핵심인력_투자현황),1)=$D26)*1, OFFSET(핵심인력_투자현황,0,15,ROWS(핵심인력_투자현황),1), (OFFSET(핵심인력_투자현황,0,16,ROWS(핵심인력_투자현황),1)="회수료")*1 ) ), IF(SUMPRODUCT( (OFFSET(일반인력_투자현황,0,0,ROWS(일반인력_투자현황),1)=$D26)*1, OFFSET(일반인력_투자현황,0,15,ROWS(일반인력_투자현황),1), (OFFSET(일반인력_투자현황,0,16,ROWS(일반인력_투자현황),1)="회수료")*1 ) = 0, "N/A", SUMPRODUCT( (OFFSET(일반인력_투자현황,0,0,ROWS(일반인력_투자현황),1)=$D26)*1, OFFSET(일반인력_투자현황,0,15,ROWS(일반인력_투자현황),1), (OFFSET(일반인력_투자현황,0,16,ROWS(일반인력_투자현황),1)="회수료")*1, OFFSET(일반인력_투자현황,0,17,ROWS(일반인력_투자현황),1) ) / SUMPRODUCT( (OFFSET(일반인력_투자현황,0,0,ROWS(일반인력_투자현황),1)=$D26)*1, OFFSET(일반인력_투자현황,0,15,ROWS(일반인력_투자현황),1), (OFFSET(일반인력_투자현황,0,16,ROWS(일반인력_투자현황),1)="회수료")*1 ) ) ))) | AA26: =IF(ISBLANK($D26), "", IF(VLOOKUP($D26,참여인력_개요,11,FALSE)="관리인력", "", SUMPRODUCT( (OFFSET(제안사_투자현황,0,21,ROWS(제안사_투자현황),1)=$D26)*1, (OFFSET(제안사_투자현황,0,8,ROWS(제안사_투자현황),1)<>"회수료")*1 ) )) | AB26: =IF(ISBLANK($D26), "", IF(VLOOKUP($D26,참여인력_개요,11,FALSE)="관리인력", "", SUMPRODUCT( (OFFSET(제안사_투자현황,0,21,ROWS(제안사_투자현황),1)=$D26)*1, (OFFSET(제안사_투자현황,0,9,ROWS(제안사_투자현황),1)<>"회수료")*1, OFFSET(제안사_투자현황,0,18,ROWS(제안사_투자현황),1) ) ) ) | AC26: =IF(ISBLANK($D26), "", IF(VLOOKUP($D26,참여인력_개요,11,FALSE)="관리인력", "", SUMPRODUCT( (OFFSET(제안사_투자현황,0,21,ROWS(제안사_투자현황),1)=$D26)*1, (OFFSET(제안사_투자현황,0,9,ROWS(제안사_투자현황),1)<>"회수료")*1, OFFSET(제안사_투자현황,0,19,ROWS(제안사_투자현황),1) ) ) )
R27: =IF(ISBLANK($D27), "", IF(N27="핵심운용인력", SUMPRODUCT((OFFSET(핵심인력_경력,0,0,ROWS(핵심인력_경력),1)=$D27)*1, OFFSET(핵심인력_경력,0,9,ROWS(핵심인력_경력),1), (OFFSET(핵심인력_경력,0,10,ROWS(핵심인력_경력),1)="A")*1)+SUMPRODUCT((OFFSET(핵심인력_경력,0,0,ROWS(핵심인력_경력),1)=$D27)*1, OFFSET(핵심인력_경력,0,9,ROWS(핵심인력_경력),1), (OFFSET(핵심인력_경력,0,10,ROWS(핵심인력_경력),1)="B")*1)*0.7, SUMPRODUCT((OFFSET(일반인력_경력,0,0,ROWS(일반인력_경력),1)=$D27)*1, OFFSET(일반인력_경력,0,9,ROWS(일반인력_경력),1), (OFFSET(일반인력_경력,0,10,ROWS(일반인력_경력),1)="A")*1)+SUMPRODUCT((OFFSET(일반인력_경력,0,0,ROWS(일반인력_경력),1)=$D27)*1, OFFSET(일반인력_경력,0,9,ROWS(일반인력_경력),1), (OFFSET(일반인력_경력,0,10,ROWS(일반인력_경력),1)="B")*1)*0.7 ) ) | S27: =IF(ISBLANK($D27), "", IF(VLOOKUP($D27,참여인력_개요,11,FALSE)="관리인력", "", IF(N27="핵심운용인력", SUMPRODUCT((OFFSET(핵심인력_투자현황,0,0,ROWS(핵심인력_투자현황),1)=$D27)*1, ISTEXT(OFFSET(핵심인력_투자현황,0,10,ROWS(핵심인력_투자현황),1))*1), SUMPRODUCT((OFFSET(일반인력_투자현황,0,0,ROWS(일반인력_투자현황),1)=$D27)*1, ISTEXT(OFFSET(일반인력_투자현황,0,10,ROWS(일반인력_투자현황),1))*1)) ) ) | T27: =IF(ISBLANK($D27), "", IF(VLOOKUP($D27,참여인력_개요,11,FALSE)="관리인력", "", IF(N27="핵심운용인력", SUMPRODUCT((OFFSET(핵심인력_투자현황,0,0,ROWS(핵심인력_투자현황),1)=$D27)*1, (OFFSET(핵심인력_투자현황,0,16,ROWS(핵심인력_투자현황),1)="회수료")*1), SUMPRODUCT((OFFSET(일반인력_투자현황,0,0,ROWS(일반인력_투자현황),1)=$D27)*1, (OFFSET(일반인력_투자현황,0,16,ROWS(일반인력_투자현황),1)="회수료")*1)))) | U27: =IF(ISBLANK($D27), "", IF(VLOOKUP($D27,참여인력_개요,11,FALSE)="관리인력", "", IF(N27="핵심운용인력", SUMPRODUCT((OFFSET(핵심인력_투자현황,0,0,ROWS(핵심인력_투자현황),1)=$D27)*1, OFFSET(핵심인력_투자현황,0,15,ROWS(핵심인력_투자현황),1)), SUMPRODUCT((OFFSET(일반인력_투자현황,0,0,ROWS(일반인력_투자현황),1)=$D27)*1, OFFSET(일반인력_투자현황,0,15,ROWS(일반인력_투자현황),1)) ))) | V27: =IF(ISBLANK($D27), "", IF(VLOOKUP($D27,참여인력_개요,11,FALSE)="관리인력", "", IF(N27="핵심운용인력", SUMPRODUCT((OFFSET(핵심인력_투자현황,0,0,ROWS(핵심인력_투자현황),1)=$D27)*1, OFFSET(핵심인력_투자현황,0,19,ROWS(핵심인력_투자현황),1)), SUMPRODUCT((OFFSET(일반인력_투자현황,0,0,ROWS(일반인력_투자현황),1)=$D27)*1, OFFSET(일반인력_투자현황,0,19,ROWS(일반인력_투자현황),1)) ))) | W27: =IF(ISBLANK($D27), "", IF(VLOOKUP($D27,참여인력_개요,11,FALSE)="관리인력", "", IF(N27="핵심운용인력", SUMPRODUCT((OFFSET(핵심인력_투자현황,0,0,ROWS(핵심인력_투자현황),1)=$D27)*1, OFFSET(핵심인력_투자현황,0,24,ROWS(핵심인력_투자현황),1)), SUMPRODUCT((OFFSET(일반인력_투자현황,0,0,ROWS(일반인력_투자현황),1)=$D27)*1, OFFSET(일반인력_투자현황,0,24,ROWS(일반인력_투자현황),1)) ))) | X27: =IF(ISBLANK($D27), "", IF(VLOOKUP($D27,참여인력_개요,11,FALSE)="관리인력", "", IF(N27="핵심운용인력", SUMPRODUCT((OFFSET(핵심인력_투자현황,0,0,ROWS(핵심인력_투자현황),1)=$D27)*1, OFFSET(핵심인력_투자현황,0,25,ROWS(핵심인력_투자현황),1)), SUMPRODUCT((OFFSET(일반인력_투자현황,0,0,ROWS(일반인력_투자현황),1)=$D27)*1, OFFSET(일반인력_투자현황,0,25,ROWS(일반인력_투자현황),1)) ))) | Y27: =IF(ISBLANK($D27), "", IF(VLOOKUP($D27,참여인력_개요,11,FALSE)="관리인력", "", IF(N27="핵심운용인력", SUMPRODUCT((OFFSET(핵심인력_투자현황,0,0,ROWS(핵심인력_투자현황),1)=$D27)*1, OFFSET(핵심인력_투자현황,0,15,ROWS(핵심인력_투자현황),1), OFFSET(핵심인력_투자현황,0,17,ROWS(핵심인력_투자현황),1))/U27, SUMPRODUCT((OFFSET(일반인력_투자현황,0,0,ROWS(일반인력_투자현황),1)=$D27)*1, OFFSET(일반인력_투자현황,0,15,ROWS(일반인력_투자현황),1), OFFSET(일반인력_투자현황,0,17,ROWS(일반인력_투자현황),1))/U27 ))) | Z27: =IF(ISBLANK($D27), "",IF(VLOOKUP($D27,참여인력_개요,11,FALSE)="관리인력", "", IF(N27="핵심운용인력", IF(SUMPRODUCT( (OFFSET(핵심인력_투자현황,0,0,ROWS(핵심인력_투자현황),1)=$D27)*1, OFFSET(핵심인력_투자현황,0,15,ROWS(핵심인력_투자현황),1), (OFFSET(핵심인력_투자현황,0,16,ROWS(핵심인력_투자현황),1)="회수료")*1 ) = 0, "N/A", SUMPRODUCT( (OFFSET(핵심인력_투자현황,0,0,ROWS(핵심인력_투자현황),1)=$D27)*1, OFFSET(핵심인력_투자현황,0,15,ROWS(핵심인력_투자현황),1), (OFFSET(핵심인력_투자현황,0,16,ROWS(핵심인력_투자현황),1)="회수료")*1, OFFSET(핵심인력_투자현황,0,17,ROWS(핵심인력_투자현황),1) ) / SUMPRODUCT( (OFFSET(핵심인력_투자현황,0,0,ROWS(핵심인력_투자현황),1)=$D27)*1, OFFSET(핵심인력_투자현황,0,15,ROWS(핵심인력_투자현황),1), (OFFSET(핵심인력_투자현황,0,16,ROWS(핵심인력_투자현황),1)="회수료")*1 ) ), IF(SUMPRODUCT( (OFFSET(일반인력_투자현황,0,0,ROWS(일반인력_투자현황),1)=$D27)*1, OFFSET(일반인력_투자현황,0,15,ROWS(일반인력_투자현황),1), (OFFSET(일반인력_투자현황,0,16,ROWS(일반인력_투자현황),1)="회수료")*1 ) = 0, "N/A", SUMPRODUCT( (OFFSET(일반인력_투자현황,0,0,ROWS(일반인력_투자현황),1)=$D27)*1, OFFSET(일반인력_투자현황,0,15,ROWS(일반인력_투자현황),1), (OFFSET(일반인력_투자현황,0,16,ROWS(일반인력_투자현황),1)="회수료")*1, OFFSET(일반인력_투자현황,0,17,ROWS(일반인력_투자현황),1) ) / SUMPRODUCT( (OFFSET(일반인력_투자현황,0,0,ROWS(일반인력_투자현황),1)=$D27)*1, OFFSET(일반인력_투자현황,0,15,ROWS(일반인력_투자현황),1), (OFFSET(일반인력_투자현황,0,16,ROWS(일반인력_투자현황),1)="회수료")*1 ) ) ))) | AA27: =IF(ISBLANK($D27), "", IF(VLOOKUP($D27,참여인력_개요,11,FALSE)="관리인력", "", SUMPRODUCT( (OFFSET(제안사_투자현황,0,21,ROWS(제안사_투자현황),1)=$D27)*1, (OFFSET(제안사_투자현황,0,8,ROWS(제안사_투자현황),1)<>"회수료")*1 ) )) | AB27: =IF(ISBLANK($D27), "", IF(VLOOKUP($D27,참여인력_개요,11,FALSE)="관리인력", "", SUMPRODUCT( (OFFSET(제안사_투자현황,0,21,ROWS(제안사_투자현황),1)=$D27)*1, (OFFSET(제안사_투자현황,0,9,ROWS(제안사_투자현황),1)<>"회수료")*1, OFFSET(제안사_투자현황,0,18,ROWS(제안사_투자현황),1) ) ) ) | AC27: =IF(ISBLANK($D27), "", IF(VLOOKUP($D27,참여인력_개요,11,FALSE)="관리인력", "", SUMPRODUCT( (OFFSET(제안사_투자현황,0,21,ROWS(제안사_투자현황),1)=$D27)*1, (OFFSET(제안사_투자현황,0,9,ROWS(제안사_투자현황),1)<>"회수료")*1, OFFSET(제안사_투자현황,0,19,ROWS(제안사_투자현황),1) ) ) )
... R200: =IF(ISBLANK($D200), "", IF(N200="핵심운용인력", SUMPRODUCT((OFFSET(핵심인력_경력,0,0,ROWS(핵심인력_경력),1)=$D200)*1, OFFSET(핵심인력_경력,0,9,ROWS(핵심인력_경력),1), (OFFSET(핵심인력_경력,0,10,ROWS(핵심인력_경력),1)="A")*1)+SUMPRODUCT((OFFSET(핵심인력_경력,0,0,ROWS(핵심인력_경력),1)=$D200)*1, OFFSET(핵심인력_경력,0,9,ROWS(핵심인력_경력),1), (OFFSET(핵심인력_경력,0,10,ROWS(핵심인력_경력),1)="B")*1)*0.7, SUMPRODUCT((OFFSET(일반인력_경력,0,0,ROWS(일반인력_경력),1)=$D200)*1, OFFSET(일반인력_경력,0,9,ROWS(일반인력_경력),1), (OFFSET(일반인력_경력,0,10,ROWS(일반인력_경력),1)="A")*1)+SUMPRODUCT((OFFSET(일반인력_경력,0,0,ROWS(일반인력_경력),1)=$D200)*1, OFFSET(일반인력_경력,0,9,ROWS(일반인력_경력),1), (OFFSET(일반인력_경력,0,10,ROWS(일반인력_경력),1)="B")*1)*0.7 ) ) | S200: =IF(ISBLANK($D200), "", IF(VLOOKUP($D200,참여인력_개요,11,FALSE)="관리인력", "", IF(N200="핵심운용인력", SUMPRODUCT((OFFSET(핵심인력_투자현황,0,0,ROWS(핵심인력_투자현황),1)=$D200)*1, ISTEXT(OFFSET(핵심인력_투자현황,0,10,ROWS(핵심인력_투자현황),1))*1), SUMPRODUCT((OFFSET(일반인력_투자현황,0,0,ROWS(일반인력_투자현황),1)=$D200)*1, ISTEXT(OFFSET(일반인력_투자현황,0,10,ROWS(일반인력_투자현황),1))*1)) ) ) | T200: =IF(ISBLANK($D200), "", IF(VLOOKUP($D200,참여인력_개요,11,FALSE)="관리인력", "", IF(N200="핵심운용인력", SUMPRODUCT((OFFSET(핵심인력_투자현황,0,0,ROWS(핵심인력_투자현황),1)=$D200)*1, (OFFSET(핵심인력_투자현황,0,16,ROWS(핵심인력_투자현황),1)="회수료")*1), SUMPRODUCT((OFFSET(일반인력_투자현황,0,0,ROWS(일반인력_투자현황),1)=$D200)*1, (OFFSET(일반인력_투자현황,0,16,ROWS(일반인력_투자현황),1)="회수료")*1)))) | U200: =IF(ISBLANK($D200), "", IF(VLOOKUP($D200,참여인력_개요,11,FALSE)="관리인력", "", IF(N200="핵심운용인력", SUMPRODUCT((OFFSET(핵심인력_투자현황,0,0,ROWS(핵심인력_투자현황),1)=$D200)*1, OFFSET(핵심인력_투자현황,0,15,ROWS(핵심인력_투자현황),1)), SUMPRODUCT((OFFSET(일반인력_투자현황,0,0,ROWS(일반인력_투자현황),1)=$D200)*1, OFFSET(일반인력_투자현황,0,15,ROWS(일반인력_투자현황),1)) ))) | V200: =IF(ISBLANK($D200), "", IF(VLOOKUP($D200,참여인력_개요,11,FALSE)="관리인력", "", IF(N200="핵심운용인력", SUMPRODUCT((OFFSET(핵심인력_투자현황,0,0,ROWS(핵심인력_투자현황),1)=$D200)*1, OFFSET(핵심인력_투자현황,0,19,ROWS(핵심인력_투자현황),1)), SUMPRODUCT((OFFSET(일반인력_투자현황,0,0,ROWS(일반인력_투자현황),1)=$D200)*1, OFFSET(일반인력_투자현황,0,19,ROWS(일반인력_투자현황),1)) ))) | W200: =IF(ISBLANK($D200), "", IF(VLOOKUP($D200,참여인력_개요,11,FALSE)="관리인력", "", IF(N200="핵심운용인력", SUMPRODUCT((OFFSET(핵심인력_투자현황,0,0,ROWS(핵심인력_투자현황),1)=$D200)*1, OFFSET(핵심인력_투자현황,0,24,ROWS(핵심인력_투자현황),1)), SUMPRODUCT((OFFSET(일반인력_투자현황,0,0,ROWS(일반인력_투자현황),1)=$D200)*1, OFFSET(일반인력_투자현황,0,24,ROWS(일반인력_투자현황),1)) ))) | X200: =IF(ISBLANK($D200), "", IF(VLOOKUP($D200,참여인력_개요,11,FALSE)="관리인력", "", IF(N200="핵심운용인력", SUMPRODUCT((OFFSET(핵심인력_투자현황,0,0,ROWS(핵심인력_투자현황),1)=$D200)*1, OFFSET(핵심인력_투자현황,0,25,ROWS(핵심인력_투자현황),1)), SUMPRODUCT((OFFSET(일반인력_투자현황,0,0,ROWS(일반인력_투자현황),1)=$D200)*1, OFFSET(일반인력_투자현황,0,25,ROWS(일반인력_투자현황),1)) ))) | Y200: =IF(ISBLANK($D200), "", IF(VLOOKUP($D200,참여인력_개요,11,FALSE)="관리인력", "", IF(N200="핵심운용인력", SUMPRODUCT((OFFSET(핵심인력_투자현황,0,0,ROWS(핵심인력_투자현황),1)=$D200)*1, OFFSET(핵심인력_투자현황,0,15,ROWS(핵심인력_투자현황),1), OFFSET(핵심인력_투자현황,0,17,ROWS(핵심인력_투자현황),1))/U200, SUMPRODUCT((OFFSET(일반인력_투자현황,0,0,ROWS(일반인력_투자현황),1)=$D200)*1, OFFSET(일반인력_투자현황,0,15,ROWS(일반인력_투자현황),1), OFFSET(일반인력_투자현황,0,17,ROWS(일반인력_투자현황),1))/U200 ))) | Z200: =IF(ISBLANK($D200), "",IF(VLOOKUP($D200,참여인력_개요,11,FALSE)="관리인력", "", IF(N200="핵심운용인력", IF(SUMPRODUCT( (OFFSET(핵심인력_투자현황,0,0,ROWS(핵심인력_투자현황),1)=$D200)*1, OFFSET(핵심인력_투자현황,0,15,ROWS(핵심인력_투자현황),1), (OFFSET(핵심인력_투자현황,0,16,ROWS(핵심인력_투자현황),1)="회수료")*1 ) = 0, "N/A", SUMPRODUCT( (OFFSET(핵심인력_투자현황,0,0,ROWS(핵심인력_투자현황),1)=$D200)*1, OFFSET(핵심인력_투자현황,0,15,ROWS(핵심인력_투자현황),1), (OFFSET(핵심인력_투자현황,0,16,ROWS(핵심인력_투자현황),1)="회수료")*1, OFFSET(핵심인력_투자현황,0,17,ROWS(핵심인력_투자현황),1) ) / SUMPRODUCT( (OFFSET(핵심인력_투자현황,0,0,ROWS(핵심인력_투자현황),1)=$D200)*1, OFFSET(핵심인력_투자현황,0,15,ROWS(핵심인력_투자현황),1), (OFFSET(핵심인력_투자현황,0,16,ROWS(핵심인력_투자현황),1)="회수료")*1 ) ), IF(SUMPRODUCT( (OFFSET(일반인력_투자현황,0,0,ROWS(일반인력_투자현황),1)=$D200)*1, OFFSET(일반인력_투자현황,0,15,ROWS(일반인력_투자현황),1), (OFFSET(일반인력_투자현황,0,16,ROWS(일반인력_투자현황),1)="회수료")*1 ) = 0, "N/A", SUMPRODUCT( (OFFSET(일반인력_투자현황,0,0,ROWS(일반인력_투자현황),1)=$D200)*1, OFFSET(일반인력_투자현황,0,15,ROWS(일반인력_투자현황),1), (OFFSET(일반인력_투자현황,0,16,ROWS(일반인력_투자현황),1)="회수료")*1, OFFSET(일반인력_투자현황,0,17,ROWS(일반인력_투자현황),1) ) / SUMPRODUCT( (OFFSET(일반인력_투자현황,0,0,ROWS(일반인력_투자현황),1)=$D200)*1, OFFSET(일반인력_투자현황,0,15,ROWS(일반인력_투자현황),1), (OFFSET(일반인력_투자현황,0,16,ROWS(일반인력_투자현황),1)="회수료")*1 ) ) ))) | AA200: =IF(ISBLANK($D200), "", IF(VLOOKUP($D200,참여인력_개요,11,FALSE)="관리인력", "", SUMPRODUCT( (OFFSET(제안사_투자현황,0,21,ROWS(제안사_투자현황),1)=$D200)*1, (OFFSET(제안사_투자현황,0,8,ROWS(제안사_투자현황),1)<>"회수료")*1 ) )) | AB200: =IF(ISBLANK($D200), "", IF(VLOOKUP($D200,참여인력_개요,11,FALSE)="관리인력", "", SUMPRODUCT( (OFFSET(제안사_투자현황,0,21,ROWS(제안사_투자현황),1)=$D200)*1, (OFFSET(제안사_투자현황,0,9,ROWS(제안사_투자현황),1)<>"회수료")*1, OFFSET(제안사_투자현황,0,18,ROWS(제안사_투자현황),1) ) ) ) | AC200: =IF(ISBLANK($D200), "", IF(VLOOKUP($D200,참여인력_개요,11,FALSE)="관리인력", "", SUMPRODUCT( (OFFSET(제안사_투자현황,0,21,ROWS(제안사_투자현황),1)=$D200)*1, (OFFSET(제안사_투자현황,0,9,ROWS(제안사_투자현황),1)<>"회수료")*1, OFFSET(제안사_투자현황,0,19,ROWS(제안사_투자현황),1) ) ) )

Sheet 3.2.1.핵심운용인력 투자현황
A1: RFPID | B1: GPID | C1: FundMgrID | D1: LineNum | E1: FundMgrName | F1: BirthYMDS | G1: CompanyName | H1: WorkBegYMD | I1: WorkEndYMD | J1: JobTypeDesc | K1: IsFinder | L1: IsPostInvestMgr | M1: IsExitMgr | N1: FinancialResource | O1: InvtComName | Q1: MainIndustryDesc | R1: InvestYMD | S1: TujaTypeDesc | T1: InvestAmt | U1: IsCollectedDesc | V1: PropInvtComIRR | W1: CollectYMD | X1: CollectAmt | Y1: CollectBV | Z1: CollectMethodDesc | AB1: IsMarketableDesc | AC1: AmtBal | AD1: AmtBalValue | AE1: AmtBalValueDesc | AG1: OtherRemark | AH1: CurrentFundMgrName | AI1: CurrentFundMgrBuName | AJ1: CurrentFundMgrTelNo
AN2: 38 | AO2: 39
E3: 핵심 운용인력 | G3: 담당 기간 및 역할 | N3: 투자 | W3: 회수투자자산 | AB3: 미회수투자자산 | AF3: 손상차손인식여부 | AG3: 기타사항 | AH3: 검증사 | AK3: 피투자기업설립일 | AL3: 설립 ~ 투자 | AM3: 주요 제품 및 서비스 | AN3: 투자펀드 내역(펀드계정일 경우) | AP3: 기업규모 | AQ3: 투자원금 검증
A4: 모집단위ID | B4: 운용사ID | C4: 운용인력ID | D4: 순번 | E4: 성명 | F4: 생년월일 | G4: 재직회사명 | H4: 시작일 | I4: 종료일 | J4: 직무구분 | K4: 발굴및 투자검토 | L4: 사후 관리 | M4: 회수 | N4: 투자계정구분 | O4: 피투자기업명 | P4: 피투자기업 법인유형 | Q4: 피투자기업 주요산업분야 | R4: 투자일 | S4: 투자형태 | T4: 투자금액 | U4: 회수여부 | V4: 투자 수익율 | W4: 최종회수일 | X4: 회수총액 | Y4: 투자원금 | Z4: 회수방법 | AA4: 투자기간 | AB4: 시장성유무 | AC4: 투자원금 | AD4: 가치 | AE4: 가치산출근거 | AH4: 사명 | AJ4: 연락처 | AN4: 펀드명 | AO4: 법적유형
E11: 이00 | F11: =IF(ISBLANK($E11), "", VLOOKUP($E11,참여인력_개요,2,FALSE)) -> 25569 | G11: 가인베스트먼트㈜ | H11: 39630 | I11: 40179 | J11: 의사결정 | K11: YES | L11: NO | M11: NO | N11: 펀드계정 | O11: A기업 | P11: 국내설립법인 또는 해외현지법인 | Q11: 전자/반도체 | R11: 39738 | S11: CB | T11: 1000 | U11: 회수료 | V11: 0.146 | W11: 40725 | X11: 1146 | Y11: 1000 | Z11: 코스닥 | AA11: =IF(ISBLANK(W11),"",DATEDIF(R11,W11,"d")/365) -> 2.7041096 | AB11: YES | AF11: 해당사항 없음 | AH11: 가인베스트먼트㈜ | AJ11: 0000-0000 | AK11: 37622 | AL11: =(R11-AK11)/365 -> 5.7972603 | AN11: 펀드1호 | AQ11: =ROUND(T11,)=ROUND(Y11,)+ROUND(AC11,) -> TRUE
E12: 이00 | F12: =IF(ISBLANK($E12), "", VLOOKUP($E12,참여인력_개요,2,FALSE)) -> 25569 | G12: 다인베스트먼트㈜ | H12: 38384 | I12: 39082 | J12: 투자실무 | K12: NO | L12: YES | M12: NO | N12: 펀드계정 | O12: B기업 | P12: 국내설립법인 또는 해외현지법인 | Q12: 통신/IT서비스 | R12: 38813 | S12: NPL(SPC출자 등 포함) | T12: 510 | U12: 부분회수 | W12: 39927 | X12: 200 | Y12: 200 | Z12: 장외매각 | AA12: =IF(ISBLANK(W12),"",DATEDIF(R12,W12,"d")/365) -> 3.0520548 | AB12: YES | AC12: 310 | AD12: 550 | AE12: 000주*@000원=000백만원(10.02.23종가기준) | AF12: 해당사항 없음 | AH12: 나인베스트먼트㈜ | AJ12: 0000-0000 | AK12: 38718 | AL12: =(R12-AK12)/365 -> 0.26027397 | AN12: 펀드2호 | AQ12: =ROUND(T12,)=ROUND(Y12,)+ROUND(AC12,) -> TRUE
E13: 이00 | F13: =IF(ISBLANK($E13), "", VLOOKUP($E13,참여인력_개요,2,FALSE)) -> 25569 | G13: 다인베스트먼트㈜ | H13: 37987 | I13: 38352 | J13: 투자실무 | K13: NO | L13: NO | M13: YES | N13: 펀드계정 | O13: C기업 | P13: 외국법인 | Q13: 통신/IT서비스 | R13: 38170 | S13: 펀드청산시고유계정투자 | T13: 390 | U13: 회수료 | V13: 0.146 | W13: 39927 | X13: 200 | Y13: 150 | Z13: 상환 | AA13: =IF(ISBLANK(W13),"",DATEDIF(R13,W13,"d")/365) -> 4.8136986 | AB13: YES | AC13: 240 | AD13: 300 | AE13: 000주*@000원=000백만원(10.02.23종가기준) | AF13: 해당사항 없음 | AH13: 다인베스트먼트㈜ | AJ13: 0000-0000 | AK13: 36892 | AL13: =(R13-AK13)/365 -> 3.5013699 | AN13: 펀드3호 | AQ13: =ROUND(T13,)=ROUND(Y13,)+ROUND(AC13,) -> TRUE
E14: 조00 | F14: =IF(ISBLANK($E14), "", VLOOKUP($E14,참여인력_개요,2,FALSE)) -> 30289 | G14: 다인베스트먼트㈜ | H14: 37987 | I14: 38352 | J14: 투자실무 | K14: NO | L14: NO | M14: YES | N14: 펀드계정 | O14: C기업 | P14: 외국법인 | Q14: 통신/IT서비스 | R14: 38170 | S14: 자산매입(기업구조조정 목적) | T14: 390 | U14: 회수료 | V14: 0.146 | W14: 39927 | X14: 200 | Y14: 150 | Z14: 상환 | AA14: =IF(ISBLANK(W14),"",DATEDIF(R14,W14,"d")/365) -> 4.8136986 | AB14: YES | AC14: 240 | AD14: 300 | AE14: 000주*@000원=000백만원(10.02.23종가기준) | AF14: 해당사항 없음 | AH14: 다인베스트먼트㈜ | AJ14: 0000-0000 | AK14: 37257 | AL14: =(R14-AK14)/365 -> 2.5013699 | AN14: 펀드3호 | AQ14: =ROUND(T14,)=ROUND(Y14,)+ROUND(AC14,) -> TRUE
F15: =IF(ISBLANK($E15), "", VLOOKUP($E15,참여인력_개요,2,FALSE)) | AA15: =IF(ISBLANK(W15),"",DATEDIF(R15,W15,"d")/365) | AQ15: =ROUND(T15,)=ROUND(Y15,)+ROUND(AC15,) -> TRUE
F16: =IF(ISBLANK($E16), "", VLOOKUP($E16,참여인력_개요,2,FALSE)) | AA16: =IF(ISBLANK(W16),"",DATEDIF(R16,W16,"d")/365) | AQ16: =ROUND(T16,)=ROUND(Y16,)+ROUND(AC16,) -> TRUE
F17: =IF(ISBLANK($E17), "", VLOOKUP($E17,참여인력_개요,2,FALSE)) | AA17: =IF(ISBLANK(W17),"",DATEDIF(R17,W17,"d")/365) | AQ17: =ROUND(T17,)=ROUND(Y17,)+ROUND(AC17,) -> TRUE
F18: =IF(ISBLANK($E18), "", VLOOKUP($E18,참여인력_개요,2,FALSE)) | AA18: =IF(ISBLANK(W18),"",DATEDIF(R18,W18,"d")/365) | AQ18: =ROUND(T18,)=ROUND(Y18,)+ROUND(AC18,) -> TRUE
F19: =IF(ISBLANK($E19), "", VLOOKUP($E19,참여인력_개요,2,FALSE)) | AA19: =IF(ISBLANK(W19),"",DATEDIF(R19,W19,"d")/365) | AQ19: =ROUND(T19,)=ROUND(Y19,)+ROUND(AC19,) -> TRUE
F20: =IF(ISBLANK($E20), "", VLOOKUP($E20,참여인력_개요,2,FALSE)) | AA20: =IF(ISBLANK(W20),"",DATEDIF(R20,W20,"d")/365) | AQ20: =ROUND(T20,)=ROUND(Y20,)+ROUND(AC20,) -> TRUE
F21: =IF(ISBLANK($E21), "", VLOOKUP($E21,참여인력_개요,2,FALSE)) | AA21: =IF(ISBLANK(W21),"",DATEDIF(R21,W21,"d")/365) | AQ21: =ROUND(T21,)=ROUND(Y21,)+ROUND(AC21,) -> TRUE
F22: =IF(ISBLANK($E22), "", VLOOKUP($E22,참여인력_개요,2,FALSE)) | AA22: =IF(ISBLANK(W22),"",DATEDIF(R22,W22,"d")/365) | AQ22: =ROUND(T22,)=ROUND(Y22,)+ROUND(AC22,) -> TRUE
F23: =IF(ISBLANK($E23), "", VLOOKUP($E23,참여인력_개요,2,FALSE)) | AA23: =IF(ISBLANK(W23),"",DATEDIF(R23,W23,"d")/365) | AQ23: =ROUND(T23,)=ROUND(Y23,)+ROUND(AC23,) -> TRUE
F24: =IF(ISBLANK($E24), "", VLOOKUP($E24,참여인력_개요,2,FALSE)) | AA24: =IF(ISBLANK(W24),"",DATEDIF(R24,W24,"d")/365) | AQ24: =ROUND(T24,)=ROUND(Y24,)+ROUND(AC24,) -> TRUE
F25: =IF(ISBLANK($E25), "", VLOOKUP($E25,참여인력_개요,2,FALSE)) | AA25: =IF(ISBLANK(W25),"",DATEDIF(R25,W25,"d")/365) | AQ25: =ROUND(T25,)=ROUND(Y25,)+ROUND(AC25,) -> TRUE
F26: =IF(ISBLANK($E26), "", VLOOKUP($E26,참여인력_개요,2,FALSE)) | AA26: =IF(ISBLANK(W26),"",DATEDIF(R26,W26,"d")/365) | AQ26: =ROUND(T26,)=ROUND(Y26,)+ROUND(AC26,) -> TRUE
... F500: =IF(ISBLANK($E500), "", VLOOKUP($E500,참여인력_개요,2,FALSE)) | AA500: =IF(ISBLANK(W500),"",DATEDIF(R500,W500,"d")/365) | AQ500: =ROUND(T500,)=ROUND(Y500,)+ROUND(AC500,) -> TRUE

Sheet 3.2.2.핵심운용인력 구조조정 투자현황
A1: RFPID | B1: GPID | C1: FundMgrID | D1: LineNum | E1: FundMgrName | F1: BirthYMDS | G1: CompanyName | H1: WorkBegYMD | I1: WorkEndYMD | J1: JobTypeDesc | K1: IsFinder | L1: IsPostInvestMgr | M1: IsExitMgr | N1: FinancialResource | O1: InvtComName | Q1: MainIndustryDesc | R1: InvestYMD | S1: TujaTypeDesc | T1: InvestAmt | U1: IsCollectedDesc | V1: PropInvtComIRR | W1: CollectYMD | X1: CollectAmt | Y1: CollectBV | Z1: CollectMethodDesc | AB1: IsMarketableDesc | AC1: AmtBal | AD1: AmtBalValue | AE1: AmtBalValueDesc | AH1: OtherRemark | AI1: CurrentFundMgrName | AJ1: CurrentFundMgrBuName | AK1: CurrentFundMgrTelNo | AL1: OtherRemark
AM2: 38 | AN2: 39
E3: 핵심 운용인력 | G3: 담당 기간 및 역할 | N3: 투자 | W3: 회수투자자산 | AB3: 미회수투자자산 | AF3: 회수방법 (상세기술) | AG3: 충족요건 | AH3: 기타사항 | AI3: 검증사 | AL3: 투자시점 회사상태 | AM3: 투자펀드 내역(펀드계정일 경우) | AO3: 기업규모
A4: 모집단위ID | B4: 운용사ID | C4: 운용인력ID | D4: 순번 | E4: 성명 | F4: 생년월일 | G4: 재직회사명 | H4: 시작일 | I4: 종료일 | J4: 직무구분 | K4: 발굴및 투자검토 | L4: 사후 관리 | M4: 회수 | N4: 투자계정구분 | O4: 피투자기업명 | P4: 피투자기업 법인유형 | Q4: 피투자기업 주요산업분야 | R4: 투자일 | S4: 투자형태 | T4: 투자금액 | U4: 회수여부 | V4: 투자 수익율 | W4: 최종회수일 | X4: 회수총액 | Y4: 투자원금 | Z4: 회수방법 | AA4: 투자기간 | AB4: 시장성유무 | AC4: 투자원금 | AD4: 가치 | AE4: 가치산출근거 | AI4: 사명 | AK4: 연락처 | AM4: 펀드명 | AN4: 법적유형
E11: 이00 | F11: =IF(ISBLANK($E11), "", VLOOKUP($E11,참여인력_개요,2,FALSE)) -> 25569 | G11: 가인베스트먼트㈜ | H11: 39630 | I11: 40179 | J11: 의사결정 | K11: YES | L11: NO | M11: NO | N11: 펀드계정 | O11: A기업 | P11: 국내설립법인 또는 해외현지법인 | Q11: 전자/반도체 | R11: 39738 | S11: CB | T11: 1000 | U11: 회수료 | V11: 0.146 | W11: 40725 | X11: 1146 | Y11: 1000 | Z11: 코스닥 | AA11: =IF(ISBLANK(W11),"",DATEDIF(R11,W11,"d")/365) -> 2.7041096 | AB11: YES | AG11: 자본시장법 시행령 제271조의27 3항 중 부채비율 요건 만족 | AI11: 가인베스트먼트㈜ | AK11: 0000-0000 | AL11: 사전적 구조조정 | AM11: 펀드1호
E12: 이00 | F12: =IF(ISBLANK($E12), "", VLOOKUP($E12,참여인력_개요,2,FALSE)) -> 25569 | G12: 다인베스트먼트㈜ | H12: 38384 | I12: 39082 | J12: 투자실무 | K12: NO | L12: YES | M12: NO | N12: 펀드계정 | O12: B기업 | P12: 국내설립법인 또는 해외현지법인 | Q12: 통신/IT서비스 | R12: 38813 | S12: NPL(SPC출자 등 포함) | T12: 510 | U12: 부분회수 | W12: 39927 | X12: 200 | Y12: 200 | Z12: 장외매각 | AA12: =IF(ISBLANK(W12),"",DATEDIF(R12,W12,"d")/365) -> 3.0520548 | AB12: YES | AC12: 310 | AD12: 550 | AE12: 000주*@000원=000백만원(10.02.23종가기준) | AG12: 워크아웃 개시일 : 2006-01-01 워크아웃 졸업일 : 2007-12-31 | AI12: 다인베스트먼트㈜ | AK12: 0000-0000 | AL12: 워크아웃 등 | AM12: 펀드2호
E13: 이00 | F13: =IF(ISBLANK($E13), "", VLOOKUP($E13,참여인력_개요,2,FALSE)) -> 25569 | G13: 다인베스트먼트㈜ | H13: 37987 | I13: 38352 | J13: 투자실무 | K13: NO | L13: NO | M13: YES | N13: 펀드계정 | O13: C기업 | P13: 외국법인 | Q13: 통신/IT서비스 | R13: 38170 | S13: 대여금(기업구조조정 목적) | T13: 390 | U13: 회수료 | V13: 0.146 | W13: 39927 | X13: 200 | Y13: 150 | Z13: 상환 | AA13: =IF(ISBLANK(W13),"",DATEDIF(R13,W13,"d")/365) -> 4.8136986 | AB13: YES | AC13: 240 | AD13: 300 | AE13: 000주*@000원=000백만원(10.02.23종가기준) | AG13: 공동운영 개시일 : 2005-12-31 공동운영 종료일 : 2007-12-31 | AI13: 다인베스트먼트㈜ | AK13: 0000-0000 | AL13: 사전적 구조조정 | AM13: 펀드3호
E14: 정00 | F14: =IF(ISBLANK($E14), "", VLOOKUP($E14,참여인력_개요,2,FALSE)) -> #N/A | G14: 다인베스트먼트㈜ | H14: 37987 | I14: 38352 | J14: 투자실무 | K14: NO | L14: NO | M14: YES | N14: 펀드계정 | O14: C기업 | P14: 외국법인 | Q14: 통신/IT서비스 | R14: 38170 | S14: 자산매입(기업구조조정 목적) | T14: 390 | U14: 회수료 | V14: 0.146 | W14: 39927 | X14: 200 | Y14: 150 | Z14: 상환 | AA14: =IF(ISBLANK(W14),"",DATEDIF(R14,W14,"d")/365) -> 4.8136986 | AB14: YES | AC14: 240 | AD14: 300 | AE14: 000주*@000원=000백만원(10.02.23종가기준) | AG14: 대전지방법원 2003 회합 54321 | AI14: 다인베스트먼트㈜ | AK14: 0000-0000 | AL14: 기업회생(舊, 법정관리) | AM14: 펀드3호
F15: =IF(ISBLANK($E15), "", VLOOKUP($E15,참여인력_개요,2,FALSE)) | AA15: =IF(ISBLANK(W15),"",DATEDIF(R15,W15,"d")/365)
F16: =IF(ISBLANK($E16), "", VLOOKUP($E16,참여인력_개요,2,FALSE)) | AA16: =IF(ISBLANK(W16),"",DATEDIF(R16,W16,"d")/365)
F17: =IF(ISBLANK($E17), "", VLOOKUP($E17,참여인력_개요,2,FALSE)) | AA17: =IF(ISBLANK(W17),"",DATEDIF(R17,W17,"d")/365)
F18: =IF(ISBLANK($E18), "", VLOOKUP($E18,참여인력_개요,2,FALSE)) | AA18: =IF(ISBLANK(W18),"",DATEDIF(R18,W18,"d")/365)
F19: =IF(ISBLANK($E19), "", VLOOKUP($E19,참여인력_개요,2,FALSE)) | AA19: =IF(ISBLANK(W19),"",DATEDIF(R19,W19,"d")/365)
F20: =IF(ISBLANK($E20), "", VLOOKUP($E20,참여인력_개요,2,FALSE)) | AA20: =IF(ISBLANK(W20),"",DATEDIF(R20,W20,"d")/365)
F21: =IF(ISBLANK($E21), "", VLOOKUP($E21,참여인력_개요,2,FALSE)) | AA21: =IF(ISBLANK(W21),"",DATEDIF(R21,W21,"d")/365)
F22: =IF(ISBLANK($E22), "", VLOOKUP($E22,참여인력_개요,2,FALSE)) | AA22: =IF(ISBLANK(W22),"",DATEDIF(R22,W22,"d")/365)
F23: =IF(ISBLANK($E23), "", VLOOKUP($E23,참여인력_개요,2,FALSE)) | AA23: =IF(ISBLANK(W23),"",DATEDIF(R23,W23,"d")/365)
F24: =IF(ISBLANK($E24), "", VLOOKUP($E24,참여인력_개요,2,FALSE)) | AA24: =IF(ISBLANK(W24),"",DATEDIF(R24,W24,"d")/365)
F25: =IF(ISBLANK($E25), "", VLOOKUP($E25,참여인력_개요,2,FALSE)) | AA25: =IF(ISBLANK(W25),"",DATEDIF(R25,W25,"d")/365)
F26: =IF(ISBLANK($E26), "", VLOOKUP($E26,참여인력_개요,2,FALSE)) | AA26: =IF(ISBLANK(W26),"",DATEDIF(R26,W26,"d")/365)
... F500: =IF(ISBLANK($E500), "", VLOOKUP($E500,참여인력_개요,2,FALSE)) | AA500: =IF(ISBLANK(W500),"",DATEDIF(R500,W500,"d")/365)

Sheet 3.2.3.일반운용인력 투자현황
A1: RFPID | B1: GPID | C1: FundMgrID | D1: LineNum | E1: FundMgrName | F1: BirthYMDS | G1: CompanyName | H1: WorkBegYMD | I1: WorkEndYMD | J1: JobTypeDesc | K1: IsFinder | L1: IsPostInvestMgr | M1: IsExitMgr | N1: FinancialResource | O1: InvtComName | Q1: MainIndustryDesc | R1: InvestYMD | S1: TujaTypeDesc | T1: InvestAmt | U1: IsCollectedDesc | V1: PropInvtComIRR | W1: CollectYMD | X1: CollectAmt | Y1: CollectBV | Z1: CollectMethodDesc | AB1: IsMarketableDesc | AC1: AmtBal | AD1: AmtBalValue | AE1: AmtBalValueDesc | AG1: OtherRemark | AH1: CurrentFundMgrName | AI1: CurrentFundMgrBuName | AJ1: CurrentFundMgrTelNo
AN2: 38 | AO2: 39
E3: 일반 운용인력 | G3: 담당 기간 및 역할 | N3: 투자 | W3: 회수투자자산 | AB3: 미회수투자자산 | AF3: 손상차손인식여부 | AG3: 기타사항 | AH3: 검증사 | AK3: 피투자기업설립일 | AL3: 설립 ~ 투자 | AM3: 주요 제품 및 서비스 | AN3: 투자펀드 내역(펀드계정일 경우) | AP3: 기업규모 | AQ3: 투자원금 검증
A4: 모집단위ID | B4: 운용사ID | C4: 운용인력ID | D4: 순번 | E4: 성명 | F4: 생년월일 | G4: 재직회사명 | H4: 시작일 | I4: 종료일 | J4: 직무구분 | K4: 발굴및 투자검토 | L4: 사후 관리 | M4: 회수 | N4: 투자계정구분 | O4: 피투자기업명 | P4: 피투자기업 법인유형 | Q4: 피투자기업 주요산업분야 | R4: 투자일 | S4: 투자형태 | T4: 투자금액 | U4: 회수여부 | V4: 투자 수익율 | W4: 최종회수일 | X4: 회수총액 | Y4: 투자원금 | Z4: 회수방법 | AA4: 투자기간 | AB4: 시장성유무 | AC4: 투자원금 | AD4: 가치 | AE4: 가치산출근거 | AH4: 사명 | AJ4: 연락처 | AN4: 펀드명 | AO4: 법적유형
E11: 박00 | F11: =IF(ISBLANK($E11), "", VLOOKUP($E11,참여인력_개요,2,FALSE)) -> 28773 | G11: 마인베스트먼트㈜ | H11: 39630 | I11: 40179 | J11: 투자실무 | K11: YES | L11: NO | M11: NO | N11: 펀드계정 | O11: A기업 | P11: 국내설립법인 또는 해외현지법인 | Q11: 전자/반도체 | R11: 39007 | S11: CB | T11: 500 | U11: 회수료 | V11: 0.12 | W11: 40725 | X11: 400 | Y11: 500 | Z11: 코스닥 | AA11: =IF(ISBLANK(W11),"",DATEDIF(R11,W11,"d")/365) -> 4.7068493 | AB11: YES | AF11: 해당사항 없음 | AH11: 가인베스트먼트㈜ | AJ11: 0000-0000 | AK11: 36892 | AL11: =(R11-AK11)/365 -> 5.7945205 | AN11: 펀드1호 | AQ11: =ROUND(T11,)=ROUND(Y11,)+ROUND(AC11,) -> TRUE
E12: 최00 | F12: =IF(ISBLANK($E12), "", VLOOKUP($E12,참여인력_개요,2,FALSE)) -> 27677 | G12: 바인베스트먼트㈜ | H12: 38169 | I12: 40178 | J12: 투자실무 | K12: NO | L12: NO | M12: YES | N12: 펀드계정 | O12: C기업 | P12: 외국법인 | Q12: 통신/IT서비스 | R12: 37804 | S12: NPL(SPC출자 등 포함) | T12: 700 | U12: 회수료 | V12: 0.08 | W12: 39927 | X12: 300 | Y12: 700 | Z12: 상환 | AA12: =IF(ISBLANK(W12),"",DATEDIF(R12,W12,"d")/365) -> 5.8164384 | AB12: YES | AD12: 300 | AE12: 000주*@000원=000백만원(10.02.23종가기준) | AF12: 해당사항 없음 | AH12: 다인베스트먼트㈜ | AJ12: 0000-0000 | AK12: 37257 | AL12: =(R12-AK12)/365 -> 1.4986301 | AN12: 펀드2호 | AQ12: =ROUND(T12,)=ROUND(Y12,)+ROUND(AC12,) -> TRUE
F13: =IF(ISBLANK($E13), "", VLOOKUP($E13,참여인력_개요,2,FALSE)) | AA13: =IF(ISBLANK(W13),"",DATEDIF(R13,W13,"d")/365) | AL13: =(R13-AK13)/365 -> 0 | AN13: 펀드3호
F14: =IF(ISBLANK($E14), "", VLOOKUP($E14,참여인력_개요,2,FALSE)) | AA14: =IF(ISBLANK(W14),"",DATEDIF(R14,W14,"d")/365) | AL14: =(R14-AK14)/365 -> 0 | AN14: 펀드3호
F15: =IF(ISBLANK($E15), "", VLOOKUP($E15,참여인력_개요,2,FALSE)) | AA15: =IF(ISBLANK(W15),"",DATEDIF(R15,W15,"d")/365) | AL15: =(R15-AK15)/365 -> 0
F16: =IF(ISBLANK($E16), "", VLOOKUP($E16,참여인력_개요,2,FALSE)) | AA16: =IF(ISBLANK(W16),"",DATEDIF(R16,W16,"d")/365) | AL16: =(R16-AK16)/365 -> 0
F17: =IF(ISBLANK($E17), "", VLOOKUP($E17,참여인력_개요,2,FALSE)) | AA17: =IF(ISBLANK(W17),"",DATEDIF(R17,W17,"d")/365) | AL17: =(R17-AK17)/365 -> 0
F18: =IF(ISBLANK($E18), "", VLOOKUP($E18,참여인력_개요,2,FALSE)) | AA18: =IF(ISBLANK(W18),"",DATEDIF(R18,W18,"d")/365) | AL18: =(R18-AK18)/365 -> 0
F19: =IF(ISBLANK($E19), "", VLOOKUP($E19,참여인력_개요,2,FALSE)) | AA19: =IF(ISBLANK(W19),"",DATEDIF(R19,W19,"d")/365) | AL19: =(R19-AK19)/365 -> 0
F20: =IF(ISBLANK($E20), "", VLOOKUP($E20,참여인력_개요,2,FALSE)) | AA20: =IF(ISBLANK(W20),"",DATEDIF(R20,W20,"d")/365) | AL20: =(R20-AK20)/365 -> 0
F21: =IF(ISBLANK($E21), "", VLOOKUP($E21,참여인력_개요,2,FALSE)) | AA21: =IF(ISBLANK(W21),"",DATEDIF(R21,W21,"d")/365) | AL21: =(R21-AK21)/365 -> 0
F22: =IF(ISBLANK($E22), "", VLOOKUP($E22,참여인력_개요,2,FALSE)) | AA22: =IF(ISBLANK(W22),"",DATEDIF(R22,W22,"d")/365) | AL22: =(R22-AK22)/365 -> 0
F23: =IF(ISBLANK($E23), "", VLOOKUP($E23,참여인력_개요,2,FALSE)) | AA23: =IF(ISBLANK(W23),"",DATEDIF(R23,W23,"d")/365) | AL23: =(R23-AK23)/365 -> 0
F24: =IF(ISBLANK($E24), "", VLOOKUP($E24,참여인력_개요,2,FALSE)) | AA24: =IF(ISBLANK(W24),"",DATEDIF(R24,W24,"d")/365) | AL24: =(R24-AK24)/365 -> 0
F25: =IF(ISBLANK($E25), "", VLOOKUP($E25,참여인력_개요,2,FALSE)) | AA25: =IF(ISBLANK(W25),"",DATEDIF(R25,W25,"d")/365) | AL25: =(R25-AK25)/365 -> 0
F26: =IF(ISBLANK($E26), "", VLOOKUP($E26,참여인력_개요,2,FALSE)) | AA26: =IF(ISBLANK(W26),"",DATEDIF(R26,W26,"d")/365) | AL26: =(R26-AK26)/365 -> 0
... F500: =IF(ISBLANK($E500), "", VLOOKUP($E500,참여인력_개요,2,FALSE)) | AA500: =IF(ISBLANK(W500),"",DATEDIF(R500,W500,"d")/365) | AL500: =(R500-AK500)/365 -> 0

Sheet 3.3.참여인력 학력
A1: RFPID | B1: GPID | C1: FundMgrID | D1: LineNum | E1: FundMgrName | F1: BirthYMDS | G1: GraduationYMD | H1: SchoolName | I1: SchoolMajor | J1: SchoolDegree | K1: SchoolCountry
E3: 참여인력 | G3: 학력사항
A4: 모집단위ID | B4: 운용사ID | C4: 운용인력ID | D4: 순번 | E4: 성명 | F4: 생년월일 | G4: 졸업일/수료일 | H4: 졸업/수료 학교명 | I4: 학과(전공)명 | J4: 학위명 | K4: 취득국명
E11: 이00 | F11: =IF(ISBLANK($E11),"",VLOOKUP($E11,참여인력_개요,2,FALSE)) -> 25569 | G11: 36892 | H11: 00대학교 | I11: 경영학 | J11: 학사 | K11: 대한민국
E12: 이00 | F12: =IF(ISBLANK($E12),"",VLOOKUP($E12,참여인력_개요,2,FALSE)) -> 25569 | G12: 35065 | H12: 00고등학교 | K12: 대한민국
F13: =IF(ISBLANK($E13),"",VLOOKUP($E13,참여인력_개요,2,FALSE))
F14: =IF(ISBLANK($E14),"",VLOOKUP($E14,참여인력_개요,2,FALSE))
F15: =IF(ISBLANK($E15),"",VLOOKUP($E15,참여인력_개요,2,FALSE))
F16: =IF(ISBLANK($E16),"",VLOOKUP($E16,참여인력_개요,2,FALSE))
F17: =IF(ISBLANK($E17),"",VLOOKUP($E17,참여인력_개요,2,FALSE))
F18: =IF(ISBLANK($E18),"",VLOOKUP($E18,참여인력_개요,2,FALSE))
F19: =IF(ISBLANK($E19),"",VLOOKUP($E19,참여인력_개요,2,FALSE))
F20: =IF(ISBLANK($E20),"",VLOOKUP($E20,참여인력_개요,2,FALSE))
F21: =IF(ISBLANK($E21),"",VLOOKUP($E21,참여인력_개요,2,FALSE))
F22: =IF(ISBLANK($E22),"",VLOOKUP($E22,참여인력_개요,2,FALSE))
F23: =IF(ISBLANK($E23),"",VLOOKUP($E23,참여인력_개요,2,FALSE))
F24: =IF(ISBLANK($E24),"",VLOOKUP($E24,참여인력_개요,2,FALSE))
... F500: =IF(ISBLANK($E500),"",VLOOKUP($E500,참여인력_개요,2,FALSE))

Sheet 3.4.1.핵심운용인력 경력
A1: RFPID | B1: GPID | C1: FundMgrID | D1: LineNum | E1: FundMgrName | F1: BirthYMDS | H1: CompanyName | I1: BuName | J1: JobTitleName | K1: JobDesc | L1: WorkBegYMD | M1: WorkEndYMD | N1: WorkYears | O1: IsInvestCareer
E3: 핵심운용인력 | G3: 재직회사 및 담당업무 | L3: 담당기간 | O3: 투자관련 경력구분
A4: 모집단위ID | B4: 운용사ID | C4: 운용인력ID | D4: 순번 | E4: 성명 | F4: 생년월일 | G4: 재직회사 법인유형 | H4: 회사명 | I4: 부서명 | J4: 직위 | K4: 담당업무 | L4: 시작일 | M4: 종료일 | N4: 기간(년수)
E11: 이00 | F11: =IF(ISBLANK($E11),"",VLOOKUP($E11,참여인력_개요,2,FALSE)) -> 25569 | G11: 국내설립법인 | H11: 가인베스트먼트㈜ | I11: 투자1본부 | J11: 팀장 | K11: 총괄 | L11: 39448 | M11: 40543 | N11: =DATEDIF(L11,M11,"d")/365 -> 3 | O11: C
E12: 이00 | F12: =IF(ISBLANK($E12),"",VLOOKUP($E12,참여인력_개요,2,FALSE)) -> 25569 | G12: 국내설립법인 | H12: 나인베스트먼트㈜ | I12: 투자1본부 | J12: 팀장 | K12: 지원총괄 | L12: 38353 | M12: 39447 | N12: =DATEDIF(L12,M12,"d")/365 -> 2.9972603 | O12: B
E13: 이00 | F13: =IF(ISBLANK($E13),"",VLOOKUP($E13,참여인력_개요,2,FALSE)) -> 25569 | G13: 해외현지법인 | H13: 다인베스트먼트㈜ | I13: 투자1본부 | J13: 팀장 | K13: 지원총괄 | L13: 37622 | M13: 38352 | N13: =DATEDIF(L13,M13,"d")/365 -> 2 | O13: B
E14: 조00 | F14: =IF(ISBLANK($E14),"",VLOOKUP($E14,참여인력_개요,2,FALSE)) -> 30289 | G14: 국내설립법인 | H14: 라인베스트먼트㈜ | I14: 투자1본부 | J14: 팀장 | K14: 지원총괄 | L14: 37987 | M14: 40178 | N14: =DATEDIF(L14,M14,"d")/365 -> 6.0027397 | O14: A
F15: =IF(ISBLANK($E15),"",VLOOKUP($E15,참여인력_개요,2,FALSE)) | N15: =DATEDIF(L15,M15,"d")/365 -> 0
F16: =IF(ISBLANK($E16),"",VLOOKUP($E16,참여인력_개요,2,FALSE)) | N16: =DATEDIF(L16,M16,"d")/365 -> 0
F17: =IF(ISBLANK($E17),"",VLOOKUP($E17,참여인력_개요,2,FALSE)) | N17: =DATEDIF(L17,M17,"d")/365 -> 0
F18: =IF(ISBLANK($E18),"",VLOOKUP($E18,참여인력_개요,2,FALSE)) | N18: =DATEDIF(L18,M18,"d")/365 -> 0
F19: =IF(ISBLANK($E19),"",VLOOKUP($E19,참여인력_개요,2,FALSE)) | N19: =DATEDIF(L19,M19,"d")/365 -> 0
F20: =IF(ISBLANK($E20),"",VLOOKUP($E20,참여인력_개요,2,FALSE)) | N20: =DATEDIF(L20,M20,"d")/365 -> 0
F21: =IF(ISBLANK($E21),"",VLOOKUP($E21,참여인력_개요,2,FALSE)) | N21: =DATEDIF(L21,M21,"d")/365 -> 0
F22: =IF(ISBLANK($E22),"",VLOOKUP($E22,참여인력_개요,2,FALSE)) | N22: =DATEDIF(L22,M22,"d")/365 -> 0
F23: =IF(ISBLANK($E23),"",VLOOKUP($E23,참여인력_개요,2,FALSE)) | N23: =DATEDIF(L23,M23,"d")/365 -> 0
F24: =IF(ISBLANK($E24),"",VLOOKUP($E24,참여인력_개요,2,FALSE)) | N24: =DATEDIF(L24,M24,"d")/365 -> 0
F25: =IF(ISBLANK($E25),"",VLOOKUP($E25,참여인력_개요,2,FALSE)) | N25: =DATEDIF(L25,M25,"d")/365 -> 0
F26: =IF(ISBLANK($E26),"",VLOOKUP($E26,참여인력_개요,2,FALSE)) | N26: =DATEDIF(L26,M26,"d")/365 -> 0
... F500: =IF(ISBLANK($E500),"",VLOOKUP($E500,참여인력_개요,2,FALSE)) | N500: =DATEDIF(L500,M500,"d")/365 -> 0

Sheet 3.4.2.일반운용인력 경력
A1: RFPID | B1: GPID | C1: FundMgrID | D1: LineNum | E1: FundMgrName | F1: BirthYMDS | H1: CompanyName | I1: BuName | J1: JobTitleName | K1: JobDesc | L1: WorkBegYMD | M1: WorkEndYMD | N1: WorkYears | O1: IsInvestCareer
E3: 일반운용인력 | G3: 재직회사 및 담당업무 | L3: 담당기간 | O3: 투자관련 경력구분
A4: 모집단위ID | B4: 운용사ID | C4: 운용인력ID | D4: 순번 | E4: 성명 | F4: 생년월일 | G4: 재직회사 법인유형 | H4: 회사명 | I4: 부서명 | J4: 직위 | K4: 담당업무 | L4: 시작일 | M4: 종료일 | N4: 기간(년수)
E11: 박00 | F11: =IF(ISBLANK($E11),"",VLOOKUP($E11,참여인력_개요,2,FALSE)) -> 28773 | G11: 국내설립법인 | H11: 가인베스트먼트㈜ | I11: 투자1본부 | J11: 팀장 | K11: 총괄 | L11: 39448 | M11: 40543 | N11: =DATEDIF(L11,M11,"d")/365 -> 3 | O11: A
E12: 최00 | F12: =IF(ISBLANK($E12),"",VLOOKUP($E12,참여인력_개요,2,FALSE)) -> 27677 | G12: 국내설립법인 | H12: 나인베스트먼트㈜ | I12: 투자1본부 | J12: 팀장 | K12: 지원총괄 | L12: 38353 | M12: 39447 | N12: =DATEDIF(L12,M12,"d")/365 -> 2.9972603 | O12: B
F13: =IF(ISBLANK($E13),"",VLOOKUP($E13,참여인력_개요,2,FALSE)) | N13: =DATEDIF(L13,M13,"d")/365 -> 0
F14: =IF(ISBLANK($E14),"",VLOOKUP($E14,참여인력_개요,2,FALSE)) | N14: =DATEDIF(L14,M14,"d")/365 -> 0
F15: =IF(ISBLANK($E15),"",VLOOKUP($E15,참여인력_개요,2,FALSE)) | N15: =DATEDIF(L15,M15,"d")/365 -> 0
F16: =IF(ISBLANK($E16),"",VLOOKUP($E16,참여인력_개요,2,FALSE)) | N16: =DATEDIF(L16,M16,"d")/365 -> 0
F17: =IF(ISBLANK($E17),"",VLOOKUP($E17,참여인력_개요,2,FALSE)) | N17: =DATEDIF(L17,M17,"d")/365 -> 0
F18: =IF(ISBLANK($E18),"",VLOOKUP($E18,참여인력_개요,2,FALSE)) | N18: =DATEDIF(L18,M18,"d")/365 -> 0
F19: =IF(ISBLANK($E19),"",VLOOKUP($E19,참여인력_개요,2,FALSE)) | N19: =DATEDIF(L19,M19,"d")/365 -> 0
F20: =IF(ISBLANK($E20),"",VLOOKUP($E20,참여인력_개요,2,FALSE)) | N20: =DATEDIF(L20,M20,"d")/365 -> 0
F21: =IF(ISBLANK($E21),"",VLOOKUP($E21,참여인력_개요,2,FALSE)) | N21: =DATEDIF(L21,M21,"d")/365 -> 0
F22: =IF(ISBLANK($E22),"",VLOOKUP($E22,참여인력_개요,2,FALSE)) | N22: =DATEDIF(L22,M22,"d")/365 -> 0
F23: =IF(ISBLANK($E23),"",VLOOKUP($E23,참여인력_개요,2,FALSE)) | N23: =DATEDIF(L23,M23,"d")/365 -> 0
F24: =IF(ISBLANK($E24),"",VLOOKUP($E24,참여인력_개요,2,FALSE)) | N24: =DATEDIF(L24,M24,"d")/365 -> 0
... F500: =IF(ISBLANK($E500),"",VLOOKUP($E500,참여인력_개요,2,FALSE)) | N500: =DATEDIF(L500,M500,"d")/365 -> 0

Sheet 4.1.펀드 거래
A1: 펀드명 | B1: 거래구분 | C1: 거래금액 (단위 : 원) | D1: 거래일
A2: 펀드1호 | B2: 납입 | C2: -10000000000 | D2: 38353
A3: 펀드1호 | B3: 현금분배 | C3: 2700000000 | D3: 38718
A4: 펀드1호 | B4: 현금분배 | C4: 14000000000 | D4: 39083
A5: 펀드2호 | B5: 납입 | C5: -3000000000 | D5: 38078
A6: 펀드2호 | B6: 현금분배 | C6: 300000000 | D6: 38384
A7: 펀드2호 | B7: 현금분배 | C7: 350000000 | D7: 38477
A8: 펀드2호 | B8: 현금분배 | C8: 400000000 | D8: 38718
A9: 펀드2호 | B9: 현금분배 | C9: 150000000 | D9: 38869
A10: 펀드2호 | B10: 현금분배 | C10: 130000000 | D10: 39083
A11: 펀드2호 | B11: 현금분배 | C11: 60000000 | D11: 39234
A12: 펀드2호 | B12: 현금분배 | C12: 1800000000 | D12: 39448
A13: 펀드2호 | B13: 현금분배 | C13: 400000000 | D13: 39600
... A17: 펀드3호 | B17: 현금분배 | C17: 6000000000 | D17: 41698

Sheet 4.2.펀드 인력변경이력
A1: 펀드명 | B1: 기재대상핵심인력 변경구분 | C1: 이름 | D1: 변경일자 | E1: 비고 | F1: 설립 | G1: 유출
A2: 펀드1호 | B2: 설립 | C2: 홍길동 | D2: 40909 | E2: 설립시(대표펀드매니저) | F2: =IF(B2="설립",1,0) -> 1 | G2: =IF(B2="유출",1,0) -> 0
A3: 펀드1호 | B3: 설립 | C3: 김영희 | D3: 40969 | E3: 설립시(핵심운용인력) | F3: =IF(B3="설립",1,0) -> 1 | G3: =IF(B3="유출",1,0) -> 0
A4: 펀드1호 | B4: 설립 | C4: 김영철 | D4: 40969 | E4: 설립시(핵심운용인력) | F4: =IF(B4="설립",1,0) -> 1 | G4: =IF(B4="유출",1,0) -> 0
A5: 펀드1호 | B5: 유출 | C5: 홍길동 | D5: 41334 | E5: 퇴사 | F5: =IF(B5="설립",1,0) -> 0 | G5: =IF(B5="유출",1,0) -> 1
A6: 펀드1호 | B6: 유입 | C6: 로미오 | D6: 41334 | E6: 홍길동 대체(대표펀드매니저) 선임 | F6: =IF(B6="설립",1,0) -> 0 | G6: =IF(B6="유출",1,0) -> 0
A7: 펀드1호 | B7: 유입 | C7: 줄리엣 | D7: 42064 | E7: 신규선임(핵심운용인력) | F7: =IF(B7="설립",1,0) -> 0 | G7: =IF(B7="유출",1,0) -> 0
A8: 펀드2호 | B8: 설립 | C8: 홍길동 | D8: 40969 | E8: 설립시(대표펀드매니저) | F8: =IF(B8="설립",1,0) -> 1 | G8: =IF(B8="유출",1,0) -> 0
A9: 펀드2호 | B9: 설립 | C9: 김영희 | D9: 40969 | E9: 설립시(핵심운용인력) | F9: =IF(B9="설립",1,0) -> 1 | G9: =IF(B9="유출",1,0) -> 0
A10: 펀드2호 | B10: 설립 | C10: 김영철 | D10: 40969 | E10: 설립시(핵심운용인력) | F10: =IF(B10="설립",1,0) -> 1 | G10: =IF(B10="유출",1,0) -> 0
A11: 펀드2호 | B11: 유출 | C11: 홍길동 | D11: 41334 | E11: 퇴사 | F11: =IF(B11="설립",1,0) -> 0 | G11: =IF(B11="유출",1,0) -> 1
A12: 펀드2호 | B12: 유입 | C12: 로미오 | D12: 41334 | E12: 홍길동 대체(대표펀드매니저) 선임 | F12: =IF(B12="설립",1,0) -> 0 | G12: =IF(B12="유출",1,0) -> 0
A13: 펀드2호 | B13: 유입 | C13: 줄리엣 | D13: 42064 | E13: 신규선임(핵심운용인력) | F13: =IF(B13="설립",1,0) -> 0 | G13: =IF(B13="유출",1,0) -> 0
... A19: 펀드3호 | B19: 유입 | C19: 줄리엣 | D19: 42064 | E19: 신규선임(핵심운용인력) | F19: =IF(B19="설립",1,0) -> 0 | G19: =IF(B19="유출",1,0) -> 0
F20: =IF(B20="설립",1,0) -> 0 | G20: =IF(B20="유출",1,0) -> 0
F21: =IF(B21="설립",1,0) -> 0 | G21: =IF(B21="유출",1,0) -> 0
F22: =IF(B22="설립",1,0) -> 0 | G22: =IF(B22="유출",1,0) -> 0
F23: =IF(B23="설립",1,0) -> 0 | G23: =IF(B23="유출",1,0) -> 0
F24: =IF(B24="설립",1,0) -> 0 | G24: =IF(B24="유출",1,0) -> 0
F25: =IF(B25="설립",1,0) -> 0 | G25: =IF(B25="유출",1,0) -> 0
F26: =IF(B26="설립",1,0) -> 0 | G26: =IF(B26="유출",1,0) -> 0
F27: =IF(B27="설립",1,0) -> 0 | G27: =IF(B27="유출",1,0) -> 0
F28: =IF(B28="설립",1,0) -> 0 | G28: =IF(B28="유출",1,0) -> 0
F29: =IF(B29="설립",1,0) -> 0 | G29: =IF(B29="유출",1,0) -> 0
F30: =IF(B30="설립",1,0) -> 0 | G30: =IF(B30="유출",1,0) -> 0
F31: =IF(B31="설립",1,0) -> 0 | G31: =IF(B31="유출",1,0) -> 0
... F165: =IF(B165="설립",1,0) -> 0 | G165: =IF(B165="유출",1,0) -> 0
